Workbook

Sheet STS_Non-ABCP
A1: Field code | B1: FSD reference | C1: RTS field code | D1: Mandatory/Conditional/Optional | E1: Field name | F1: Box to complete | G1: Field format | H1: Field description | I1: Technical guidance | J1: RTS field name | K1: RTS Content to be reported | L1: Background informatioin: Article of regulation (EU) 2017/2402 | M1: Background information: applicable explanation type for this field | N1: Background information: Article of Regulation (EU) 2019/980 | O1: CHECK | P1: MAX_LENGHT | Q1: Type | R1: LENGTH | S1: N/A | T1: IS BLANK | U1: ISERROR | V1: CHECK_RESULT | W1: ACCEPTED_CHARACTERS | X1: Multiple STS notifications | Y1: STSS32-STSAT29 | Z1: Securitisation type | AA1: Derivatives | AB1: STSS10 & STSAT10 | AC1: Competent authority supervising compliance of third parties with Art. 28 of SECR | AD1: Applicable/Not Applicable | AE1: Confirmed or Unconfirmed | AF1: Yes or No | AG1: Countrycodes | AH1: Securitisation Repository name | AI1: Type of Transfer | AJ1: STSS61
A2: NPU0 | B2: N0 | C2: STSS3 | D2: C | E2: STS notification identifier | F2: 5299002W4PL3XPN90376N201601 | G2: {NOTIFICATION ID} | H2: The unique identifier as assigned by ESMA to the previously notified STS notification. | I2: STS notification identifier for STS notifications reported before the release of the new ESMA Register of STS notifications. This field should be the same as the entry in STSS4 - Securitisation unique identifier. In the exceptional case of STS notifications on securitisations for which multiple STS notifications were submitted by different reporting entities on the same securitisation identifier - STSS4 - Securitisation unique identifier (as it may be the case for master trust securitisations or ABCP transactions with multiple sponsors), this field should contain the unique identifier of the STS notification as assigned by ESMA (STSS4 - Securitisation unique identifier suffixed by a 2-digits classification code). This field should be left blank otherwise. | J2: Notification identifier | K2: Where reporting an update, the unique reference number assigned by ESMA to the previously notified STS notification. | L2: N/A | M2: General Information | O2: =IF(LEFT(U2,6)="FORMAT","FMT",IF(AND(E2="Designated Entity LEI",ISBLANK(F2)=FALSE,ISNUMBER(SEARCH(F2,F$8))=FALSE,ISNUMBER(SEARCH(F2,F$11))=FALSE),"DE",IF(AND(C2="STSS1",OR(AND(E2="Instrument ISIN",ISBLANK(F2)=TRUE,ISBLANK(F3)=TRUE,ISBLANK(F4)=TRUE),AND(E2="Instrument code",ISBLANK(F2)=TRUE,ISBLANK(F1)=TRUE,ISBLANK(F$5)=TRUE),AND(E2="Instrument code type",ISBLANK(F2)=TRUE,ISBLANK(F3)=TRUE,ISBLANK(F1)=TRUE),AND(E2="Instrument code",ISBLANK(F2)=TRUE,ISBLANK(F1)=FALSE),AND(E2="Instrument code type",ISBLANK(F2)=FALSE,ISBLANK(F3)=TRUE))),"S1",IF(AND(C2="STSS8",OR(AND(OR(E2="Sponsor country",E2="Originator country",E2="SSPE country",E2="Original Lender country"),ISBLANK(F3)=FALSE,ISBLANK(F2)=FALSE),AND(RIGHT(E2,23)="(if multiple countries)",ISBLANK(F1)=FALSE,ISBLANK(F2)=FALSE),AND(OR(E2="Sponsor country",E2="Originator country",E2="Original Lender country"),ISBLANK(F3)=TRUE,ISBLANK(F2)=TRUE,ISBLANK(F1)=FALSE))),"S8",IF(AND(C2="STSS5",OR(AND(E2="Exemption on Prospectus",ISBLANK(F2)=TRUE,ISBLANK(F1)=TRUE,ISBLANK(F$23)=TRUE,F$3="Public"),AND(E2="Prospectus Country",ISBLANK(F2)=TRUE,ISBLANK(F3)=TRUE,ISBLANK(F4)=TRUE,F$3="Public"),AND(E2="Prospectus identifier ",ISBLANK(F2)=TRUE,ISBLANK(F3)=TRUE,ISBLANK(F1)=TRUE,F$3="Public"),AND(E2="Exemption on Prospectus",ISBLANK(F2)=FALSE,ISBLANK(F1)=FALSE,ISBLANK(F$23)=FALSE),AND(E2="Prospectus Country",ISBLANK(F2)=FALSE,ISBLANK(F3)=FALSE,ISBLANK(F4)=FALSE),AND(E2="Prospectus identifier ",ISBLANK(F2)=FALSE,ISBLANK(F1)=FALSE,ISBLANK(F1)=FALSE),AND(E2="Prospectus Country",ISBLANK(F2)=FALSE,ISBLANK(F3)=TRUE),AND(E2="Prospectus identifier",ISBLANK(F2)=FALSE,ISBLANK(F1)=TRUE),AND(E2="Prospectus Country",ISBLANK(F2)=TRUE,ISBLANK(F3)=FALSE),AND(E2="Prospectus identifier",ISBLANK(F2)=TRUE,ISBLANK(F1)=FALSE),AND(E2="Prospectus identifier",ISBLANK(F2)=FALSE,ISBLANK(F3)=FALSE,F$3="Public"),AND(E2="Prospectus Country",ISBLANK(F2)=FALSE,ISBLANK(F4)=FALSE,F$3="Public"))),"S5",IF(AND(C2="STSS6",E2="Securitisation Repository name",ISBLANK(F2)=TRUE,F$3="Public"),"S6",IF(AND(C2="STSS12",OR(AND(S2<>"",S2>TODAY()+1))),"S12",IF(AND(C2="STSS13",OR(AND(F$32="N",E$32="Authorised Third party flag",E2<>"Authorised Third party flag",ISBLANK(F2)=FALSE),AND(F$32="Y",E$32="Authorised Third party flag",E2<>"Authorised Third party flag",ISBLANK(F2)=TRUE))),"S13",IF(AND(C2="STSS14",OR(AND(E$32="Authorised Third party flag",E2<>"Authorised Third party flag",F$32="N",ISBLANK(F2)=FALSE),AND(E$32="Authorised Third party flag",E2<>"Authorised Third party flag",F$32="Y",ISBLANK(F2)=TRUE),AND(E$32="Authorised Third party flag",E2<>"Authorised Third party flag",F$32="N",ISBLANK(F2)=FALSE),AND(E$32="Authorised Third party flag",E2<>"Authorised Third party flag",F$32="Y",ISBLANK(F2)=TRUE))),"S14",IF(AND(C2="STSS15",OR(AND(E$32="Authorised Third party flag",F$32="N",E2<>"Authorised Third party flag",ISBLANK(F2)=FALSE),AND(E2<>"Authorised Third party flag",E$32="Authorised Third party flag",F$32="Y",ISBLANK(F2)=TRUE),AND(RIGHT(E2,11)="t Authority",E$32="Authorised Third party flag",F$32="N",ISBLANK(F2)=FALSE))),"S15",IF(AND(C2="STSS4",OR(AND(E2="Multiple STS notifications reason",ISBLANK(F2)=TRUE,F1="Y"),AND(E2="Multiple STS notifications comment",ISBLANK(F2)=TRUE,F$20="Y"),AND(E2="Multiple STS notifications reason",ISBLANK(F2)=FALSE,F1="N"),AND(E2="Multiple STS notifications comment",ISBLANK(F2)=FALSE,F$20="N"))),"Trust",IF(OR(AND(RIGHT(G2,7)="ed/N/A}",F2<>"Confirmed",F2<>"Unconfirmed",F2<>"N/A"),AND(G2="{Confirmed/Unconfirmed}",F2<>"Confirmed",F2<>"Unconfirmed")),"lst",IF(AND(RIGHT(G1,7)="ed/N/A}",C2<>"STSS61",C2<>"STSS23",F1<>"N/A",ISBLANK(F2)=TRUE,D2="C"),"CND",IF(AND(F2="Unconfirmed",C2<>"STSS32"),"UCF",IF(AND(C2="STSS21",E2="Subject to severe clawback",F2="Y"),"S21",IF(AND(C2="STSS23",OR(AND(E1="The seller is not the original lender flag",F2="N/A",F1="Y"),AND(E1="The seller is not the original lender flag",F2<>"N/A",F1="N"),AND(E$48="The seller is not the original lender flag",ISBLANK(F2)=TRUE,F$48="Y"))),"S23",IF(AND(C2="STSS32",OR(AND(E2="Payment exemption",F$77="Unconfirmed",OR(F2="N/A",F2="No exemption",ISBLANK(F2)=TRUE)),AND(E2="Payment exemption",ISBLANK(F2)=FALSE,F$77="Confirmed"))),"S32",IF(AND(C2="STSS18",OR(AND(E2="Credit granting criteria compliance confirmation",F2<>"N/A",F1="N"),AND(E2="Credit granting criteria compliance confirmation",OR(ISBLANK(F2)=TRUE,F2="N/A"),F1="Y"))),"S18",IF(AND(C2="STSS19",OR(AND(F2<>"N/A",F$37="N",E2="Credit granting criteria supervision confirmation"),AND(OR(ISBLANK(F2)=TRUE,F2="N/A"),F$37="Y",E2="Credit granting criteria supervision confirmation"))),"S19",IF(AND(C2="STSS29",OR(AND(E2="Residential Loan requirement confirmation",F2<>"N/A",F$29<>"residential mortgages"),AND(E2="Residential Loan requirement confirmation",F2="N/A",F$29="residential mortgages"))),"S29",IF(AND(C2="STSS34",OR(AND(D2="C",E2="Other options used comment",F1="Y",ISBLANK(F2)=TRUE),AND(E2="Other options used comment",F1="N",D2="C",ISBLANK(F2)=FALSE),AND(E2="No compliance with risk retention requirements",F2="Y"),AND(E2="Vertical slice",F2="N",F3="N",F4="N",F5="N",F6="N",F7="N",F8="N"),AND(E2="Seller's share",F2="N",F3="N",F4="N",F5="N",F6="N",F7="N",F$87="N"),AND(E2="Randomly-selected exposures kept on balance sheet",F2="N",F3="N",F4="N",F5="N",F6="N",F$87="N",F$88="N"),AND(E2="First loss tranche",F2="N",F3="N",F4="N",F5="N",F$87="N",F$88="N",F$89="N"),AND(E2="First loss exposure in each asset indicator",F2="N",F3="N",F4="N",F$87="N",F$88="N",F$89="N",F$90="N"),AND(E2="No compliance with risk retention requirements",F2="N",F3="N",F$87="N",F$88="N",F$89="N",F$90="N",F$91="N"),AND(E2="Other option indicator",F2="N",F$87="N",F$88="N",F$89="N",F$90="N",F$91="N",F$92="N"),AND(E2="Retaining entity LEI",ISBLANK(F2)=TRUE,ISBLANK(F3)=TRUE),AND(E2="Retaining entity name",ISBLANK(F2)=TRUE,ISBLANK(F1)=TRUE))),"S34",IF(AND(C2="STSS37",OR(AND(F2="N/A",E2="Common standards underwriting derivatives confirmation",F$97<>"No derivatives"),AND(F2<>"N/A",E2="Common standards underwriting derivatives confirmation",F$97="No derivatives"))),"S37",IF(AND(C2="STSS44",F2="N/A",E2="Credit quality deterioration trigger confirmation",F$113="Confirmed"),"S44",IF(OR(AND(C2="STSS46",F2<>"N/A",E2="Credit quality deterioration trigger confirmation",F$119="N/A"),AND(C2="STSS46",F2="N/A",E2="Credit quality deterioration trigger confirmation",F$119<>"N/A")),"S46",IF(OR(AND(C2="STSS47",F2<>"N/A",E2="Insolvency-related event confirmation",F$119="N/A"),AND(C2="STS47",F2="N/A",E2="Insolvency-related event confirmation",F$119<>"N/A")),"S47",IF(OR(AND(C2="STSS48",F2<>"N/A",E2="Pre-determined threshold value confirmation",F$119="N/A"),AND(C2="STSS48",F2="N/A",E2="Pre-determined threshold value confirmation",F$119<>"N/A")),"S48",IF(OR(AND(C2="STSS49",F2<>"N/A",E2="New underlying exposures failure generation confirmation",F$119="N/A"),AND(C2="STSS49",F2="N/A",E2="New underlying exposures failure generation confirmation",F$119<>"N/A")),"S49",IF(AND(C2="STSS61",OR(AND(OR(F$29="residential mortgages",F$29="auto loans/leases"),F2="Not available",E2="Environmental performance availability"),AND(OR(F$29="residential mortgages",F$29="auto loans/leases"),F2="N/A",E2="Environmental performance availability"),AND(F$29<>"residential mortgages",F$29<>"auto loans/leases",F2<>"N/A",E2="Environmental performance availability"),AND(E2="Environmental performance explanation",F1="Available",ISBLANK(F2)=TRUE))),"S61",1)))))))))))))))))))))))))))) -> 1 | P2: 35 | Q2: =IF(AND(E2="Last notification date",MONTH(TODAY())>9,DAY(TODAY())>9),YEAR(TODAY())&"-"&MONTH(TODAY())&"-"&DAY(TODAY()),IF(AND(E2="Last notification date",MONTH(TODAY())<9,DAY(TODAY())<10),YEAR(TODAY())&"-0"&MONTH(TODAY())&"-0"&DAY(TODAY()),IF(AND(E2="Last notification date",MONTH(TODAY())>9,DAY(TODAY())<10),YEAR(TODAY())&"-"&MONTH(TODAY())&"-0"&DAY(TODAY()),IF(AND(E2="Last notification date",MONTH(TODAY())<10,DAY(TODAY())>9),YEAR(TODAY())&"-0"&MONTH(TODAY())&"-"&DAY(TODAY()),IF(LEFT(G2,4)="{SEC","SEC ID",IF(LEFT(G2,4)="{DAT","DATE",IF(LEFT(G2,4)="{TEX",Val!B$21,IF(LEFT(G2,4)="{ALP",Val!B$20,IF(LEFT(G2,4)="{COU",Val!B$20,IF(OR(LEFT(G2,4)="{ISI",LEFT(G2,4)="{LEI"),Val!B$17,IF(OR(LEFT(G2,4)="{CA_",LEFT(G2,4)="{Mas",LEFT(G2,4)="{Y/N",LEFT(G2,4)="{No ",LEFT(G2,4)="{N/A",LEFT(G2,4)="{Con",LEFT(G2,4)="{LIS"),"LIST",""))))))))))) | R2: =LEN(F2) -> 27 | S2: =IF(ISERROR(DATEVALUE(F2))=TRUE,"",DATEVALUE(F2)) | T2: =IF(AND(D2="M",ISBLANK(F2)=TRUE),"EMPTY",IF(AND(D2<>"M",ISBLANK(F2)=TRUE),"BLANK","UNK")) -> UNK | U2: {=IF(AND(E2="Payment exemption explanation",ISBLANK(F2)=FALSE,F$77="Confirmed"),"FORMAT",IF(AND(E2="Historical Default and Loss Performance Data location",F$3="Public",ISBLANK(F2)=TRUE),"FORMAT",IF(AND(E1="Subject to severe clawback",F1="Y",ISBLANK(F2)=TRUE),"FORMAT",IF(AND(E1="Subject to severe clawback",F1="N",ISBLANK(F2)=FALSE),"FORMAT",IF(AND(OR(E2="Credit granting criteria supervision comment",E2="Credit granting criteria compliance comment"),ISBLANK(F2)=FALSE,OR(AND(F$34="N",E397="Originator (or original lender) is not a Credit institution"),AND(F$37="N",E$37="Originator (or original lender) is not a Credit institution"))),"FORMAT_S17",IF(AND(C2="STSS60",E2="Location of Liability cash flow model",ISBLANK(F2)=TRUE,F$3="Public"),"FORMAT_S60",IF(AND(C2="STSS58",E2="Historical Default and Loss Performance Data location",ISBLANK(F2)=TRUE,F$3="Public"),"FORMAT_S37",IF(AND(E2="Sponsor LEI",ISBLANK(F2)=TRUE,ISBLANK(F$8)=TRUE),"FORMAT_LEI",IF(AND(E2="Originator LEI",ISBLANK(F2)=TRUE,ISBLANK(F$11)=TRUE),"FORMAT_LEI",IF(OR(T2="EMPTY",P2+1<LEN(F2),AND(G1="{Confirmed/Unconfirmed/N/A}",S2="N/A",F1="N/A",F2<>"")),"FORMAT",IF(OR(AND(E2="Non-ABCP securitisation unique identifier",MID(F2,21,1)<>"N"),AND(E2="ABCP transaction unique identifier",MID(F2,21,1)<>"T"),AND(E2="ABCP programme unique identifier",MID(F2,21,1)<>"P")),"FORMAT_SEC_ID",IF(AND(E2="Underlying exposures classification",F2<>"residential mortgages",F2<>"commercial mortgages",F2<>"credit facilities provided to individuals for personal, family or household consumption purposes",F2<>"credit facilities, including loans and leases, provided to any type of enterprise or corporation",F2<>"auto loans/leases",F2<>"credit-card receivables",F2<>"trade receivables",F2<>"others"),"FORMAT_LIST",IF(AND(E2="Instrument code",LEN(F2)-LEN(SUBSTITUTE(F2,";",""))<>LEN(F1)-LEN(SUBSTITUTE(F1,";",""))),"FORMAT_;",IF(AND(E2="Sponsor country (if multiple countries)",LEN(F2)-LEN(SUBSTITUTE(F2,";",""))<>LEN(F$11)-LEN(SUBSTITUTE(F$11,";",""))),"FORMAT_;",IF(AND(E2="Sponsor country (if multiple countries)",ISBLANK(F2)=FALSE,LEN(F2)-LEN(SUBSTITUTE(F2,";",""))=0),"FORMAT_;",IF(AND(E2="Sponsor country (if multiple countries)",ISBLANK(F2)=TRUE,LEN(F$11)-LEN(SUBSTITUTE(F$11,";",""))<>0),"FORMAT_;",IF(AND(E2="Originator country (if multiple countries)",LEN(F2)-LEN(SUBSTITUTE(F2,";",""))<>0,ISBLANK(F2)=FALSE,LEN(F2)-LEN(SUBSTITUTE(F2,";",""))<>LEN(F$8)-LEN(SUBSTITUTE(F$8,";",""))),"FORMAT_;",IF(AND(E2="Originator country (if multiple countries)",ISBLANK(F2)=FALSE,LEN(F2)-LEN(SUBSTITUTE(F2,";",""))=0),"FORMAT_;",IF(AND(E2="Originator country (if multiple countries)",ISBLANK(F2)=TRUE,LEN(F$8)-LEN(SUBSTITUTE(F$8,";",""))<>0),"FORMAT_;",IF(AND(E2="Original lender country (if multiple countries)",ISBLANK(F2)=FALSE,LEN(F2)-LEN(SUBSTITUTE(F2,";",""))<>0,LEN(F2)-LEN(SUBSTITUTE(F2,";",""))<>LEN(F$14)-LEN(SUBSTITUTE(F$14,";",""))),"FORMAT_;",IF(AND(E2="Original lender country (if multiple countries)",ISBLANK(F2)=TRUE,LEN(F$14)-LEN(SUBSTITUTE(F$14,";",""))<>0),"FORMAT_;",IF(AND(E2="Original lender country (if multiple countries)",ISBLANK(F2)=FALSE,LEN(F2)-LEN(SUBSTITUTE(F2,";",""))=0),"FORMAT_;",IF(OR(AND(E2="Designated Entity LEI",LEN(F2)<>20),AND(G2="{LEI}",LEN(F2)<>0,LEN(F2)<20),AND(G2="{ISIN}",LEN(F2)<>0,LEN(F2)<12),AND(LEN(F2)<>20,E2="Retaining entity LEI",ISBLANK(F2)=FALSE),AND(E2="Instrument ISIN",ISBLANK(F2)=FALSE,LEN(F2)>0,LEN(F2)<11),AND(D2="M",LEFT(G2,4)="{DAT",LEN(F2)<>10)),"FORMAT_LEN",IF(OR(AND(F2<>"",LEFT(G2,4)<>"{TEX",ISNUMBER(SUMPRODUCT(FIND(MID(F2,ROW(INDIRECT("1:"&LEN(F2))),1),W2)))=FALSE),AND(F2<>"",LEFT(G2,4)<>"{TEX",ISERROR(SUMPRODUCT(SEARCH(MID(F2,ROW(INDIRECT("1:"&LEN(TRIM(F2)))),1)," "&W2&CHAR(10)&"""")))=TRUE)),"FORMAT_CHAR",IF(LEFT(G2,4)="{TEX","TEXT","UNK")))))))))))))))))))))))))} -> UNK | V2: {=IF(OR(LEN(F2)>P2+1),FALSE,IF(LEFT(G2,5)="{TEXT",TRUE,IF(AND(ISBLANK(F2)=FALSE,G2="{DATE_TEXT-YYYY-MM-DD}",LEN(F2)<>10),FALSE,IF(AND(ISBLANK(F2)=FALSE,ISNUMBER(SUMPRODUCT(SEARCH(MID(F2,ROW(INDIRECT("1:"&LEN(TRIM(F2)))),1)," "&W2&CHAR(10)&"""")))=FALSE),FALSE,TRUE))))} -> TRUE | W2: =IF(G2="{Applicable/N/A}","N/Aplicable",IF(E2="Designated Entity LEI","ABCDEFGHIJKLMNOPQRSTUVWXYZ0123456789",IF(OR(G2="{ISIN}",G2="{LEI}"),";ABCDEFGHIJKLMNOPQRSTUVWXYZ0123456789",IF(G2="{Master Trust/Other}","Master TuOhe",IF(E2="Securitisation type","Privateublc",IF(LEFT(G2,4)="{CA_",Val!B$21,IF(G2="{COUNTRY_EU_LIST}"," ;abcdefghijklmnopqrstuvwxyzABCDEFGHIJKLMNOPQRSTUVWXYZ0123456789",IF(OR(G2="{NOTIFICATION ID}",G2="{SECURITISATION ID}"),Val!B$15,IF(G2="{COUNTRY_EU}"," ;abcdefghijklmnopqrstuvwxyzABCDEFGHIJKLMNOPQRSTUVWXYZ",IF(G2="{Confirmed/Unconfirmed}","ConfirmedUnc",IF(G2="{Confirmed/Unconfirmed/N/A}","Confirmed/UncNA",IF(LEFT(G2,4)="{DAT","0123456789-",IF(LEFT(G2,4)="{Y/N","YN",IF(OR(LEFT(G2,4)="{N/A",LEFT(G2,4)="{LIS",LEFT(G2,4)="{No ",LEFT(G2,4)="{SEC",LEFT(G2,4)="{Mas"),Val!B$20,IF(LEFT(G2,4)="{TEX",Val!B$21,IF(LEFT(G2,4)="{ALP",Val!B$20,IF(LEFT(G2,4)="{COU",Val!B$20))))))))))))))))) -> ABCDEFGHIJKLMNOPQRSTUVWXYZ0123456789 | X2: Master Trust | Y2: No exemption | Z2: Public | AA2: Unconfirmed | AB2: residential mortgages | AD2: Applicable | AE2: Confirmed | AF2: Y | AH2: European DataWarehouse GmbH | AI2: by means of an assignment | AJ2: Available
A3: NPU1 | B3: N1 | D3: M | E3: Securitisation type | F3: Public | G3: {LIST} | H3: Securitisation type may be 'Public' or 'Private' | I3: Only possible values in Box to complete are "Public" and "Private" Field codes are highlighted in amber if the field is left blank or has errors in format. | J3: Securitisation type | L3: N/A | M3: General Information | O3: =IF(LEFT(U3,6)="FORMAT","FMT",IF(AND(E3="Designated Entity LEI",ISBLANK(F3)=FALSE,ISNUMBER(SEARCH(F3,F$8))=FALSE,ISNUMBER(SEARCH(F3,F$11))=FALSE),"DE",IF(AND(C3="STSS1",OR(AND(E3="Instrument ISIN",ISBLANK(F3)=TRUE,ISBLANK(F4)=TRUE,ISBLANK(F5)=TRUE),AND(E3="Instrument code",ISBLANK(F3)=TRUE,ISBLANK(F2)=TRUE,ISBLANK(F$5)=TRUE),AND(E3="Instrument code type",ISBLANK(F3)=TRUE,ISBLANK(F4)=TRUE,ISBLANK(F2)=TRUE),AND(E3="Instrument code",ISBLANK(F3)=TRUE,ISBLANK(F2)=FALSE),AND(E3="Instrument code type",ISBLANK(F3)=FALSE,ISBLANK(F4)=TRUE))),"S1",IF(AND(C3="STSS8",OR(AND(OR(E3="Sponsor country",E3="Originator country",E3="SSPE country",E3="Original Lender country"),ISBLANK(F4)=FALSE,ISBLANK(F3)=FALSE),AND(RIGHT(E3,23)="(if multiple countries)",ISBLANK(F2)=FALSE,ISBLANK(F3)=FALSE),AND(OR(E3="Sponsor country",E3="Originator country",E3="Original Lender country"),ISBLANK(F4)=TRUE,ISBLANK(F3)=TRUE,ISBLANK(F2)=FALSE))),"S8",IF(AND(C3="STSS5",OR(AND(E3="Exemption on Prospectus",ISBLANK(F3)=TRUE,ISBLANK(F2)=TRUE,ISBLANK(F$23)=TRUE,F$3="Public"),AND(E3="Prospectus Country",ISBLANK(F3)=TRUE,ISBLANK(F4)=TRUE,ISBLANK(F5)=TRUE,F$3="Public"),AND(E3="Prospectus identifier ",ISBLANK(F3)=TRUE,ISBLANK(F4)=TRUE,ISBLANK(F2)=TRUE,F$3="Public"),AND(E3="Exemption on Prospectus",ISBLANK(F3)=FALSE,ISBLANK(F2)=FALSE,ISBLANK(F$23)=FALSE),AND(E3="Prospectus Country",ISBLANK(F3)=FALSE,ISBLANK(F4)=FALSE,ISBLANK(F5)=FALSE),AND(E3="Prospectus identifier ",ISBLANK(F3)=FALSE,ISBLANK(F2)=FALSE,ISBLANK(F2)=FALSE),AND(E3="Prospectus Country",ISBLANK(F3)=FALSE,ISBLANK(F4)=TRUE),AND(E3="Prospectus identifier",ISBLANK(F3)=FALSE,ISBLANK(F2)=TRUE),AND(E3="Prospectus Country",ISBLANK(F3)=TRUE,ISBLANK(F4)=FALSE),AND(E3="Prospectus identifier",ISBLANK(F3)=TRUE,ISBLANK(F2)=FALSE),AND(E3="Prospectus identifier",ISBLANK(F3)=FALSE,ISBLANK(F4)=FALSE,F$3="Public"),AND(E3="Prospectus Country",ISBLANK(F3)=FALSE,ISBLANK(F5)=FALSE,F$3="Public"))),"S5",IF(AND(C3="STSS6",E3="Securitisation Repository name",ISBLANK(F3)=TRUE,F$3="Public"),"S6",IF(AND(C3="STSS12",OR(AND(S3<>"",S3>TODAY()+1))),"S12",IF(AND(C3="STSS13",OR(AND(F$32="N",E$32="Authorised Third party flag",E3<>"Authorised Third party flag",ISBLANK(F3)=FALSE),AND(F$32="Y",E$32="Authorised Third party flag",E3<>"Authorised Third party flag",ISBLANK(F3)=TRUE))),"S13",IF(AND(C3="STSS14",OR(AND(E$32="Authorised Third party flag",E3<>"Authorised Third party flag",F$32="N",ISBLANK(F3)=FALSE),AND(E$32="Authorised Third party flag",E3<>"Authorised Third party flag",F$32="Y",ISBLANK(F3)=TRUE),AND(E$32="Authorised Third party flag",E3<>"Authorised Third party flag",F$32="N",ISBLANK(F3)=FALSE),AND(E$32="Authorised Third party flag",E3<>"Authorised Third party flag",F$32="Y",ISBLANK(F3)=TRUE))),"S14",IF(AND(C3="STSS15",OR(AND(E$32="Authorised Third party flag",F$32="N",E3<>"Authorised Third party flag",ISBLANK(F3)=FALSE),AND(E3<>"Authorised Third party flag",E$32="Authorised Third party flag",F$32="Y",ISBLANK(F3)=TRUE),AND(RIGHT(E3,11)="t Authority",E$32="Authorised Third party flag",F$32="N",ISBLANK(F3)=FALSE))),"S15",IF(AND(C3="STSS4",OR(AND(E3="Multiple STS notifications reason",ISBLANK(F3)=TRUE,F2="Y"),AND(E3="Multiple STS notifications comment",ISBLANK(F3)=TRUE,F$20="Y"),AND(E3="Multiple STS notifications reason",ISBLANK(F3)=FALSE,F2="N"),AND(E3="Multiple STS notifications comment",ISBLANK(F3)=FALSE,F$20="N"))),"Trust",IF(OR(AND(RIGHT(G3,7)="ed/N/A}",F3<>"Confirmed",F3<>"Unconfirmed",F3<>"N/A"),AND(G3="{Confirmed/Unconfirmed}",F3<>"Confirmed",F3<>"Unconfirmed")),"lst",IF(AND(RIGHT(G2,7)="ed/N/A}",C3<>"STSS61",C3<>"STSS23",F2<>"N/A",ISBLANK(F3)=TRUE,D3="C"),"CND",IF(AND(F3="Unconfirmed",C3<>"STSS32"),"UCF",IF(AND(C3="STSS21",E3="Subject to severe clawback",F3="Y"),"S21",IF(AND(C3="STSS23",OR(AND(E2="The seller is not the original lender flag",F3="N/A",F2="Y"),AND(E2="The seller is not the original lender flag",F3<>"N/A",F2="N"),AND(E$48="The seller is not the original lender flag",ISBLANK(F3)=TRUE,F$48="Y"))),"S23",IF(AND(C3="STSS32",OR(AND(E3="Payment exemption",F$77="Unconfirmed",OR(F3="N/A",F3="No exemption",ISBLANK(F3)=TRUE)),AND(E3="Payment exemption",ISBLANK(F3)=FALSE,F$77="Confirmed"))),"S32",IF(AND(C3="STSS18",OR(AND(E3="Credit granting criteria compliance confirmation",F3<>"N/A",F2="N"),AND(E3="Credit granting criteria compliance confirmation",OR(ISBLANK(F3)=TRUE,F3="N/A"),F2="Y"))),"S18",IF(AND(C3="STSS19",OR(AND(F3<>"N/A",F$37="N",E3="Credit granting criteria supervision confirmation"),AND(OR(ISBLANK(F3)=TRUE,F3="N/A"),F$37="Y",E3="Credit granting criteria supervision confirmation"))),"S19",IF(AND(C3="STSS29",OR(AND(E3="Residential Loan requirement confirmation",F3<>"N/A",F$29<>"residential mortgages"),AND(E3="Residential Loan requirement confirmation",F3="N/A",F$29="residential mortgages"))),"S29",IF(AND(C3="STSS34",OR(AND(D3="C",E3="Other options used comment",F2="Y",ISBLANK(F3)=TRUE),AND(E3="Other options used comment",F2="N",D3="C",ISBLANK(F3)=FALSE),AND(E3="No compliance with risk retention requirements",F3="Y"),AND(E3="Vertical slice",F3="N",F4="N",F5="N",F6="N",F7="N",F8="N",F9="N"),AND(E3="Seller's share",F3="N",F4="N",F5="N",F6="N",F7="N",F8="N",F$87="N"),AND(E3="Randomly-selected exposures kept on balance sheet",F3="N",F4="N",F5="N",F6="N",F7="N",F$87="N",F$88="N"),AND(E3="First loss tranche",F3="N",F4="N",F5="N",F6="N",F$87="N",F$88="N",F$89="N"),AND(E3="First loss exposure in each asset indicator",F3="N",F4="N",F5="N",F$87="N",F$88="N",F$89="N",F$90="N"),AND(E3="No compliance with risk retention requirements",F3="N",F4="N",F$87="N",F$88="N",F$89="N",F$90="N",F$91="N"),AND(E3="Other option indicator",F3="N",F$87="N",F$88="N",F$89="N",F$90="N",F$91="N",F$92="N"),AND(E3="Retaining entity LEI",ISBLANK(F3)=TRUE,ISBLANK(F4)=TRUE),AND(E3="Retaining entity name",ISBLANK(F3)=TRUE,ISBLANK(F2)=TRUE))),"S34",IF(AND(C3="STSS37",OR(AND(F3="N/A",E3="Common standards underwriting derivatives confirmation",F$97<>"No derivatives"),AND(F3<>"N/A",E3="Common standards underwriting derivatives confirmation",F$97="No derivatives"))),"S37",IF(AND(C3="STSS44",F3="N/A",E3="Credit quality deterioration trigger confirmation",F$113="Confirmed"),"S44",IF(OR(AND(C3="STSS46",F3<>"N/A",E3="Credit quality deterioration trigger confirmation",F$119="N/A"),AND(C3="STSS46",F3="N/A",E3="Credit quality deterioration trigger confirmation",F$119<>"N/A")),"S46",IF(OR(AND(C3="STSS47",F3<>"N/A",E3="Insolvency-related event confirmation",F$119="N/A"),AND(C3="STS47",F3="N/A",E3="Insolvency-related event confirmation",F$119<>"N/A")),"S47",IF(OR(AND(C3="STSS48",F3<>"N/A",E3="Pre-determined threshold value confirmation",F$119="N/A"),AND(C3="STSS48",F3="N/A",E3="Pre-determined threshold value confirmation",F$119<>"N/A")),"S48",IF(OR(AND(C3="STSS49",F3<>"N/A",E3="New underlying exposures failure generation confirmation",F$119="N/A"),AND(C3="STSS49",F3="N/A",E3="New underlying exposures failure generation confirmation",F$119<>"N/A")),"S49",IF(AND(C3="STSS61",OR(AND(OR(F$29="residential mortgages",F$29="auto loans/leases"),F3="Not available",E3="Environmental performance availability"),AND(OR(F$29="residential mortgages",F$29="auto loans/leases"),F3="N/A",E3="Environmental performance availability"),AND(F$29<>"residential mortgages",F$29<>"auto loans/leases",F3<>"N/A",E3="Environmental performance availability"),AND(E3="Environmental performance explanation",F2="Available",ISBLANK(F3)=TRUE))),"S61",1)))))))))))))))))))))))))))) -> 1 | P3: 7 | Q3: =IF(AND(E3="Last notification date",MONTH(TODAY())>9,DAY(TODAY())>9),YEAR(TODAY())&"-"&MONTH(TODAY())&"-"&DAY(TODAY()),IF(AND(E3="Last notification date",MONTH(TODAY())<9,DAY(TODAY())<10),YEAR(TODAY())&"-0"&MONTH(TODAY())&"-0"&DAY(TODAY()),IF(AND(E3="Last notification date",MONTH(TODAY())>9,DAY(TODAY())<10),YEAR(TODAY())&"-"&MONTH(TODAY())&"-0"&DAY(TODAY()),IF(AND(E3="Last notification date",MONTH(TODAY())<10,DAY(TODAY())>9),YEAR(TODAY())&"-0"&MONTH(TODAY())&"-"&DAY(TODAY()),IF(LEFT(G3,4)="{SEC","SEC ID",IF(LEFT(G3,4)="{DAT","DATE",IF(LEFT(G3,4)="{TEX",Val!B$21,IF(LEFT(G3,4)="{ALP",Val!B$20,IF(LEFT(G3,4)="{COU",Val!B$20,IF(OR(LEFT(G3,4)="{ISI",LEFT(G3,4)="{LEI"),Val!B$17,IF(OR(LEFT(G3,4)="{CA_",LEFT(G3,4)="{Mas",LEFT(G3,4)="{Y/N",LEFT(G3,4)="{No ",LEFT(G3,4)="{N/A",LEFT(G3,4)="{Con",LEFT(G3,4)="{LIS"),"LIST",""))))))))))) -> LIST | R3: =LEN(F3) -> 6 | S3: =IF(ISERROR(DATEVALUE(F3))=TRUE,"",DATEVALUE(F3)) | T3: =IF(AND(D3="M",ISBLANK(F3)=TRUE),"EMPTY",IF(AND(D3<>"M",ISBLANK(F3)=TRUE),"BLANK","UNK")) -> UNK | U3: {=IF(AND(E3="Payment exemption explanation",ISBLANK(F3)=FALSE,F$77="Confirmed"),"FORMAT",IF(AND(E3="Historical Default and Loss Performance Data location",F$3="Public",ISBLANK(F3)=TRUE),"FORMAT",IF(AND(E2="Subject to severe clawback",F2="Y",ISBLANK(F3)=TRUE),"FORMAT",IF(AND(E2="Subject to severe clawback",F2="N",ISBLANK(F3)=FALSE),"FORMAT",IF(AND(OR(E3="Credit granting criteria supervision comment",E3="Credit granting criteria compliance comment"),ISBLANK(F3)=FALSE,OR(AND(F$34="N",E398="Originator (or original lender) is not a Credit institution"),AND(F$37="N",E$37="Originator (or original lender) is not a Credit institution"))),"FORMAT_S17",IF(AND(C3="STSS60",E3="Location of Liability cash flow model",ISBLANK(F3)=TRUE,F$3="Public"),"FORMAT_S60",IF(AND(C3="STSS58",E3="Historical Default and Loss Performance Data location",ISBLANK(F3)=TRUE,F$3="Public"),"FORMAT_S37",IF(AND(E3="Sponsor LEI",ISBLANK(F3)=TRUE,ISBLANK(F$8)=TRUE),"FORMAT_LEI",IF(AND(E3="Originator LEI",ISBLANK(F3)=TRUE,ISBLANK(F$11)=TRUE),"FORMAT_LEI",IF(OR(T3="EMPTY",P3+1<LEN(F3),AND(G2="{Confirmed/Unconfirmed/N/A}",S3="N/A",F2="N/A",F3<>"")),"FORMAT",IF(OR(AND(E3="Non-ABCP securitisation unique identifier",MID(F3,21,1)<>"N"),AND(E3="ABCP transaction unique identifier",MID(F3,21,1)<>"T"),AND(E3="ABCP programme unique identifier",MID(F3,21,1)<>"P")),"FORMAT_SEC_ID",IF(AND(E3="Underlying exposures classification",F3<>"residential mortgages",F3<>"commercial mortgages",F3<>"credit facilities provided to individuals for personal, family or household consumption purposes",F3<>"credit facilities, including loans and leases, provided to any type of enterprise or corporation",F3<>"auto loans/leases",F3<>"credit-card receivables",F3<>"trade receivables",F3<>"others"),"FORMAT_LIST",IF(AND(E3="Instrument code",LEN(F3)-LEN(SUBSTITUTE(F3,";",""))<>LEN(F2)-LEN(SUBSTITUTE(F2,";",""))),"FORMAT_;",IF(AND(E3="Sponsor country (if multiple countries)",LEN(F3)-LEN(SUBSTITUTE(F3,";",""))<>LEN(F$11)-LEN(SUBSTITUTE(F$11,";",""))),"FORMAT_;",IF(AND(E3="Sponsor country (if multiple countries)",ISBLANK(F3)=FALSE,LEN(F3)-LEN(SUBSTITUTE(F3,";",""))=0),"FORMAT_;",IF(AND(E3="Sponsor country (if multiple countries)",ISBLANK(F3)=TRUE,LEN(F$11)-LEN(SUBSTITUTE(F$11,";",""))<>0),"FORMAT_;",IF(AND(E3="Originator country (if multiple countries)",LEN(F3)-LEN(SUBSTITUTE(F3,";",""))<>0,ISBLANK(F3)=FALSE,LEN(F3)-LEN(SUBSTITUTE(F3,";",""))<>LEN(F$8)-LEN(SUBSTITUTE(F$8,";",""))),"FORMAT_;",IF(AND(E3="Originator country (if multiple countries)",ISBLANK(F3)=FALSE,LEN(F3)-LEN(SUBSTITUTE(F3,";",""))=0),"FORMAT_;",IF(AND(E3="Originator country (if multiple countries)",ISBLANK(F3)=TRUE,LEN(F$8)-LEN(SUBSTITUTE(F$8,";",""))<>0),"FORMAT_;",IF(AND(E3="Original lender country (if multiple countries)",ISBLANK(F3)=FALSE,LEN(F3)-LEN(SUBSTITUTE(F3,";",""))<>0,LEN(F3)-LEN(SUBSTITUTE(F3,";",""))<>LEN(F$14)-LEN(SUBSTITUTE(F$14,";",""))),"FORMAT_;",IF(AND(E3="Original lender country (if multiple countries)",ISBLANK(F3)=TRUE,LEN(F$14)-LEN(SUBSTITUTE(F$14,";",""))<>0),"FORMAT_;",IF(AND(E3="Original lender country (if multiple countries)",ISBLANK(F3)=FALSE,LEN(F3)-LEN(SUBSTITUTE(F3,";",""))=0),"FORMAT_;",IF(OR(AND(E3="Designated Entity LEI",LEN(F3)<>20),AND(G3="{LEI}",LEN(F3)<>0,LEN(F3)<20),AND(G3="{ISIN}",LEN(F3)<>0,LEN(F3)<12),AND(LEN(F3)<>20,E3="Retaining entity LEI",ISBLANK(F3)=FALSE),AND(E3="Instrument ISIN",ISBLANK(F3)=FALSE,LEN(F3)>0,LEN(F3)<11),AND(D3="M",LEFT(G3,4)="{DAT",LEN(F3)<>10)),"FORMAT_LEN",IF(OR(AND(F3<>"",LEFT(G3,4)<>"{TEX",ISNUMBER(SUMPRODUCT(FIND(MID(F3,ROW(INDIRECT("1:"&LEN(F3))),1),W3)))=FALSE),AND(F3<>"",LEFT(G3,4)<>"{TEX",ISERROR(SUMPRODUCT(SEARCH(MID(F3,ROW(INDIRECT("1:"&LEN(TRIM(F3)))),1)," "&W3&CHAR(10)&"""")))=TRUE)),"FORMAT_CHAR",IF(LEFT(G3,4)="{TEX","TEXT","UNK")))))))))))))))))))))))))} -> UNK | V3: {=IF(OR(LEN(F3)>P3+1),FALSE,IF(LEFT(G3,5)="{TEXT",TRUE,IF(AND(ISBLANK(F3)=FALSE,G3="{DATE_TEXT-YYYY-MM-DD}",LEN(F3)<>10),FALSE,IF(AND(ISBLANK(F3)=FALSE,ISNUMBER(SUMPRODUCT(SEARCH(MID(F3,ROW(INDIRECT("1:"&LEN(TRIM(F3)))),1)," "&W3&CHAR(10)&"""")))=FALSE),FALSE,TRUE))))} -> TRUE | W3: =IF(G3="{Applicable/N/A}","N/Aplicable",IF(E3="Designated Entity LEI","ABCDEFGHIJKLMNOPQRSTUVWXYZ0123456789",IF(OR(G3="{ISIN}",G3="{LEI}"),";ABCDEFGHIJKLMNOPQRSTUVWXYZ0123456789",IF(G3="{Master Trust/Other}","Master TuOhe",IF(E3="Securitisation type","Privateublc",IF(LEFT(G3,4)="{CA_",Val!B$21,IF(G3="{COUNTRY_EU_LIST}"," ;abcdefghijklmnopqrstuvwxyzABCDEFGHIJKLMNOPQRSTUVWXYZ0123456789",IF(OR(G3="{NOTIFICATION ID}",G3="{SECURITISATION ID}"),Val!B$15,IF(G3="{COUNTRY_EU}"," ;abcdefghijklmnopqrstuvwxyzABCDEFGHIJKLMNOPQRSTUVWXYZ",IF(G3="{Confirmed/Unconfirmed}","ConfirmedUnc",IF(G3="{Confirmed/Unconfirmed/N/A}","Confirmed/UncNA",IF(LEFT(G3,4)="{DAT","0123456789-",IF(LEFT(G3,4)="{Y/N","YN",IF(OR(LEFT(G3,4)="{N/A",LEFT(G3,4)="{LIS",LEFT(G3,4)="{No ",LEFT(G3,4)="{SEC",LEFT(G3,4)="{Mas"),Val!B$20,IF(LEFT(G3,4)="{TEX",Val!B$21,IF(LEFT(G3,4)="{ALP",Val!B$20,IF(LEFT(G3,4)="{COU",Val!B$20))))))))))))))))) -> Privateublc | X3: Other | Y3: Single instalment | Z3: Private | AA3: No derivatives | AB3: commercial mortgages | AC3: Austrian Financial Market Authority (FMA) | AD3: N/A | AE3: Unconfirmed | AF3: N | AG3: AUSTRIA | AH3: SecRep B.V. | AI3: alternative mechanism | AJ3: Not Available
A4: NPU2 | B4: N2 | C4: STSS0 | D4: M | E4: Designated Entity LEI | F4: 5299002W4PL3XPN90376 | G4: {LEI} | H4: The LEI of the Designated Entity in accordance with Article 27(1) of Regulation (EU) 2017/2402 | I4: Only one LEI should be reported in Box to complete and it should be one of the originators or sponsors. This LEI should exist at the GLEIF database. The NRE code assigned to the STS notification reporting entity should be authorised for this Designated Entity LEI for the date at which the notification will be submitted as final. Field codes are highlighted in amber if the field is left blank or has errors in format. Note: The relevant competent authority of the Designated entity is requested during the registration process of that Designated Entity into the STS register system. | J4: First contact point | K4: Legal Entity Identifier (LEI) of the entity designated as the first contact point and name of the relevant competent authority | L4: Article 27(1) | M4: General Information | N4: Item 3.2 of Annex 19 of Commission Delegated Regulation (EU) 2019/980 | O4: =IF(LEFT(U4,6)="FORMAT","FMT",IF(AND(E4="Designated Entity LEI",ISBLANK(F4)=FALSE,ISNUMBER(SEARCH(F4,F$8))=FALSE,ISNUMBER(SEARCH(F4,F$11))=FALSE),"DE",IF(AND(C4="STSS1",OR(AND(E4="Instrument ISIN",ISBLANK(F4)=TRUE,ISBLANK(F5)=TRUE,ISBLANK(F6)=TRUE),AND(E4="Instrument code",ISBLANK(F4)=TRUE,ISBLANK(F3)=TRUE,ISBLANK(F$5)=TRUE),AND(E4="Instrument code type",ISBLANK(F4)=TRUE,ISBLANK(F5)=TRUE,ISBLANK(F3)=TRUE),AND(E4="Instrument code",ISBLANK(F4)=TRUE,ISBLANK(F3)=FALSE),AND(E4="Instrument code type",ISBLANK(F4)=FALSE,ISBLANK(F5)=TRUE))),"S1",IF(AND(C4="STSS8",OR(AND(OR(E4="Sponsor country",E4="Originator country",E4="SSPE country",E4="Original Lender country"),ISBLANK(F5)=FALSE,ISBLANK(F4)=FALSE),AND(RIGHT(E4,23)="(if multiple countries)",ISBLANK(F3)=FALSE,ISBLANK(F4)=FALSE),AND(OR(E4="Sponsor country",E4="Originator country",E4="Original Lender country"),ISBLANK(F5)=TRUE,ISBLANK(F4)=TRUE,ISBLANK(F3)=FALSE))),"S8",IF(AND(C4="STSS5",OR(AND(E4="Exemption on Prospectus",ISBLANK(F4)=TRUE,ISBLANK(F3)=TRUE,ISBLANK(F$23)=TRUE,F$3="Public"),AND(E4="Prospectus Country",ISBLANK(F4)=TRUE,ISBLANK(F5)=TRUE,ISBLANK(F6)=TRUE,F$3="Public"),AND(E4="Prospectus identifier ",ISBLANK(F4)=TRUE,ISBLANK(F5)=TRUE,ISBLANK(F3)=TRUE,F$3="Public"),AND(E4="Exemption on Prospectus",ISBLANK(F4)=FALSE,ISBLANK(F3)=FALSE,ISBLANK(F$23)=FALSE),AND(E4="Prospectus Country",ISBLANK(F4)=FALSE,ISBLANK(F5)=FALSE,ISBLANK(F6)=FALSE),AND(E4="Prospectus identifier ",ISBLANK(F4)=FALSE,ISBLANK(F3)=FALSE,ISBLANK(F3)=FALSE),AND(E4="Prospectus Country",ISBLANK(F4)=FALSE,ISBLANK(F5)=TRUE),AND(E4="Prospectus identifier",ISBLANK(F4)=FALSE,ISBLANK(F3)=TRUE),AND(E4="Prospectus Country",ISBLANK(F4)=TRUE,ISBLANK(F5)=FALSE),AND(E4="Prospectus identifier",ISBLANK(F4)=TRUE,ISBLANK(F3)=FALSE),AND(E4="Prospectus identifier",ISBLANK(F4)=FALSE,ISBLANK(F5)=FALSE,F$3="Public"),AND(E4="Prospectus Country",ISBLANK(F4)=FALSE,ISBLANK(F6)=FALSE,F$3="Public"))),"S5",IF(AND(C4="STSS6",E4="Securitisation Repository name",ISBLANK(F4)=TRUE,F$3="Public"),"S6",IF(AND(C4="STSS12",OR(AND(S4<>"",S4>TODAY()+1))),"S12",IF(AND(C4="STSS13",OR(AND(F$32="N",E$32="Authorised Third party flag",E4<>"Authorised Third party flag",ISBLANK(F4)=FALSE),AND(F$32="Y",E$32="Authorised Third party flag",E4<>"Authorised Third party flag",ISBLANK(F4)=TRUE))),"S13",IF(AND(C4="STSS14",OR(AND(E$32="Authorised Third party flag",E4<>"Authorised Third party flag",F$32="N",ISBLANK(F4)=FALSE),AND(E$32="Authorised Third party flag",E4<>"Authorised Third party flag",F$32="Y",ISBLANK(F4)=TRUE),AND(E$32="Authorised Third party flag",E4<>"Authorised Third party flag",F$32="N",ISBLANK(F4)=FALSE),AND(E$32="Authorised Third party flag",E4<>"Authorised Third party flag",F$32="Y",ISBLANK(F4)=TRUE))),"S14",IF(AND(C4="STSS15",OR(AND(E$32="Authorised Third party flag",F$32="N",E4<>"Authorised Third party flag",ISBLANK(F4)=FALSE),AND(E4<>"Authorised Third party flag",E$32="Authorised Third party flag",F$32="Y",ISBLANK(F4)=TRUE),AND(RIGHT(E4,11)="t Authority",E$32="Authorised Third party flag",F$32="N",ISBLANK(F4)=FALSE))),"S15",IF(AND(C4="STSS4",OR(AND(E4="Multiple STS notifications reason",ISBLANK(F4)=TRUE,F3="Y"),AND(E4="Multiple STS notifications comment",ISBLANK(F4)=TRUE,F$20="Y"),AND(E4="Multiple STS notifications reason",ISBLANK(F4)=FALSE,F3="N"),AND(E4="Multiple STS notifications comment",ISBLANK(F4)=FALSE,F$20="N"))),"Trust",IF(OR(AND(RIGHT(G4,7)="ed/N/A}",F4<>"Confirmed",F4<>"Unconfirmed",F4<>"N/A"),AND(G4="{Confirmed/Unconfirmed}",F4<>"Confirmed",F4<>"Unconfirmed")),"lst",IF(AND(RIGHT(G3,7)="ed/N/A}",C4<>"STSS61",C4<>"STSS23",F3<>"N/A",ISBLANK(F4)=TRUE,D4="C"),"CND",IF(AND(F4="Unconfirmed",C4<>"STSS32"),"UCF",IF(AND(C4="STSS21",E4="Subject to severe clawback",F4="Y"),"S21",IF(AND(C4="STSS23",OR(AND(E3="The seller is not the original lender flag",F4="N/A",F3="Y"),AND(E3="The seller is not the original lender flag",F4<>"N/A",F3="N"),AND(E$48="The seller is not the original lender flag",ISBLANK(F4)=TRUE,F$48="Y"))),"S23",IF(AND(C4="STSS32",OR(AND(E4="Payment exemption",F$77="Unconfirmed",OR(F4="N/A",F4="No exemption",ISBLANK(F4)=TRUE)),AND(E4="Payment exemption",ISBLANK(F4)=FALSE,F$77="Confirmed"))),"S32",IF(AND(C4="STSS18",OR(AND(E4="Credit granting criteria compliance confirmation",F4<>"N/A",F3="N"),AND(E4="Credit granting criteria compliance confirmation",OR(ISBLANK(F4)=TRUE,F4="N/A"),F3="Y"))),"S18",IF(AND(C4="STSS19",OR(AND(F4<>"N/A",F$37="N",E4="Credit granting criteria supervision confirmation"),AND(OR(ISBLANK(F4)=TRUE,F4="N/A"),F$37="Y",E4="Credit granting criteria supervision confirmation"))),"S19",IF(AND(C4="STSS29",OR(AND(E4="Residential Loan requirement confirmation",F4<>"N/A",F$29<>"residential mortgages"),AND(E4="Residential Loan requirement confirmation",F4="N/A",F$29="residential mortgages"))),"S29",IF(AND(C4="STSS34",OR(AND(D4="C",E4="Other options used comment",F3="Y",ISBLANK(F4)=TRUE),AND(E4="Other options used comment",F3="N",D4="C",ISBLANK(F4)=FALSE),AND(E4="No compliance with risk retention requirements",F4="Y"),AND(E4="Vertical slice",F4="N",F5="N",F6="N",F7="N",F8="N",F9="N",F10="N"),AND(E4="Seller's share",F4="N",F5="N",F6="N",F7="N",F8="N",F9="N",F$87="N"),AND(E4="Randomly-selected exposures kept on balance sheet",F4="N",F5="N",F6="N",F7="N",F8="N",F$87="N",F$88="N"),AND(E4="First loss tranche",F4="N",F5="N",F6="N",F7="N",F$87="N",F$88="N",F$89="N"),AND(E4="First loss exposure in each asset indicator",F4="N",F5="N",F6="N",F$87="N",F$88="N",F$89="N",F$90="N"),AND(E4="No compliance with risk retention requirements",F4="N",F5="N",F$87="N",F$88="N",F$89="N",F$90="N",F$91="N"),AND(E4="Other option indicator",F4="N",F$87="N",F$88="N",F$89="N",F$90="N",F$91="N",F$92="N"),AND(E4="Retaining entity LEI",ISBLANK(F4)=TRUE,ISBLANK(F5)=TRUE),AND(E4="Retaining entity name",ISBLANK(F4)=TRUE,ISBLANK(F3)=TRUE))),"S34",IF(AND(C4="STSS37",OR(AND(F4="N/A",E4="Common standards underwriting derivatives confirmation",F$97<>"No derivatives"),AND(F4<>"N/A",E4="Common standards underwriting derivatives confirmation",F$97="No derivatives"))),"S37",IF(AND(C4="STSS44",F4="N/A",E4="Credit quality deterioration trigger confirmation",F$113="Confirmed"),"S44",IF(OR(AND(C4="STSS46",F4<>"N/A",E4="Credit quality deterioration trigger confirmation",F$119="N/A"),AND(C4="STSS46",F4="N/A",E4="Credit quality deterioration trigger confirmation",F$119<>"N/A")),"S46",IF(OR(AND(C4="STSS47",F4<>"N/A",E4="Insolvency-related event confirmation",F$119="N/A"),AND(C4="STS47",F4="N/A",E4="Insolvency-related event confirmation",F$119<>"N/A")),"S47",IF(OR(AND(C4="STSS48",F4<>"N/A",E4="Pre-determined threshold value confirmation",F$119="N/A"),AND(C4="STSS48",F4="N/A",E4="Pre-determined threshold value confirmation",F$119<>"N/A")),"S48",IF(OR(AND(C4="STSS49",F4<>"N/A",E4="New underlying exposures failure generation confirmation",F$119="N/A"),AND(C4="STSS49",F4="N/A",E4="New underlying exposures failure generation confirmation",F$119<>"N/A")),"S49",IF(AND(C4="STSS61",OR(AND(OR(F$29="residential mortgages",F$29="auto loans/leases"),F4="Not available",E4="Environmental performance availability"),AND(OR(F$29="residential mortgages",F$29="auto loans/leases"),F4="N/A",E4="Environmental performance availability"),AND(F$29<>"residential mortgages",F$29<>"auto loans/leases",F4<>"N/A",E4="Environmental performance availability"),AND(E4="Environmental performance explanation",F3="Available",ISBLANK(F4)=TRUE))),"S61",1)))))))))))))))))))))))))))) -> 1 | P4: 20 | Q4: =IF(AND(E4="Last notification date",MONTH(TODAY())>9,DAY(TODAY())>9),YEAR(TODAY())&"-"&MONTH(TODAY())&"-"&DAY(TODAY()),IF(AND(E4="Last notification date",MONTH(TODAY())<9,DAY(TODAY())<10),YEAR(TODAY())&"-0"&MONTH(TODAY())&"-0"&DAY(TODAY()),IF(AND(E4="Last notification date",MONTH(TODAY())>9,DAY(TODAY())<10),YEAR(TODAY())&"-"&MONTH(TODAY())&"-0"&DAY(TODAY()),IF(AND(E4="Last notification date",MONTH(TODAY())<10,DAY(TODAY())>9),YEAR(TODAY())&"-0"&MONTH(TODAY())&"-"&DAY(TODAY()),IF(LEFT(G4,4)="{SEC","SEC ID",IF(LEFT(G4,4)="{DAT","DATE",IF(LEFT(G4,4)="{TEX",Val!B$21,IF(LEFT(G4,4)="{ALP",Val!B$20,IF(LEFT(G4,4)="{COU",Val!B$20,IF(OR(LEFT(G4,4)="{ISI",LEFT(G4,4)="{LEI"),Val!B$17,IF(OR(LEFT(G4,4)="{CA_",LEFT(G4,4)="{Mas",LEFT(G4,4)="{Y/N",LEFT(G4,4)="{No ",LEFT(G4,4)="{N/A",LEFT(G4,4)="{Con",LEFT(G4,4)="{LIS"),"LIST",""))))))))))) -> ;ABCDEFGHIJKLMNOPQRSTUVWXYZ0123456789 | R4: =LEN(F4) -> 20 | S4: =IF(ISERROR(DATEVALUE(F4))=TRUE,"",DATEVALUE(F4)) | T4: =IF(AND(D4="M",ISBLANK(F4)=TRUE),"EMPTY",IF(AND(D4<>"M",ISBLANK(F4)=TRUE),"BLANK","UNK")) -> UNK | U4: {=IF(AND(E4="Payment exemption explanation",ISBLANK(F4)=FALSE,F$77="Confirmed"),"FORMAT",IF(AND(E4="Historical Default and Loss Performance Data location",F$3="Public",ISBLANK(F4)=TRUE),"FORMAT",IF(AND(E3="Subject to severe clawback",F3="Y",ISBLANK(F4)=TRUE),"FORMAT",IF(AND(E3="Subject to severe clawback",F3="N",ISBLANK(F4)=FALSE),"FORMAT",IF(AND(OR(E4="Credit granting criteria supervision comment",E4="Credit granting criteria compliance comment"),ISBLANK(F4)=FALSE,OR(AND(F$34="N",E399="Originator (or original lender) is not a Credit institution"),AND(F$37="N",E$37="Originator (or original lender) is not a Credit institution"))),"FORMAT_S17",IF(AND(C4="STSS60",E4="Location of Liability cash flow model",ISBLANK(F4)=TRUE,F$3="Public"),"FORMAT_S60",IF(AND(C4="STSS58",E4="Historical Default and Loss Performance Data location",ISBLANK(F4)=TRUE,F$3="Public"),"FORMAT_S37",IF(AND(E4="Sponsor LEI",ISBLANK(F4)=TRUE,ISBLANK(F$8)=TRUE),"FORMAT_LEI",IF(AND(E4="Originator LEI",ISBLANK(F4)=TRUE,ISBLANK(F$11)=TRUE),"FORMAT_LEI",IF(OR(T4="EMPTY",P4+1<LEN(F4),AND(G3="{Confirmed/Unconfirmed/N/A}",S4="N/A",F3="N/A",F4<>"")),"FORMAT",IF(OR(AND(E4="Non-ABCP securitisation unique identifier",MID(F4,21,1)<>"N"),AND(E4="ABCP transaction unique identifier",MID(F4,21,1)<>"T"),AND(E4="ABCP programme unique identifier",MID(F4,21,1)<>"P")),"FORMAT_SEC_ID",IF(AND(E4="Underlying exposures classification",F4<>"residential mortgages",F4<>"commercial mortgages",F4<>"credit facilities provided to individuals for personal, family or household consumption purposes",F4<>"credit facilities, including loans and leases, provided to any type of enterprise or corporation",F4<>"auto loans/leases",F4<>"credit-card receivables",F4<>"trade receivables",F4<>"others"),"FORMAT_LIST",IF(AND(E4="Instrument code",LEN(F4)-LEN(SUBSTITUTE(F4,";",""))<>LEN(F3)-LEN(SUBSTITUTE(F3,";",""))),"FORMAT_;",IF(AND(E4="Sponsor country (if multiple countries)",LEN(F4)-LEN(SUBSTITUTE(F4,";",""))<>LEN(F$11)-LEN(SUBSTITUTE(F$11,";",""))),"FORMAT_;",IF(AND(E4="Sponsor country (if multiple countries)",ISBLANK(F4)=FALSE,LEN(F4)-LEN(SUBSTITUTE(F4,";",""))=0),"FORMAT_;",IF(AND(E4="Sponsor country (if multiple countries)",ISBLANK(F4)=TRUE,LEN(F$11)-LEN(SUBSTITUTE(F$11,";",""))<>0),"FORMAT_;",IF(AND(E4="Originator country (if multiple countries)",LEN(F4)-LEN(SUBSTITUTE(F4,";",""))<>0,ISBLANK(F4)=FALSE,LEN(F4)-LEN(SUBSTITUTE(F4,";",""))<>LEN(F$8)-LEN(SUBSTITUTE(F$8,";",""))),"FORMAT_;",IF(AND(E4="Originator country (if multiple countries)",ISBLANK(F4)=FALSE,LEN(F4)-LEN(SUBSTITUTE(F4,";",""))=0),"FORMAT_;",IF(AND(E4="Originator country (if multiple countries)",ISBLANK(F4)=TRUE,LEN(F$8)-LEN(SUBSTITUTE(F$8,";",""))<>0),"FORMAT_;",IF(AND(E4="Original lender country (if multiple countries)",ISBLANK(F4)=FALSE,LEN(F4)-LEN(SUBSTITUTE(F4,";",""))<>0,LEN(F4)-LEN(SUBSTITUTE(F4,";",""))<>LEN(F$14)-LEN(SUBSTITUTE(F$14,";",""))),"FORMAT_;",IF(AND(E4="Original lender country (if multiple countries)",ISBLANK(F4)=TRUE,LEN(F$14)-LEN(SUBSTITUTE(F$14,";",""))<>0),"FORMAT_;",IF(AND(E4="Original lender country (if multiple countries)",ISBLANK(F4)=FALSE,LEN(F4)-LEN(SUBSTITUTE(F4,";",""))=0),"FORMAT_;",IF(OR(AND(E4="Designated Entity LEI",LEN(F4)<>20),AND(G4="{LEI}",LEN(F4)<>0,LEN(F4)<20),AND(G4="{ISIN}",LEN(F4)<>0,LEN(F4)<12),AND(LEN(F4)<>20,E4="Retaining entity LEI",ISBLANK(F4)=FALSE),AND(E4="Instrument ISIN",ISBLANK(F4)=FALSE,LEN(F4)>0,LEN(F4)<11),AND(D4="M",LEFT(G4,4)="{DAT",LEN(F4)<>10)),"FORMAT_LEN",IF(OR(AND(F4<>"",LEFT(G4,4)<>"{TEX",ISNUMBER(SUMPRODUCT(FIND(MID(F4,ROW(INDIRECT("1:"&LEN(F4))),1),W4)))=FALSE),AND(F4<>"",LEFT(G4,4)<>"{TEX",ISERROR(SUMPRODUCT(SEARCH(MID(F4,ROW(INDIRECT("1:"&LEN(TRIM(F4)))),1)," "&W4&CHAR(10)&"""")))=TRUE)),"FORMAT_CHAR",IF(LEFT(G4,4)="{TEX","TEXT","UNK")))))))))))))))))))))))))} -> UNK | V4: {=IF(OR(LEN(F4)>P4+1),FALSE,IF(LEFT(G4,5)="{TEXT",TRUE,IF(AND(ISBLANK(F4)=FALSE,G4="{DATE_TEXT-YYYY-MM-DD}",LEN(F4)<>10),FALSE,IF(AND(ISBLANK(F4)=FALSE,ISNUMBER(SUMPRODUCT(SEARCH(MID(F4,ROW(INDIRECT("1:"&LEN(TRIM(F4)))),1)," "&W4&CHAR(10)&"""")))=FALSE),FALSE,TRUE))))} -> TRUE | W4: =IF(G4="{Applicable/N/A}","N/Aplicable",IF(E4="Designated Entity LEI","ABCDEFGHIJKLMNOPQRSTUVWXYZ0123456789",IF(OR(G4="{ISIN}",G4="{LEI}"),";ABCDEFGHIJKLMNOPQRSTUVWXYZ0123456789",IF(G4="{Master Trust/Other}","Master TuOhe",IF(E4="Securitisation type","Privateublc",IF(LEFT(G4,4)="{CA_",Val!B$21,IF(G4="{COUNTRY_EU_LIST}"," ;abcdefghijklmnopqrstuvwxyzABCDEFGHIJKLMNOPQRSTUVWXYZ0123456789",IF(OR(G4="{NOTIFICATION ID}",G4="{SECURITISATION ID}"),Val!B$15,IF(G4="{COUNTRY_EU}"," ;abcdefghijklmnopqrstuvwxyzABCDEFGHIJKLMNOPQRSTUVWXYZ",IF(G4="{Confirmed/Unconfirmed}","ConfirmedUnc",IF(G4="{Confirmed/Unconfirmed/N/A}","Confirmed/UncNA",IF(LEFT(G4,4)="{DAT","0123456789-",IF(LEFT(G4,4)="{Y/N","YN",IF(OR(LEFT(G4,4)="{N/A",LEFT(G4,4)="{LIS",LEFT(G4,4)="{No ",LEFT(G4,4)="{SEC",LEFT(G4,4)="{Mas"),Val!B$20,IF(LEFT(G4,4)="{TEX",Val!B$21,IF(LEFT(G4,4)="{ALP",Val!B$20,IF(LEFT(G4,4)="{COU",Val!B$20))))))))))))))))) -> ABCDEFGHIJKLMNOPQRSTUVWXYZ0123456789 | Y4: Less than one year maturity | AA4: Exemption on derivatives | AB4: credit facilities provided to individuals for personal, family or household consumption purposes | AC4: Belgium – (to be provided) | AE4: N/A | AG4: BELGIUM | AH4: Not available | AJ4: N/A
A5: NPU3 | B5: N3 | C5: STSS1 | D5: C | E5: Instrument ISIN | F5: XS1419661035;XS1419662272;XS1419662603; XS1452378745;XS2328054981; XS1417318588 | G5: {ISIN} | H5: Where available, the international security identification code(s) (ISIN). | I5: ISIN (12-character alphanumeric code) should be reported in Box to complete where available. Where multiple ISIN codes are reported, ";" separator should be used without any space. The same ISIN should not be reported multiple times. Field codes are highlighted in amber where: - the field has errors in format; or - the fields STSS1-ISIN, STSS1-Instrument code type and STSS1- Instrument code are left blank | J5: Instrument identification code | K5: Where available, the international security identification code (ISIN) or codes. If no ISIN is available, then any other unique securities code assigned to this securitisation. | O5: =IF(LEFT(U5,6)="FORMAT","FMT",IF(AND(E5="Designated Entity LEI",ISBLANK(F5)=FALSE,ISNUMBER(SEARCH(F5,F$8))=FALSE,ISNUMBER(SEARCH(F5,F$11))=FALSE),"DE",IF(AND(C5="STSS1",OR(AND(E5="Instrument ISIN",ISBLANK(F5)=TRUE,ISBLANK(F6)=TRUE,ISBLANK(F7)=TRUE),AND(E5="Instrument code",ISBLANK(F5)=TRUE,ISBLANK(F4)=TRUE,ISBLANK(F$5)=TRUE),AND(E5="Instrument code type",ISBLANK(F5)=TRUE,ISBLANK(F6)=TRUE,ISBLANK(F4)=TRUE),AND(E5="Instrument code",ISBLANK(F5)=TRUE,ISBLANK(F4)=FALSE),AND(E5="Instrument code type",ISBLANK(F5)=FALSE,ISBLANK(F6)=TRUE))),"S1",IF(AND(C5="STSS8",OR(AND(OR(E5="Sponsor country",E5="Originator country",E5="SSPE country",E5="Original Lender country"),ISBLANK(F6)=FALSE,ISBLANK(F5)=FALSE),AND(RIGHT(E5,23)="(if multiple countries)",ISBLANK(F4)=FALSE,ISBLANK(F5)=FALSE),AND(OR(E5="Sponsor country",E5="Originator country",E5="Original Lender country"),ISBLANK(F6)=TRUE,ISBLANK(F5)=TRUE,ISBLANK(F4)=FALSE))),"S8",IF(AND(C5="STSS5",OR(AND(E5="Exemption on Prospectus",ISBLANK(F5)=TRUE,ISBLANK(F4)=TRUE,ISBLANK(F$23)=TRUE,F$3="Public"),AND(E5="Prospectus Country",ISBLANK(F5)=TRUE,ISBLANK(F6)=TRUE,ISBLANK(F7)=TRUE,F$3="Public"),AND(E5="Prospectus identifier ",ISBLANK(F5)=TRUE,ISBLANK(F6)=TRUE,ISBLANK(F4)=TRUE,F$3="Public"),AND(E5="Exemption on Prospectus",ISBLANK(F5)=FALSE,ISBLANK(F4)=FALSE,ISBLANK(F$23)=FALSE),AND(E5="Prospectus Country",ISBLANK(F5)=FALSE,ISBLANK(F6)=FALSE,ISBLANK(F7)=FALSE),AND(E5="Prospectus identifier ",ISBLANK(F5)=FALSE,ISBLANK(F4)=FALSE,ISBLANK(F4)=FALSE),AND(E5="Prospectus Country",ISBLANK(F5)=FALSE,ISBLANK(F6)=TRUE),AND(E5="Prospectus identifier",ISBLANK(F5)=FALSE,ISBLANK(F4)=TRUE),AND(E5="Prospectus Country",ISBLANK(F5)=TRUE,ISBLANK(F6)=FALSE),AND(E5="Prospectus identifier",ISBLANK(F5)=TRUE,ISBLANK(F4)=FALSE),AND(E5="Prospectus identifier",ISBLANK(F5)=FALSE,ISBLANK(F6)=FALSE,F$3="Public"),AND(E5="Prospectus Country",ISBLANK(F5)=FALSE,ISBLANK(F7)=FALSE,F$3="Public"))),"S5",IF(AND(C5="STSS6",E5="Securitisation Repository name",ISBLANK(F5)=TRUE,F$3="Public"),"S6",IF(AND(C5="STSS12",OR(AND(S5<>"",S5>TODAY()+1))),"S12",IF(AND(C5="STSS13",OR(AND(F$32="N",E$32="Authorised Third party flag",E5<>"Authorised Third party flag",ISBLANK(F5)=FALSE),AND(F$32="Y",E$32="Authorised Third party flag",E5<>"Authorised Third party flag",ISBLANK(F5)=TRUE))),"S13",IF(AND(C5="STSS14",OR(AND(E$32="Authorised Third party flag",E5<>"Authorised Third party flag",F$32="N",ISBLANK(F5)=FALSE),AND(E$32="Authorised Third party flag",E5<>"Authorised Third party flag",F$32="Y",ISBLANK(F5)=TRUE),AND(E$32="Authorised Third party flag",E5<>"Authorised Third party flag",F$32="N",ISBLANK(F5)=FALSE),AND(E$32="Authorised Third party flag",E5<>"Authorised Third party flag",F$32="Y",ISBLANK(F5)=TRUE))),"S14",IF(AND(C5="STSS15",OR(AND(E$32="Authorised Third party flag",F$32="N",E5<>"Authorised Third party flag",ISBLANK(F5)=FALSE),AND(E5<>"Authorised Third party flag",E$32="Authorised Third party flag",F$32="Y",ISBLANK(F5)=TRUE),AND(RIGHT(E5,11)="t Authority",E$32="Authorised Third party flag",F$32="N",ISBLANK(F5)=FALSE))),"S15",IF(AND(C5="STSS4",OR(AND(E5="Multiple STS notifications reason",ISBLANK(F5)=TRUE,F4="Y"),AND(E5="Multiple STS notifications comment",ISBLANK(F5)=TRUE,F$20="Y"),AND(E5="Multiple STS notifications reason",ISBLANK(F5)=FALSE,F4="N"),AND(E5="Multiple STS notifications comment",ISBLANK(F5)=FALSE,F$20="N"))),"Trust",IF(OR(AND(RIGHT(G5,7)="ed/N/A}",F5<>"Confirmed",F5<>"Unconfirmed",F5<>"N/A"),AND(G5="{Confirmed/Unconfirmed}",F5<>"Confirmed",F5<>"Unconfirmed")),"lst",IF(AND(RIGHT(G4,7)="ed/N/A}",C5<>"STSS61",C5<>"STSS23",F4<>"N/A",ISBLANK(F5)=TRUE,D5="C"),"CND",IF(AND(F5="Unconfirmed",C5<>"STSS32"),"UCF",IF(AND(C5="STSS21",E5="Subject to severe clawback",F5="Y"),"S21",IF(AND(C5="STSS23",OR(AND(E4="The seller is not the original lender flag",F5="N/A",F4="Y"),AND(E4="The seller is not the original lender flag",F5<>"N/A",F4="N"),AND(E$48="The seller is not the original lender flag",ISBLANK(F5)=TRUE,F$48="Y"))),"S23",IF(AND(C5="STSS32",OR(AND(E5="Payment exemption",F$77="Unconfirmed",OR(F5="N/A",F5="No exemption",ISBLANK(F5)=TRUE)),AND(E5="Payment exemption",ISBLANK(F5)=FALSE,F$77="Confirmed"))),"S32",IF(AND(C5="STSS18",OR(AND(E5="Credit granting criteria compliance confirmation",F5<>"N/A",F4="N"),AND(E5="Credit granting criteria compliance confirmation",OR(ISBLANK(F5)=TRUE,F5="N/A"),F4="Y"))),"S18",IF(AND(C5="STSS19",OR(AND(F5<>"N/A",F$37="N",E5="Credit granting criteria supervision confirmation"),AND(OR(ISBLANK(F5)=TRUE,F5="N/A"),F$37="Y",E5="Credit granting criteria supervision confirmation"))),"S19",IF(AND(C5="STSS29",OR(AND(E5="Residential Loan requirement confirmation",F5<>"N/A",F$29<>"residential mortgages"),AND(E5="Residential Loan requirement confirmation",F5="N/A",F$29="residential mortgages"))),"S29",IF(AND(C5="STSS34",OR(AND(D5="C",E5="Other options used comment",F4="Y",ISBLANK(F5)=TRUE),AND(E5="Other options used comment",F4="N",D5="C",ISBLANK(F5)=FALSE),AND(E5="No compliance with risk retention requirements",F5="Y"),AND(E5="Vertical slice",F5="N",F6="N",F7="N",F8="N",F9="N",F10="N",F11="N"),AND(E5="Seller's share",F5="N",F6="N",F7="N",F8="N",F9="N",F10="N",F$87="N"),AND(E5="Randomly-selected exposures kept on balance sheet",F5="N",F6="N",F7="N",F8="N",F9="N",F$87="N",F$88="N"),AND(E5="First loss tranche",F5="N",F6="N",F7="N",F8="N",F$87="N",F$88="N",F$89="N"),AND(E5="First loss exposure in each asset indicator",F5="N",F6="N",F7="N",F$87="N",F$88="N",F$89="N",F$90="N"),AND(E5="No compliance with risk retention requirements",F5="N",F6="N",F$87="N",F$88="N",F$89="N",F$90="N",F$91="N"),AND(E5="Other option indicator",F5="N",F$87="N",F$88="N",F$89="N",F$90="N",F$91="N",F$92="N"),AND(E5="Retaining entity LEI",ISBLANK(F5)=TRUE,ISBLANK(F6)=TRUE),AND(E5="Retaining entity name",ISBLANK(F5)=TRUE,ISBLANK(F4)=TRUE))),"S34",IF(AND(C5="STSS37",OR(AND(F5="N/A",E5="Common standards underwriting derivatives confirmation",F$97<>"No derivatives"),AND(F5<>"N/A",E5="Common standards underwriting derivatives confirmation",F$97="No derivatives"))),"S37",IF(AND(C5="STSS44",F5="N/A",E5="Credit quality deterioration trigger confirmation",F$113="Confirmed"),"S44",IF(OR(AND(C5="STSS46",F5<>"N/A",E5="Credit quality deterioration trigger confirmation",F$119="N/A"),AND(C5="STSS46",F5="N/A",E5="Credit quality deterioration trigger confirmation",F$119<>"N/A")),"S46",IF(OR(AND(C5="STSS47",F5<>"N/A",E5="Insolvency-related event confirmation",F$119="N/A"),AND(C5="STS47",F5="N/A",E5="Insolvency-related event confirmation",F$119<>"N/A")),"S47",IF(OR(AND(C5="STSS48",F5<>"N/A",E5="Pre-determined threshold value confirmation",F$119="N/A"),AND(C5="STSS48",F5="N/A",E5="Pre-determined threshold value confirmation",F$119<>"N/A")),"S48",IF(OR(AND(C5="STSS49",F5<>"N/A",E5="New underlying exposures failure generation confirmation",F$119="N/A"),AND(C5="STSS49",F5="N/A",E5="New underlying exposures failure generation confirmation",F$119<>"N/A")),"S49",IF(AND(C5="STSS61",OR(AND(OR(F$29="residential mortgages",F$29="auto loans/leases"),F5="Not available",E5="Environmental performance availability"),AND(OR(F$29="residential mortgages",F$29="auto loans/leases"),F5="N/A",E5="Environmental performance availability"),AND(F$29<>"residential mortgages",F$29<>"auto loans/leases",F5<>"N/A",E5="Environmental performance availability"),AND(E5="Environmental performance explanation",F4="Available",ISBLANK(F5)=TRUE))),"S61",1)))))))))))))))))))))))))))) -> FMT | P5: 10000 | Q5: =IF(AND(E5="Last notification date",MONTH(TODAY())>9,DAY(TODAY())>9),YEAR(TODAY())&"-"&MONTH(TODAY())&"-"&DAY(TODAY()),IF(AND(E5="Last notification date",MONTH(TODAY())<9,DAY(TODAY())<10),YEAR(TODAY())&"-0"&MONTH(TODAY())&"-0"&DAY(TODAY()),IF(AND(E5="Last notification date",MONTH(TODAY())>9,DAY(TODAY())<10),YEAR(TODAY())&"-"&MONTH(TODAY())&"-0"&DAY(TODAY()),IF(AND(E5="Last notification date",MONTH(TODAY())<10,DAY(TODAY())>9),YEAR(TODAY())&"-0"&MONTH(TODAY())&"-"&DAY(TODAY()),IF(LEFT(G5,4)="{SEC","SEC ID",IF(LEFT(G5,4)="{DAT","DATE",IF(LEFT(G5,4)="{TEX",Val!B$21,IF(LEFT(G5,4)="{ALP",Val!B$20,IF(LEFT(G5,4)="{COU",Val!B$20,IF(OR(LEFT(G5,4)="{ISI",LEFT(G5,4)="{LEI"),Val!B$17,IF(OR(LEFT(G5,4)="{CA_",LEFT(G5,4)="{Mas",LEFT(G5,4)="{Y/N",LEFT(G5,4)="{No ",LEFT(G5,4)="{N/A",LEFT(G5,4)="{Con",LEFT(G5,4)="{LIS"),"LIST",""))))))))))) -> ;ABCDEFGHIJKLMNOPQRSTUVWXYZ0123456789 | R5: =LEN(F5) -> 79 | S5: =IF(ISERROR(DATEVALUE(F5))=TRUE,"",DATEVALUE(F5)) | T5: =IF(AND(D5="M",ISBLANK(F5)=TRUE),"EMPTY",IF(AND(D5<>"M",ISBLANK(F5)=TRUE),"BLANK","UNK")) -> UNK | U5: {=IF(AND(E5="Payment exemption explanation",ISBLANK(F5)=FALSE,F$77="Confirmed"),"FORMAT",IF(AND(E5="Historical Default and Loss Performance Data location",F$3="Public",ISBLANK(F5)=TRUE),"FORMAT",IF(AND(E4="Subject to severe clawback",F4="Y",ISBLANK(F5)=TRUE),"FORMAT",IF(AND(E4="Subject to severe clawback",F4="N",ISBLANK(F5)=FALSE),"FORMAT",IF(AND(OR(E5="Credit granting criteria supervision comment",E5="Credit granting criteria compliance comment"),ISBLANK(F5)=FALSE,OR(AND(F$34="N",E400="Originator (or original lender) is not a Credit institution"),AND(F$37="N",E$37="Originator (or original lender) is not a Credit institution"))),"FORMAT_S17",IF(AND(C5="STSS60",E5="Location of Liability cash flow model",ISBLANK(F5)=TRUE,F$3="Public"),"FORMAT_S60",IF(AND(C5="STSS58",E5="Historical Default and Loss Performance Data location",ISBLANK(F5)=TRUE,F$3="Public"),"FORMAT_S37",IF(AND(E5="Sponsor LEI",ISBLANK(F5)=TRUE,ISBLANK(F$8)=TRUE),"FORMAT_LEI",IF(AND(E5="Originator LEI",ISBLANK(F5)=TRUE,ISBLANK(F$11)=TRUE),"FORMAT_LEI",IF(OR(T5="EMPTY",P5+1<LEN(F5),AND(G4="{Confirmed/Unconfirmed/N/A}",S5="N/A",F4="N/A",F5<>"")),"FORMAT",IF(OR(AND(E5="Non-ABCP securitisation unique identifier",MID(F5,21,1)<>"N"),AND(E5="ABCP transaction unique identifier",MID(F5,21,1)<>"T"),AND(E5="ABCP programme unique identifier",MID(F5,21,1)<>"P")),"FORMAT_SEC_ID",IF(AND(E5="Underlying exposures classification",F5<>"residential mortgages",F5<>"commercial mortgages",F5<>"credit facilities provided to individuals for personal, family or household consumption purposes",F5<>"credit facilities, including loans and leases, provided to any type of enterprise or corporation",F5<>"auto loans/leases",F5<>"credit-card receivables",F5<>"trade receivables",F5<>"others"),"FORMAT_LIST",IF(AND(E5="Instrument code",LEN(F5)-LEN(SUBSTITUTE(F5,";",""))<>LEN(F4)-LEN(SUBSTITUTE(F4,";",""))),"FORMAT_;",IF(AND(E5="Sponsor country (if multiple countries)",LEN(F5)-LEN(SUBSTITUTE(F5,";",""))<>LEN(F$11)-LEN(SUBSTITUTE(F$11,";",""))),"FORMAT_;",IF(AND(E5="Sponsor country (if multiple countries)",ISBLANK(F5)=FALSE,LEN(F5)-LEN(SUBSTITUTE(F5,";",""))=0),"FORMAT_;",IF(AND(E5="Sponsor country (if multiple countries)",ISBLANK(F5)=TRUE,LEN(F$11)-LEN(SUBSTITUTE(F$11,";",""))<>0),"FORMAT_;",IF(AND(E5="Originator country (if multiple countries)",LEN(F5)-LEN(SUBSTITUTE(F5,";",""))<>0,ISBLANK(F5)=FALSE,LEN(F5)-LEN(SUBSTITUTE(F5,";",""))<>LEN(F$8)-LEN(SUBSTITUTE(F$8,";",""))),"FORMAT_;",IF(AND(E5="Originator country (if multiple countries)",ISBLANK(F5)=FALSE,LEN(F5)-LEN(SUBSTITUTE(F5,";",""))=0),"FORMAT_;",IF(AND(E5="Originator country (if multiple countries)",ISBLANK(F5)=TRUE,LEN(F$8)-LEN(SUBSTITUTE(F$8,";",""))<>0),"FORMAT_;",IF(AND(E5="Original lender country (if multiple countries)",ISBLANK(F5)=FALSE,LEN(F5)-LEN(SUBSTITUTE(F5,";",""))<>0,LEN(F5)-LEN(SUBSTITUTE(F5,";",""))<>LEN(F$14)-LEN(SUBSTITUTE(F$14,";",""))),"FORMAT_;",IF(AND(E5="Original lender country (if multiple countries)",ISBLANK(F5)=TRUE,LEN(F$14)-LEN(SUBSTITUTE(F$14,";",""))<>0),"FORMAT_;",IF(AND(E5="Original lender country (if multiple countries)",ISBLANK(F5)=FALSE,LEN(F5)-LEN(SUBSTITUTE(F5,";",""))=0),"FORMAT_;",IF(OR(AND(E5="Designated Entity LEI",LEN(F5)<>20),AND(G5="{LEI}",LEN(F5)<>0,LEN(F5)<20),AND(G5="{ISIN}",LEN(F5)<>0,LEN(F5)<12),AND(LEN(F5)<>20,E5="Retaining entity LEI",ISBLANK(F5)=FALSE),AND(E5="Instrument ISIN",ISBLANK(F5)=FALSE,LEN(F5)>0,LEN(F5)<11),AND(D5="M",LEFT(G5,4)="{DAT",LEN(F5)<>10)),"FORMAT_LEN",IF(OR(AND(F5<>"",LEFT(G5,4)<>"{TEX",ISNUMBER(SUMPRODUCT(FIND(MID(F5,ROW(INDIRECT("1:"&LEN(F5))),1),W5)))=FALSE),AND(F5<>"",LEFT(G5,4)<>"{TEX",ISERROR(SUMPRODUCT(SEARCH(MID(F5,ROW(INDIRECT("1:"&LEN(TRIM(F5)))),1)," "&W5&CHAR(10)&"""")))=TRUE)),"FORMAT_CHAR",IF(LEFT(G5,4)="{TEX","TEXT","UNK")))))))))))))))))))))))))} -> FORMAT_CHAR | V5: {=IF(OR(LEN(F5)>P5+1),FALSE,IF(LEFT(G5,5)="{TEXT",TRUE,IF(AND(ISBLANK(F5)=FALSE,G5="{DATE_TEXT-YYYY-MM-DD}",LEN(F5)<>10),FALSE,IF(AND(ISBLANK(F5)=FALSE,ISNUMBER(SUMPRODUCT(SEARCH(MID(F5,ROW(INDIRECT("1:"&LEN(TRIM(F5)))),1)," "&W5&CHAR(10)&"""")))=FALSE),FALSE,TRUE))))} -> TRUE | W5: =IF(G5="{Applicable/N/A}","N/Aplicable",IF(E5="Designated Entity LEI","ABCDEFGHIJKLMNOPQRSTUVWXYZ0123456789",IF(OR(G5="{ISIN}",G5="{LEI}"),";ABCDEFGHIJKLMNOPQRSTUVWXYZ0123456789",IF(G5="{Master Trust/Other}","Master TuOhe",IF(E5="Securitisation type","Privateublc",IF(LEFT(G5,4)="{CA_",Val!B$21,IF(G5="{COUNTRY_EU_LIST}"," ;abcdefghijklmnopqrstuvwxyzABCDEFGHIJKLMNOPQRSTUVWXYZ0123456789",IF(OR(G5="{NOTIFICATION ID}",G5="{SECURITISATION ID}"),Val!B$15,IF(G5="{COUNTRY_EU}"," ;abcdefghijklmnopqrstuvwxyzABCDEFGHIJKLMNOPQRSTUVWXYZ",IF(G5="{Confirmed/Unconfirmed}","ConfirmedUnc",IF(G5="{Confirmed/Unconfirmed/N/A}","Confirmed/UncNA",IF(LEFT(G5,4)="{DAT","0123456789-",IF(LEFT(G5,4)="{Y/N","YN",IF(OR(LEFT(G5,4)="{N/A",LEFT(G5,4)="{LIS",LEFT(G5,4)="{No ",LEFT(G5,4)="{SEC",LEFT(G5,4)="{Mas"),Val!B$20,IF(LEFT(G5,4)="{TEX",Val!B$21,IF(LEFT(G5,4)="{ALP",Val!B$20,IF(LEFT(G5,4)="{COU",Val!B$20))))))))))))))))) -> ;ABCDEFGHIJKLMNOPQRSTUVWXYZ0123456789 | Y5: N/A | AB5: credit facilities, including loans and leases, provided to any type of enterprise or corporation | AC5: Bulgarian National Bank (BNB) | AG5: BULGARIA
A6: NPU4 | B6: N4 | C6: STSS1 | D6: C | E6: Instrument code type | G6: {ALPHANUM-35} | H6: If no ISIN is available, the name of the unique securities code assigned to this securitisation | I6: Instrument code type and Instrument code should be reported in Box to complete where ISIN is not available. To be used to define the instrument code type (such as CUSIP). Where no international code is assigned to this securitisation, at least one internal code should be reported in field STSS1-Instrument code and "INTERNAL" should be reported in this field. Where multiple codes are reported, ";" separator should be used without any space between each code type. That may lead to repetition of the same code type (CUSIP;CUSIP). Field codes are highlighted in amber where: - STSS1-Instrument code type is left blank whereas STSS1-Instrument code is reported; or - the fields STSS1-ISIN, STSS1-Instrument code type and STSS1- Instrument code are left blank; or - field has errors in format. | O6: =IF(LEFT(U6,6)="FORMAT","FMT",IF(AND(E6="Designated Entity LEI",ISBLANK(F6)=FALSE,ISNUMBER(SEARCH(F6,F$8))=FALSE,ISNUMBER(SEARCH(F6,F$11))=FALSE),"DE",IF(AND(C6="STSS1",OR(AND(E6="Instrument ISIN",ISBLANK(F6)=TRUE,ISBLANK(F7)=TRUE,ISBLANK(F8)=TRUE),AND(E6="Instrument code",ISBLANK(F6)=TRUE,ISBLANK(F5)=TRUE,ISBLANK(F$5)=TRUE),AND(E6="Instrument code type",ISBLANK(F6)=TRUE,ISBLANK(F7)=TRUE,ISBLANK(F5)=TRUE),AND(E6="Instrument code",ISBLANK(F6)=TRUE,ISBLANK(F5)=FALSE),AND(E6="Instrument code type",ISBLANK(F6)=FALSE,ISBLANK(F7)=TRUE))),"S1",IF(AND(C6="STSS8",OR(AND(OR(E6="Sponsor country",E6="Originator country",E6="SSPE country",E6="Original Lender country"),ISBLANK(F7)=FALSE,ISBLANK(F6)=FALSE),AND(RIGHT(E6,23)="(if multiple countries)",ISBLANK(F5)=FALSE,ISBLANK(F6)=FALSE),AND(OR(E6="Sponsor country",E6="Originator country",E6="Original Lender country"),ISBLANK(F7)=TRUE,ISBLANK(F6)=TRUE,ISBLANK(F5)=FALSE))),"S8",IF(AND(C6="STSS5",OR(AND(E6="Exemption on Prospectus",ISBLANK(F6)=TRUE,ISBLANK(F5)=TRUE,ISBLANK(F$23)=TRUE,F$3="Public"),AND(E6="Prospectus Country",ISBLANK(F6)=TRUE,ISBLANK(F7)=TRUE,ISBLANK(F8)=TRUE,F$3="Public"),AND(E6="Prospectus identifier ",ISBLANK(F6)=TRUE,ISBLANK(F7)=TRUE,ISBLANK(F5)=TRUE,F$3="Public"),AND(E6="Exemption on Prospectus",ISBLANK(F6)=FALSE,ISBLANK(F5)=FALSE,ISBLANK(F$23)=FALSE),AND(E6="Prospectus Country",ISBLANK(F6)=FALSE,ISBLANK(F7)=FALSE,ISBLANK(F8)=FALSE),AND(E6="Prospectus identifier ",ISBLANK(F6)=FALSE,ISBLANK(F5)=FALSE,ISBLANK(F5)=FALSE),AND(E6="Prospectus Country",ISBLANK(F6)=FALSE,ISBLANK(F7)=TRUE),AND(E6="Prospectus identifier",ISBLANK(F6)=FALSE,ISBLANK(F5)=TRUE),AND(E6="Prospectus Country",ISBLANK(F6)=TRUE,ISBLANK(F7)=FALSE),AND(E6="Prospectus identifier",ISBLANK(F6)=TRUE,ISBLANK(F5)=FALSE),AND(E6="Prospectus identifier",ISBLANK(F6)=FALSE,ISBLANK(F7)=FALSE,F$3="Public"),AND(E6="Prospectus Country",ISBLANK(F6)=FALSE,ISBLANK(F8)=FALSE,F$3="Public"))),"S5",IF(AND(C6="STSS6",E6="Securitisation Repository name",ISBLANK(F6)=TRUE,F$3="Public"),"S6",IF(AND(C6="STSS12",OR(AND(S6<>"",S6>TODAY()+1))),"S12",IF(AND(C6="STSS13",OR(AND(F$32="N",E$32="Authorised Third party flag",E6<>"Authorised Third party flag",ISBLANK(F6)=FALSE),AND(F$32="Y",E$32="Authorised Third party flag",E6<>"Authorised Third party flag",ISBLANK(F6)=TRUE))),"S13",IF(AND(C6="STSS14",OR(AND(E$32="Authorised Third party flag",E6<>"Authorised Third party flag",F$32="N",ISBLANK(F6)=FALSE),AND(E$32="Authorised Third party flag",E6<>"Authorised Third party flag",F$32="Y",ISBLANK(F6)=TRUE),AND(E$32="Authorised Third party flag",E6<>"Authorised Third party flag",F$32="N",ISBLANK(F6)=FALSE),AND(E$32="Authorised Third party flag",E6<>"Authorised Third party flag",F$32="Y",ISBLANK(F6)=TRUE))),"S14",IF(AND(C6="STSS15",OR(AND(E$32="Authorised Third party flag",F$32="N",E6<>"Authorised Third party flag",ISBLANK(F6)=FALSE),AND(E6<>"Authorised Third party flag",E$32="Authorised Third party flag",F$32="Y",ISBLANK(F6)=TRUE),AND(RIGHT(E6,11)="t Authority",E$32="Authorised Third party flag",F$32="N",ISBLANK(F6)=FALSE))),"S15",IF(AND(C6="STSS4",OR(AND(E6="Multiple STS notifications reason",ISBLANK(F6)=TRUE,F5="Y"),AND(E6="Multiple STS notifications comment",ISBLANK(F6)=TRUE,F$20="Y"),AND(E6="Multiple STS notifications reason",ISBLANK(F6)=FALSE,F5="N"),AND(E6="Multiple STS notifications comment",ISBLANK(F6)=FALSE,F$20="N"))),"Trust",IF(OR(AND(RIGHT(G6,7)="ed/N/A}",F6<>"Confirmed",F6<>"Unconfirmed",F6<>"N/A"),AND(G6="{Confirmed/Unconfirmed}",F6<>"Confirmed",F6<>"Unconfirmed")),"lst",IF(AND(RIGHT(G5,7)="ed/N/A}",C6<>"STSS61",C6<>"STSS23",F5<>"N/A",ISBLANK(F6)=TRUE,D6="C"),"CND",IF(AND(F6="Unconfirmed",C6<>"STSS32"),"UCF",IF(AND(C6="STSS21",E6="Subject to severe clawback",F6="Y"),"S21",IF(AND(C6="STSS23",OR(AND(E5="The seller is not the original lender flag",F6="N/A",F5="Y"),AND(E5="The seller is not the original lender flag",F6<>"N/A",F5="N"),AND(E$48="The seller is not the original lender flag",ISBLANK(F6)=TRUE,F$48="Y"))),"S23",IF(AND(C6="STSS32",OR(AND(E6="Payment exemption",F$77="Unconfirmed",OR(F6="N/A",F6="No exemption",ISBLANK(F6)=TRUE)),AND(E6="Payment exemption",ISBLANK(F6)=FALSE,F$77="Confirmed"))),"S32",IF(AND(C6="STSS18",OR(AND(E6="Credit granting criteria compliance confirmation",F6<>"N/A",F5="N"),AND(E6="Credit granting criteria compliance confirmation",OR(ISBLANK(F6)=TRUE,F6="N/A"),F5="Y"))),"S18",IF(AND(C6="STSS19",OR(AND(F6<>"N/A",F$37="N",E6="Credit granting criteria supervision confirmation"),AND(OR(ISBLANK(F6)=TRUE,F6="N/A"),F$37="Y",E6="Credit granting criteria supervision confirmation"))),"S19",IF(AND(C6="STSS29",OR(AND(E6="Residential Loan requirement confirmation",F6<>"N/A",F$29<>"residential mortgages"),AND(E6="Residential Loan requirement confirmation",F6="N/A",F$29="residential mortgages"))),"S29",IF(AND(C6="STSS34",OR(AND(D6="C",E6="Other options used comment",F5="Y",ISBLANK(F6)=TRUE),AND(E6="Other options used comment",F5="N",D6="C",ISBLANK(F6)=FALSE),AND(E6="No compliance with risk retention requirements",F6="Y"),AND(E6="Vertical slice",F6="N",F7="N",F8="N",F9="N",F10="N",F11="N",F12="N"),AND(E6="Seller's share",F6="N",F7="N",F8="N",F9="N",F10="N",F11="N",F$87="N"),AND(E6="Randomly-selected exposures kept on balance sheet",F6="N",F7="N",F8="N",F9="N",F10="N",F$87="N",F$88="N"),AND(E6="First loss tranche",F6="N",F7="N",F8="N",F9="N",F$87="N",F$88="N",F$89="N"),AND(E6="First loss exposure in each asset indicator",F6="N",F7="N",F8="N",F$87="N",F$88="N",F$89="N",F$90="N"),AND(E6="No compliance with risk retention requirements",F6="N",F7="N",F$87="N",F$88="N",F$89="N",F$90="N",F$91="N"),AND(E6="Other option indicator",F6="N",F$87="N",F$88="N",F$89="N",F$90="N",F$91="N",F$92="N"),AND(E6="Retaining entity LEI",ISBLANK(F6)=TRUE,ISBLANK(F7)=TRUE),AND(E6="Retaining entity name",ISBLANK(F6)=TRUE,ISBLANK(F5)=TRUE))),"S34",IF(AND(C6="STSS37",OR(AND(F6="N/A",E6="Common standards underwriting derivatives confirmation",F$97<>"No derivatives"),AND(F6<>"N/A",E6="Common standards underwriting derivatives confirmation",F$97="No derivatives"))),"S37",IF(AND(C6="STSS44",F6="N/A",E6="Credit quality deterioration trigger confirmation",F$113="Confirmed"),"S44",IF(OR(AND(C6="STSS46",F6<>"N/A",E6="Credit quality deterioration trigger confirmation",F$119="N/A"),AND(C6="STSS46",F6="N/A",E6="Credit quality deterioration trigger confirmation",F$119<>"N/A")),"S46",IF(OR(AND(C6="STSS47",F6<>"N/A",E6="Insolvency-related event confirmation",F$119="N/A"),AND(C6="STS47",F6="N/A",E6="Insolvency-related event confirmation",F$119<>"N/A")),"S47",IF(OR(AND(C6="STSS48",F6<>"N/A",E6="Pre-determined threshold value confirmation",F$119="N/A"),AND(C6="STSS48",F6="N/A",E6="Pre-determined threshold value confirmation",F$119<>"N/A")),"S48",IF(OR(AND(C6="STSS49",F6<>"N/A",E6="New underlying exposures failure generation confirmation",F$119="N/A"),AND(C6="STSS49",F6="N/A",E6="New underlying exposures failure generation confirmation",F$119<>"N/A")),"S49",IF(AND(C6="STSS61",OR(AND(OR(F$29="residential mortgages",F$29="auto loans/leases"),F6="Not available",E6="Environmental performance availability"),AND(OR(F$29="residential mortgages",F$29="auto loans/leases"),F6="N/A",E6="Environmental performance availability"),AND(F$29<>"residential mortgages",F$29<>"auto loans/leases",F6<>"N/A",E6="Environmental performance availability"),AND(E6="Environmental performance explanation",F5="Available",ISBLANK(F6)=TRUE))),"S61",1)))))))))))))))))))))))))))) -> 1 | P6: 35 | Q6: =IF(AND(E6="Last notification date",MONTH(TODAY())>9,DAY(TODAY())>9),YEAR(TODAY())&"-"&MONTH(TODAY())&"-"&DAY(TODAY()),IF(AND(E6="Last notification date",MONTH(TODAY())<9,DAY(TODAY())<10),YEAR(TODAY())&"-0"&MONTH(TODAY())&"-0"&DAY(TODAY()),IF(AND(E6="Last notification date",MONTH(TODAY())>9,DAY(TODAY())<10),YEAR(TODAY())&"-"&MONTH(TODAY())&"-0"&DAY(TODAY()),IF(AND(E6="Last notification date",MONTH(TODAY())<10,DAY(TODAY())>9),YEAR(TODAY())&"-0"&MONTH(TODAY())&"-"&DAY(TODAY()),IF(LEFT(G6,4)="{SEC","SEC ID",IF(LEFT(G6,4)="{DAT","DATE",IF(LEFT(G6,4)="{TEX",Val!B$21,IF(LEFT(G6,4)="{ALP",Val!B$20,IF(LEFT(G6,4)="{COU",Val!B$20,IF(OR(LEFT(G6,4)="{ISI",LEFT(G6,4)="{LEI"),Val!B$17,IF(OR(LEFT(G6,4)="{CA_",LEFT(G6,4)="{Mas",LEFT(G6,4)="{Y/N",LEFT(G6,4)="{No ",LEFT(G6,4)="{N/A",LEFT(G6,4)="{Con",LEFT(G6,4)="{LIS"),"LIST",""))))))))))) -> !"#$%&'()*+,-./0123456789:;<=>?@ABCDEFGHIJKLMNOPQRSTUVWXYZ[\]^_`abcdefghijklmnopqrstuvwxyz{|} | R6: =LEN(F6) -> 0 | S6: =IF(ISERROR(DATEVALUE(F6))=TRUE,"",DATEVALUE(F6)) | T6: =IF(AND(D6="M",ISBLANK(F6)=TRUE),"EMPTY",IF(AND(D6<>"M",ISBLANK(F6)=TRUE),"BLANK","UNK")) -> BLANK | U6: {=IF(AND(E6="Payment exemption explanation",ISBLANK(F6)=FALSE,F$77="Confirmed"),"FORMAT",IF(AND(E6="Historical Default and Loss Performance Data location",F$3="Public",ISBLANK(F6)=TRUE),"FORMAT",IF(AND(E5="Subject to severe clawback",F5="Y",ISBLANK(F6)=TRUE),"FORMAT",IF(AND(E5="Subject to severe clawback",F5="N",ISBLANK(F6)=FALSE),"FORMAT",IF(AND(OR(E6="Credit granting criteria supervision comment",E6="Credit granting criteria compliance comment"),ISBLANK(F6)=FALSE,OR(AND(F$34="N",E401="Originator (or original lender) is not a Credit institution"),AND(F$37="N",E$37="Originator (or original lender) is not a Credit institution"))),"FORMAT_S17",IF(AND(C6="STSS60",E6="Location of Liability cash flow model",ISBLANK(F6)=TRUE,F$3="Public"),"FORMAT_S60",IF(AND(C6="STSS58",E6="Historical Default and Loss Performance Data location",ISBLANK(F6)=TRUE,F$3="Public"),"FORMAT_S37",IF(AND(E6="Sponsor LEI",ISBLANK(F6)=TRUE,ISBLANK(F$8)=TRUE),"FORMAT_LEI",IF(AND(E6="Originator LEI",ISBLANK(F6)=TRUE,ISBLANK(F$11)=TRUE),"FORMAT_LEI",IF(OR(T6="EMPTY",P6+1<LEN(F6),AND(G5="{Confirmed/Unconfirmed/N/A}",S6="N/A",F5="N/A",F6<>"")),"FORMAT",IF(OR(AND(E6="Non-ABCP securitisation unique identifier",MID(F6,21,1)<>"N"),AND(E6="ABCP transaction unique identifier",MID(F6,21,1)<>"T"),AND(E6="ABCP programme unique identifier",MID(F6,21,1)<>"P")),"FORMAT_SEC_ID",IF(AND(E6="Underlying exposures classification",F6<>"residential mortgages",F6<>"commercial mortgages",F6<>"credit facilities provided to individuals for personal, family or household consumption purposes",F6<>"credit facilities, including loans and leases, provided to any type of enterprise or corporation",F6<>"auto loans/leases",F6<>"credit-card receivables",F6<>"trade receivables",F6<>"others"),"FORMAT_LIST",IF(AND(E6="Instrument code",LEN(F6)-LEN(SUBSTITUTE(F6,";",""))<>LEN(F5)-LEN(SUBSTITUTE(F5,";",""))),"FORMAT_;",IF(AND(E6="Sponsor country (if multiple countries)",LEN(F6)-LEN(SUBSTITUTE(F6,";",""))<>LEN(F$11)-LEN(SUBSTITUTE(F$11,";",""))),"FORMAT_;",IF(AND(E6="Sponsor country (if multiple countries)",ISBLANK(F6)=FALSE,LEN(F6)-LEN(SUBSTITUTE(F6,";",""))=0),"FORMAT_;",IF(AND(E6="Sponsor country (if multiple countries)",ISBLANK(F6)=TRUE,LEN(F$11)-LEN(SUBSTITUTE(F$11,";",""))<>0),"FORMAT_;",IF(AND(E6="Originator country (if multiple countries)",LEN(F6)-LEN(SUBSTITUTE(F6,";",""))<>0,ISBLANK(F6)=FALSE,LEN(F6)-LEN(SUBSTITUTE(F6,";",""))<>LEN(F$8)-LEN(SUBSTITUTE(F$8,";",""))),"FORMAT_;",IF(AND(E6="Originator country (if multiple countries)",ISBLANK(F6)=FALSE,LEN(F6)-LEN(SUBSTITUTE(F6,";",""))=0),"FORMAT_;",IF(AND(E6="Originator country (if multiple countries)",ISBLANK(F6)=TRUE,LEN(F$8)-LEN(SUBSTITUTE(F$8,";",""))<>0),"FORMAT_;",IF(AND(E6="Original lender country (if multiple countries)",ISBLANK(F6)=FALSE,LEN(F6)-LEN(SUBSTITUTE(F6,";",""))<>0,LEN(F6)-LEN(SUBSTITUTE(F6,";",""))<>LEN(F$14)-LEN(SUBSTITUTE(F$14,";",""))),"FORMAT_;",IF(AND(E6="Original lender country (if multiple countries)",ISBLANK(F6)=TRUE,LEN(F$14)-LEN(SUBSTITUTE(F$14,";",""))<>0),"FORMAT_;",IF(AND(E6="Original lender country (if multiple countries)",ISBLANK(F6)=FALSE,LEN(F6)-LEN(SUBSTITUTE(F6,";",""))=0),"FORMAT_;",IF(OR(AND(E6="Designated Entity LEI",LEN(F6)<>20),AND(G6="{LEI}",LEN(F6)<>0,LEN(F6)<20),AND(G6="{ISIN}",LEN(F6)<>0,LEN(F6)<12),AND(LEN(F6)<>20,E6="Retaining entity LEI",ISBLANK(F6)=FALSE),AND(E6="Instrument ISIN",ISBLANK(F6)=FALSE,LEN(F6)>0,LEN(F6)<11),AND(D6="M",LEFT(G6,4)="{DAT",LEN(F6)<>10)),"FORMAT_LEN",IF(OR(AND(F6<>"",LEFT(G6,4)<>"{TEX",ISNUMBER(SUMPRODUCT(FIND(MID(F6,ROW(INDIRECT("1:"&LEN(F6))),1),W6)))=FALSE),AND(F6<>"",LEFT(G6,4)<>"{TEX",ISERROR(SUMPRODUCT(SEARCH(MID(F6,ROW(INDIRECT("1:"&LEN(TRIM(F6)))),1)," "&W6&CHAR(10)&"""")))=TRUE)),"FORMAT_CHAR",IF(LEFT(G6,4)="{TEX","TEXT","UNK")))))))))))))))))))))))))} -> UNK | V6: {=IF(OR(LEN(F6)>P6+1),FALSE,IF(LEFT(G6,5)="{TEXT",TRUE,IF(AND(ISBLANK(F6)=FALSE,G6="{DATE_TEXT-YYYY-MM-DD}",LEN(F6)<>10),FALSE,IF(AND(ISBLANK(F6)=FALSE,ISNUMBER(SUMPRODUCT(SEARCH(MID(F6,ROW(INDIRECT("1:"&LEN(TRIM(F6)))),1)," "&W6&CHAR(10)&"""")))=FALSE),FALSE,TRUE))))} -> TRUE | W6: =IF(G6="{Applicable/N/A}","N/Aplicable",IF(E6="Designated Entity LEI","ABCDEFGHIJKLMNOPQRSTUVWXYZ0123456789",IF(OR(G6="{ISIN}",G6="{LEI}"),";ABCDEFGHIJKLMNOPQRSTUVWXYZ0123456789",IF(G6="{Master Trust/Other}","Master TuOhe",IF(E6="Securitisation type","Privateublc",IF(LEFT(G6,4)="{CA_",Val!B$21,IF(G6="{COUNTRY_EU_LIST}"," ;abcdefghijklmnopqrstuvwxyzABCDEFGHIJKLMNOPQRSTUVWXYZ0123456789",IF(OR(G6="{NOTIFICATION ID}",G6="{SECURITISATION ID}"),Val!B$15,IF(G6="{COUNTRY_EU}"," ;abcdefghijklmnopqrstuvwxyzABCDEFGHIJKLMNOPQRSTUVWXYZ",IF(G6="{Confirmed/Unconfirmed}","ConfirmedUnc",IF(G6="{Confirmed/Unconfirmed/N/A}","Confirmed/UncNA",IF(LEFT(G6,4)="{DAT","0123456789-",IF(LEFT(G6,4)="{Y/N","YN",IF(OR(LEFT(G6,4)="{N/A",LEFT(G6,4)="{LIS",LEFT(G6,4)="{No ",LEFT(G6,4)="{SEC",LEFT(G6,4)="{Mas"),Val!B$20,IF(LEFT(G6,4)="{TEX",Val!B$21,IF(LEFT(G6,4)="{ALP",Val!B$20,IF(LEFT(G6,4)="{COU",Val!B$20))))))))))))))))) -> !"#$%&'()*+,-./0123456789:;<=>?@ABCDEFGHIJKLMNOPQRSTUVWXYZ[\]^_`abcdefghijklmnopqrstuvwxyz{|} | AB6: auto loans/leases | AC6: Bulgary - Financial Supervision Commission (FSC) | AG6: CYPRUS
A7: NPU5 | B7: N5 | C7: STSS1 | D7: C | E7: Instrument code | G7: {TEXT-100} | H7: If no ISIN is available, any other unique securities code such as a CUSIP, assigned to this securitisation | I7: Instrument code type and Instrument code should be reported in Box to complete where ISIN is not available. To be used to report the instrument code that is not ISIN (such as CUSIP). Where no international code is assigned to this securitisation, at least one internal code should be reported in this field. Where multiple codes are reported, ";" separator should be used without any space between each code. That may lead to repetition of the same code type (CUSIP_Value;CUSIP_Value). Field codes are highlighted in amber where: - STSS1-Instrument code is left blank whereas STSS1-Instrument code type is reported; or - fields STSS1-ISIN, STSS1-Instrument code type and STSS1- Instrument code are left blank; or - the number of Instrument code types is different from the number of Instrument codes; or - field has errors in format. | O7: =IF(LEFT(U7,6)="FORMAT","FMT",IF(AND(E7="Designated Entity LEI",ISBLANK(F7)=FALSE,ISNUMBER(SEARCH(F7,F$8))=FALSE,ISNUMBER(SEARCH(F7,F$11))=FALSE),"DE",IF(AND(C7="STSS1",OR(AND(E7="Instrument ISIN",ISBLANK(F7)=TRUE,ISBLANK(F8)=TRUE,ISBLANK(F9)=TRUE),AND(E7="Instrument code",ISBLANK(F7)=TRUE,ISBLANK(F6)=TRUE,ISBLANK(F$5)=TRUE),AND(E7="Instrument code type",ISBLANK(F7)=TRUE,ISBLANK(F8)=TRUE,ISBLANK(F6)=TRUE),AND(E7="Instrument code",ISBLANK(F7)=TRUE,ISBLANK(F6)=FALSE),AND(E7="Instrument code type",ISBLANK(F7)=FALSE,ISBLANK(F8)=TRUE))),"S1",IF(AND(C7="STSS8",OR(AND(OR(E7="Sponsor country",E7="Originator country",E7="SSPE country",E7="Original Lender country"),ISBLANK(F8)=FALSE,ISBLANK(F7)=FALSE),AND(RIGHT(E7,23)="(if multiple countries)",ISBLANK(F6)=FALSE,ISBLANK(F7)=FALSE),AND(OR(E7="Sponsor country",E7="Originator country",E7="Original Lender country"),ISBLANK(F8)=TRUE,ISBLANK(F7)=TRUE,ISBLANK(F6)=FALSE))),"S8",IF(AND(C7="STSS5",OR(AND(E7="Exemption on Prospectus",ISBLANK(F7)=TRUE,ISBLANK(F6)=TRUE,ISBLANK(F$23)=TRUE,F$3="Public"),AND(E7="Prospectus Country",ISBLANK(F7)=TRUE,ISBLANK(F8)=TRUE,ISBLANK(F9)=TRUE,F$3="Public"),AND(E7="Prospectus identifier ",ISBLANK(F7)=TRUE,ISBLANK(F8)=TRUE,ISBLANK(F6)=TRUE,F$3="Public"),AND(E7="Exemption on Prospectus",ISBLANK(F7)=FALSE,ISBLANK(F6)=FALSE,ISBLANK(F$23)=FALSE),AND(E7="Prospectus Country",ISBLANK(F7)=FALSE,ISBLANK(F8)=FALSE,ISBLANK(F9)=FALSE),AND(E7="Prospectus identifier ",ISBLANK(F7)=FALSE,ISBLANK(F6)=FALSE,ISBLANK(F6)=FALSE),AND(E7="Prospectus Country",ISBLANK(F7)=FALSE,ISBLANK(F8)=TRUE),AND(E7="Prospectus identifier",ISBLANK(F7)=FALSE,ISBLANK(F6)=TRUE),AND(E7="Prospectus Country",ISBLANK(F7)=TRUE,ISBLANK(F8)=FALSE),AND(E7="Prospectus identifier",ISBLANK(F7)=TRUE,ISBLANK(F6)=FALSE),AND(E7="Prospectus identifier",ISBLANK(F7)=FALSE,ISBLANK(F8)=FALSE,F$3="Public"),AND(E7="Prospectus Country",ISBLANK(F7)=FALSE,ISBLANK(F9)=FALSE,F$3="Public"))),"S5",IF(AND(C7="STSS6",E7="Securitisation Repository name",ISBLANK(F7)=TRUE,F$3="Public"),"S6",IF(AND(C7="STSS12",OR(AND(S7<>"",S7>TODAY()+1))),"S12",IF(AND(C7="STSS13",OR(AND(F$32="N",E$32="Authorised Third party flag",E7<>"Authorised Third party flag",ISBLANK(F7)=FALSE),AND(F$32="Y",E$32="Authorised Third party flag",E7<>"Authorised Third party flag",ISBLANK(F7)=TRUE))),"S13",IF(AND(C7="STSS14",OR(AND(E$32="Authorised Third party flag",E7<>"Authorised Third party flag",F$32="N",ISBLANK(F7)=FALSE),AND(E$32="Authorised Third party flag",E7<>"Authorised Third party flag",F$32="Y",ISBLANK(F7)=TRUE),AND(E$32="Authorised Third party flag",E7<>"Authorised Third party flag",F$32="N",ISBLANK(F7)=FALSE),AND(E$32="Authorised Third party flag",E7<>"Authorised Third party flag",F$32="Y",ISBLANK(F7)=TRUE))),"S14",IF(AND(C7="STSS15",OR(AND(E$32="Authorised Third party flag",F$32="N",E7<>"Authorised Third party flag",ISBLANK(F7)=FALSE),AND(E7<>"Authorised Third party flag",E$32="Authorised Third party flag",F$32="Y",ISBLANK(F7)=TRUE),AND(RIGHT(E7,11)="t Authority",E$32="Authorised Third party flag",F$32="N",ISBLANK(F7)=FALSE))),"S15",IF(AND(C7="STSS4",OR(AND(E7="Multiple STS notifications reason",ISBLANK(F7)=TRUE,F6="Y"),AND(E7="Multiple STS notifications comment",ISBLANK(F7)=TRUE,F$20="Y"),AND(E7="Multiple STS notifications reason",ISBLANK(F7)=FALSE,F6="N"),AND(E7="Multiple STS notifications comment",ISBLANK(F7)=FALSE,F$20="N"))),"Trust",IF(OR(AND(RIGHT(G7,7)="ed/N/A}",F7<>"Confirmed",F7<>"Unconfirmed",F7<>"N/A"),AND(G7="{Confirmed/Unconfirmed}",F7<>"Confirmed",F7<>"Unconfirmed")),"lst",IF(AND(RIGHT(G6,7)="ed/N/A}",C7<>"STSS61",C7<>"STSS23",F6<>"N/A",ISBLANK(F7)=TRUE,D7="C"),"CND",IF(AND(F7="Unconfirmed",C7<>"STSS32"),"UCF",IF(AND(C7="STSS21",E7="Subject to severe clawback",F7="Y"),"S21",IF(AND(C7="STSS23",OR(AND(E6="The seller is not the original lender flag",F7="N/A",F6="Y"),AND(E6="The seller is not the original lender flag",F7<>"N/A",F6="N"),AND(E$48="The seller is not the original lender flag",ISBLANK(F7)=TRUE,F$48="Y"))),"S23",IF(AND(C7="STSS32",OR(AND(E7="Payment exemption",F$77="Unconfirmed",OR(F7="N/A",F7="No exemption",ISBLANK(F7)=TRUE)),AND(E7="Payment exemption",ISBLANK(F7)=FALSE,F$77="Confirmed"))),"S32",IF(AND(C7="STSS18",OR(AND(E7="Credit granting criteria compliance confirmation",F7<>"N/A",F6="N"),AND(E7="Credit granting criteria compliance confirmation",OR(ISBLANK(F7)=TRUE,F7="N/A"),F6="Y"))),"S18",IF(AND(C7="STSS19",OR(AND(F7<>"N/A",F$37="N",E7="Credit granting criteria supervision confirmation"),AND(OR(ISBLANK(F7)=TRUE,F7="N/A"),F$37="Y",E7="Credit granting criteria supervision confirmation"))),"S19",IF(AND(C7="STSS29",OR(AND(E7="Residential Loan requirement confirmation",F7<>"N/A",F$29<>"residential mortgages"),AND(E7="Residential Loan requirement confirmation",F7="N/A",F$29="residential mortgages"))),"S29",IF(AND(C7="STSS34",OR(AND(D7="C",E7="Other options used comment",F6="Y",ISBLANK(F7)=TRUE),AND(E7="Other options used comment",F6="N",D7="C",ISBLANK(F7)=FALSE),AND(E7="No compliance with risk retention requirements",F7="Y"),AND(E7="Vertical slice",F7="N",F8="N",F9="N",F10="N",F11="N",F12="N",F13="N"),AND(E7="Seller's share",F7="N",F8="N",F9="N",F10="N",F11="N",F12="N",F$87="N"),AND(E7="Randomly-selected exposures kept on balance sheet",F7="N",F8="N",F9="N",F10="N",F11="N",F$87="N",F$88="N"),AND(E7="First loss tranche",F7="N",F8="N",F9="N",F10="N",F$87="N",F$88="N",F$89="N"),AND(E7="First loss exposure in each asset indicator",F7="N",F8="N",F9="N",F$87="N",F$88="N",F$89="N",F$90="N"),AND(E7="No compliance with risk retention requirements",F7="N",F8="N",F$87="N",F$88="N",F$89="N",F$90="N",F$91="N"),AND(E7="Other option indicator",F7="N",F$87="N",F$88="N",F$89="N",F$90="N",F$91="N",F$92="N"),AND(E7="Retaining entity LEI",ISBLANK(F7)=TRUE,ISBLANK(F8)=TRUE),AND(E7="Retaining entity name",ISBLANK(F7)=TRUE,ISBLANK(F6)=TRUE))),"S34",IF(AND(C7="STSS37",OR(AND(F7="N/A",E7="Common standards underwriting derivatives confirmation",F$97<>"No derivatives"),AND(F7<>"N/A",E7="Common standards underwriting derivatives confirmation",F$97="No derivatives"))),"S37",IF(AND(C7="STSS44",F7="N/A",E7="Credit quality deterioration trigger confirmation",F$113="Confirmed"),"S44",IF(OR(AND(C7="STSS46",F7<>"N/A",E7="Credit quality deterioration trigger confirmation",F$119="N/A"),AND(C7="STSS46",F7="N/A",E7="Credit quality deterioration trigger confirmation",F$119<>"N/A")),"S46",IF(OR(AND(C7="STSS47",F7<>"N/A",E7="Insolvency-related event confirmation",F$119="N/A"),AND(C7="STS47",F7="N/A",E7="Insolvency-related event confirmation",F$119<>"N/A")),"S47",IF(OR(AND(C7="STSS48",F7<>"N/A",E7="Pre-determined threshold value confirmation",F$119="N/A"),AND(C7="STSS48",F7="N/A",E7="Pre-determined threshold value confirmation",F$119<>"N/A")),"S48",IF(OR(AND(C7="STSS49",F7<>"N/A",E7="New underlying exposures failure generation confirmation",F$119="N/A"),AND(C7="STSS49",F7="N/A",E7="New underlying exposures failure generation confirmation",F$119<>"N/A")),"S49",IF(AND(C7="STSS61",OR(AND(OR(F$29="residential mortgages",F$29="auto loans/leases"),F7="Not available",E7="Environmental performance availability"),AND(OR(F$29="residential mortgages",F$29="auto loans/leases"),F7="N/A",E7="Environmental performance availability"),AND(F$29<>"residential mortgages",F$29<>"auto loans/leases",F7<>"N/A",E7="Environmental performance availability"),AND(E7="Environmental performance explanation",F6="Available",ISBLANK(F7)=TRUE))),"S61",1)))))))))))))))))))))))))))) -> 1 | P7: 100 | Q7: =IF(AND(E7="Last notification date",MONTH(TODAY())>9,DAY(TODAY())>9),YEAR(TODAY())&"-"&MONTH(TODAY())&"-"&DAY(TODAY()),IF(AND(E7="Last notification date",MONTH(TODAY())<9,DAY(TODAY())<10),YEAR(TODAY())&"-0"&MONTH(TODAY())&"-0"&DAY(TODAY()),IF(AND(E7="Last notification date",MONTH(TODAY())>9,DAY(TODAY())<10),YEAR(TODAY())&"-"&MONTH(TODAY())&"-0"&DAY(TODAY()),IF(AND(E7="Last notification date",MONTH(TODAY())<10,DAY(TODAY())>9),YEAR(TODAY())&"-0"&MONTH(TODAY())&"-"&DAY(TODAY()),IF(LEFT(G7,4)="{SEC","SEC ID",IF(LEFT(G7,4)="{DAT","DATE",IF(LEFT(G7,4)="{TEX",Val!B$21,IF(LEFT(G7,4)="{ALP",Val!B$20,IF(LEFT(G7,4)="{COU",Val!B$20,IF(OR(LEFT(G7,4)="{ISI",LEFT(G7,4)="{LEI"),Val!B$17,IF(OR(LEFT(G7,4)="{CA_",LEFT(G7,4)="{Mas",LEFT(G7,4)="{Y/N",LEFT(G7,4)="{No ",LEFT(G7,4)="{N/A",LEFT(G7,4)="{Con",LEFT(G7,4)="{LIS"),"LIST",""))))))))))) -> ! "#$%&'()*+,-./0123456789:;<=>?@ABCDEFGHIJKLMNOPQRSTUVWXYZ[\]^_`abcdefghijklmnopqrstuvwxyz{|}~€‚ƒ„…†‡ˆ‰Š‹ŒŽ‘’“”•–—˜™š›œžŸ¡¢£¤¥¦§¨©ª«¬®¯°±²³´µ¶·¸¹º»¼½¾¿ÀÁÂÃÄÅÆÇÈÉÊËÌÍÎÏÐÑÒÓÔÕÖ×ØÙÚÛÜÝÞßàáâãäåæçèéêëìíîïðñòóôõö÷øùúûüýþÿĀāĂăĄąĆćĈĉĊċČčĎďĐđĒēĔĕĖėĘęĚěĜĝĞğĠġĢģĤĥĦħĨĩĪīĬĭĮįİıĲĳĴĵĶķĸĹĺĻļĽľĿŀŁłŃńŅņŇňŉŊŋŌōŎŏŐőŒœŔŕŖŗŘřŚśŜŝŞşŠšŢţŤťŦŧŨũŪūŬŭŮůŰűŲųŴŵŶŷŸŹźŻżŽžſƀƁƂƃƄƅƆƇƈƉƊƋƌƍƎƏƐƑƒƓƔƕƖƗƘƙƚƛƜƝƞƟƠơƢƣƤƥƦƧƨƩƪƫƬƭƮƯưƱƲƳƴƵƶƷƸƹƺƻƼƽƾƿǀǁǂǃǄǅǆǇǈǉǊǋǌǍǎǏǐǑǒǓǔǕǖǗǘǙǚǛǜǝǞǟǠǡǢǣǤǥǦǧǨǩǪǫǬǭǮǯǰǱǲǳǴǵǶǷǸǹǺǻǼǽǾǿȀȁȂȃȄȅȆȇȈȉȊȋȌȍȎȏȐȑȒȓȔȕȖȗȘșȚțȜȝȞȟȠȡȢȣȤȥȦȧȨȩȪȫȬȭȮȯȰȱȲȳȴȵȶȷȸȹȺȻȼȽȾȿɀɁɂɃɄɅɆɇɈɉɊɋɌɍɎɏɐɑɒɓɔɕɖɗɘəɚɛɜɝɞɟɠɡɢɣɤɥɦɧɨɩɪɫɬɭɮɯɰɱɲɳɴɵɶɷɸɹɺɻɼɽɾɿʀʁʂʃʄʅʆʇʈʉʊʋʌʍʎʏʐʑʒʓʔʕʖʗʘʙʚʛʜʝʞʟʠʡʢʣʤʥʦʧʨʩʪʫʬʭʮʯʰʱʲʳʴʵʶʷʸʹʺʻʼʽʾʿˀˁ˂˃˄˅ˆˇˈˉˊˋˌˍˎˏːˑ˒˓˔˕˖˗˘˙˚˛˜˝˞˟ˠˡˢˣˤ˥˦˧˨˩˪˫ˬ˭ˮ˯˰˱˲˳˴˵˶˷˸˹˺˻˼˽˾˿̴̵̶̷̸̡̢̧̨̛̖̗̘̙̜̝̞̟̠̣̤̥̦̩̪̫̬̭̮̯̰̱̲̳̹̺̻̼͇͈͉͍͎̀́̂̃̄̅̆̇̈̉̊̋̌̍̎̏̐̑̒̓̔̽̾̿̀́͂̓̈́͆͊͋͌̕̚ͅ͏͓͔͕͖͙͚͐͑͒͗͛ͣͤͥͦͧͨͩͪͫͬͭͮͯ͘͜͟͢͝͞͠͡ͰͱͲͳʹ͵Ͷͷͺͻͼͽ;Ϳ΄΅Ά·ΈΉΊΌΎΏΐΑΒΓΔΕΖΗΘΙΚΛΜΝΞΟΠΡΣΤΥΦΧΨΩΪΫάέήίΰαβγδεζηθικλμνξοπρςστυφχψωϊϋόύώϏϐϑϒϓϔϕϖϗϘϙϚϛϜϝϞϟϠϡϢϣϤϥϦϧϨϩϪϫϬϭϮϯϰϱϲϳϴϵ϶ϷϸϹϺϻϼϽϾϿЀЁЂЃЄЅІЇЈMore... | R7: =LEN(F7) -> 0 | S7: =IF(ISERROR(DATEVALUE(F7))=TRUE,"",DATEVALUE(F7)) | T7: =IF(AND(D7="M",ISBLANK(F7)=TRUE),"EMPTY",IF(AND(D7<>"M",ISBLANK(F7)=TRUE),"BLANK","UNK")) -> BLANK | U7: {=IF(AND(E7="Payment exemption explanation",ISBLANK(F7)=FALSE,F$77="Confirmed"),"FORMAT",IF(AND(E7="Historical Default and Loss Performance Data location",F$3="Public",ISBLANK(F7)=TRUE),"FORMAT",IF(AND(E6="Subject to severe clawback",F6="Y",ISBLANK(F7)=TRUE),"FORMAT",IF(AND(E6="Subject to severe clawback",F6="N",ISBLANK(F7)=FALSE),"FORMAT",IF(AND(OR(E7="Credit granting criteria supervision comment",E7="Credit granting criteria compliance comment"),ISBLANK(F7)=FALSE,OR(AND(F$34="N",E402="Originator (or original lender) is not a Credit institution"),AND(F$37="N",E$37="Originator (or original lender) is not a Credit institution"))),"FORMAT_S17",IF(AND(C7="STSS60",E7="Location of Liability cash flow model",ISBLANK(F7)=TRUE,F$3="Public"),"FORMAT_S60",IF(AND(C7="STSS58",E7="Historical Default and Loss Performance Data location",ISBLANK(F7)=TRUE,F$3="Public"),"FORMAT_S37",IF(AND(E7="Sponsor LEI",ISBLANK(F7)=TRUE,ISBLANK(F$8)=TRUE),"FORMAT_LEI",IF(AND(E7="Originator LEI",ISBLANK(F7)=TRUE,ISBLANK(F$11)=TRUE),"FORMAT_LEI",IF(OR(T7="EMPTY",P7+1<LEN(F7),AND(G6="{Confirmed/Unconfirmed/N/A}",S7="N/A",F6="N/A",F7<>"")),"FORMAT",IF(OR(AND(E7="Non-ABCP securitisation unique identifier",MID(F7,21,1)<>"N"),AND(E7="ABCP transaction unique identifier",MID(F7,21,1)<>"T"),AND(E7="ABCP programme unique identifier",MID(F7,21,1)<>"P")),"FORMAT_SEC_ID",IF(AND(E7="Underlying exposures classification",F7<>"residential mortgages",F7<>"commercial mortgages",F7<>"credit facilities provided to individuals for personal, family or household consumption purposes",F7<>"credit facilities, including loans and leases, provided to any type of enterprise or corporation",F7<>"auto loans/leases",F7<>"credit-card receivables",F7<>"trade receivables",F7<>"others"),"FORMAT_LIST",IF(AND(E7="Instrument code",LEN(F7)-LEN(SUBSTITUTE(F7,";",""))<>LEN(F6)-LEN(SUBSTITUTE(F6,";",""))),"FORMAT_;",IF(AND(E7="Sponsor country (if multiple countries)",LEN(F7)-LEN(SUBSTITUTE(F7,";",""))<>LEN(F$11)-LEN(SUBSTITUTE(F$11,";",""))),"FORMAT_;",IF(AND(E7="Sponsor country (if multiple countries)",ISBLANK(F7)=FALSE,LEN(F7)-LEN(SUBSTITUTE(F7,";",""))=0),"FORMAT_;",IF(AND(E7="Sponsor country (if multiple countries)",ISBLANK(F7)=TRUE,LEN(F$11)-LEN(SUBSTITUTE(F$11,";",""))<>0),"FORMAT_;",IF(AND(E7="Originator country (if multiple countries)",LEN(F7)-LEN(SUBSTITUTE(F7,";",""))<>0,ISBLANK(F7)=FALSE,LEN(F7)-LEN(SUBSTITUTE(F7,";",""))<>LEN(F$8)-LEN(SUBSTITUTE(F$8,";",""))),"FORMAT_;",IF(AND(E7="Originator country (if multiple countries)",ISBLANK(F7)=FALSE,LEN(F7)-LEN(SUBSTITUTE(F7,";",""))=0),"FORMAT_;",IF(AND(E7="Originator country (if multiple countries)",ISBLANK(F7)=TRUE,LEN(F$8)-LEN(SUBSTITUTE(F$8,";",""))<>0),"FORMAT_;",IF(AND(E7="Original lender country (if multiple countries)",ISBLANK(F7)=FALSE,LEN(F7)-LEN(SUBSTITUTE(F7,";",""))<>0,LEN(F7)-LEN(SUBSTITUTE(F7,";",""))<>LEN(F$14)-LEN(SUBSTITUTE(F$14,";",""))),"FORMAT_;",IF(AND(E7="Original lender country (if multiple countries)",ISBLANK(F7)=TRUE,LEN(F$14)-LEN(SUBSTITUTE(F$14,";",""))<>0),"FORMAT_;",IF(AND(E7="Original lender country (if multiple countries)",ISBLANK(F7)=FALSE,LEN(F7)-LEN(SUBSTITUTE(F7,";",""))=0),"FORMAT_;",IF(OR(AND(E7="Designated Entity LEI",LEN(F7)<>20),AND(G7="{LEI}",LEN(F7)<>0,LEN(F7)<20),AND(G7="{ISIN}",LEN(F7)<>0,LEN(F7)<12),AND(LEN(F7)<>20,E7="Retaining entity LEI",ISBLANK(F7)=FALSE),AND(E7="Instrument ISIN",ISBLANK(F7)=FALSE,LEN(F7)>0,LEN(F7)<11),AND(D7="M",LEFT(G7,4)="{DAT",LEN(F7)<>10)),"FORMAT_LEN",IF(OR(AND(F7<>"",LEFT(G7,4)<>"{TEX",ISNUMBER(SUMPRODUCT(FIND(MID(F7,ROW(INDIRECT("1:"&LEN(F7))),1),W7)))=FALSE),AND(F7<>"",LEFT(G7,4)<>"{TEX",ISERROR(SUMPRODUCT(SEARCH(MID(F7,ROW(INDIRECT("1:"&LEN(TRIM(F7)))),1)," "&W7&CHAR(10)&"""")))=TRUE)),"FORMAT_CHAR",IF(LEFT(G7,4)="{TEX","TEXT","UNK")))))))))))))))))))))))))} -> TEXT | V7: {=IF(OR(LEN(F7)>P7+1),FALSE,IF(LEFT(G7,5)="{TEXT",TRUE,IF(AND(ISBLANK(F7)=FALSE,G7="{DATE_TEXT-YYYY-MM-DD}",LEN(F7)<>10),FALSE,IF(AND(ISBLANK(F7)=FALSE,ISNUMBER(SUMPRODUCT(SEARCH(MID(F7,ROW(INDIRECT("1:"&LEN(TRIM(F7)))),1)," "&W7&CHAR(10)&"""")))=FALSE),FALSE,TRUE))))} -> TRUE | W7: =IF(G7="{Applicable/N/A}","N/Aplicable",IF(E7="Designated Entity LEI","ABCDEFGHIJKLMNOPQRSTUVWXYZ0123456789",IF(OR(G7="{ISIN}",G7="{LEI}"),";ABCDEFGHIJKLMNOPQRSTUVWXYZ0123456789",IF(G7="{Master Trust/Other}","Master TuOhe",IF(E7="Securitisation type","Privateublc",IF(LEFT(G7,4)="{CA_",Val!B$21,IF(G7="{COUNTRY_EU_LIST}"," ;abcdefghijklmnopqrstuvwxyzABCDEFGHIJKLMNOPQRSTUVWXYZ0123456789",IF(OR(G7="{NOTIFICATION ID}",G7="{SECURITISATION ID}"),Val!B$15,IF(G7="{COUNTRY_EU}"," ;abcdefghijklmnopqrstuvwxyzABCDEFGHIJKLMNOPQRSTUVWXYZ",IF(G7="{Confirmed/Unconfirmed}","ConfirmedUnc",IF(G7="{Confirmed/Unconfirmed/N/A}","Confirmed/UncNA",IF(LEFT(G7,4)="{DAT","0123456789-",IF(LEFT(G7,4)="{Y/N","YN",IF(OR(LEFT(G7,4)="{N/A",LEFT(G7,4)="{LIS",LEFT(G7,4)="{No ",LEFT(G7,4)="{SEC",LEFT(G7,4)="{Mas"),Val!B$20,IF(LEFT(G7,4)="{TEX",Val!B$21,IF(LEFT(G7,4)="{ALP",Val!B$20,IF(LEFT(G7,4)="{COU",Val!B$20))))))))))))))))) -> ! "#$%&'()*+,-./0123456789:;<=>?@ABCDEFGHIJKLMNOPQRSTUVWXYZ[\]^_`abcdefghijklmnopqrstuvwxyz{|}~€‚ƒ„…†‡ˆ‰Š‹ŒŽ‘’“”•–—˜™š›œžŸ¡¢£¤¥¦§¨©ª«¬®¯°±²³´µ¶·¸¹º»¼½¾¿ÀÁÂÃÄÅÆÇÈÉÊËÌÍÎÏÐÑÒÓÔÕÖ×ØÙÚÛÜÝÞßàáâãäåæçèéêëìíîïðñòóôõö÷øùúûüýþÿĀāĂăĄąĆćĈĉĊċČčĎďĐđĒēĔĕĖėĘęĚěĜĝĞğĠġĢģĤĥĦħĨĩĪīĬĭĮįİıĲĳĴĵĶķĸĹĺĻļĽľĿŀŁłŃńŅņŇňŉŊŋŌōŎŏŐőŒœŔŕŖŗŘřŚśŜŝŞşŠšŢţŤťŦŧŨũŪūŬŭŮůŰűŲųŴŵŶŷŸŹźŻżŽžſƀƁƂƃƄƅƆƇƈƉƊƋƌƍƎƏƐƑƒƓƔƕƖƗƘƙƚƛƜƝƞƟƠơƢƣƤƥƦƧƨƩƪƫƬƭƮƯưƱƲƳƴƵƶƷƸƹƺƻƼƽƾƿǀǁǂǃǄǅǆǇǈǉǊǋǌǍǎǏǐǑǒǓǔǕǖǗǘǙǚǛǜǝǞǟǠǡǢǣǤǥǦǧǨǩǪǫǬǭǮǯǰǱǲǳǴǵǶǷǸǹǺǻǼǽǾǿȀȁȂȃȄȅȆȇȈȉȊȋȌȍȎȏȐȑȒȓȔȕȖȗȘșȚțȜȝȞȟȠȡȢȣȤȥȦȧȨȩȪȫȬȭȮȯȰȱȲȳȴȵȶȷȸȹȺȻȼȽȾȿɀɁɂɃɄɅɆɇɈɉɊɋɌɍɎɏɐɑɒɓɔɕɖɗɘəɚɛɜɝɞɟɠɡɢɣɤɥɦɧɨɩɪɫɬɭɮɯɰɱɲɳɴɵɶɷɸɹɺɻɼɽɾɿʀʁʂʃʄʅʆʇʈʉʊʋʌʍʎʏʐʑʒʓʔʕʖʗʘʙʚʛʜʝʞʟʠʡʢʣʤʥʦʧʨʩʪʫʬʭʮʯʰʱʲʳʴʵʶʷʸʹʺʻʼʽʾʿˀˁ˂˃˄˅ˆˇˈˉˊˋˌˍˎˏːˑ˒˓˔˕˖˗˘˙˚˛˜˝˞˟ˠˡˢˣˤ˥˦˧˨˩˪˫ˬ˭ˮ˯˰˱˲˳˴˵˶˷˸˹˺˻˼˽˾˿̴̵̶̷̸̡̢̧̨̛̖̗̘̙̜̝̞̟̠̣̤̥̦̩̪̫̬̭̮̯̰̱̲̳̹̺̻̼͇͈͉͍͎̀́̂̃̄̅̆̇̈̉̊̋̌̍̎̏̐̑̒̓̔̽̾̿̀́͂̓̈́͆͊͋͌̕̚ͅ͏͓͔͕͖͙͚͐͑͒͗͛ͣͤͥͦͧͨͩͪͫͬͭͮͯ͘͜͟͢͝͞͠͡ͰͱͲͳʹ͵Ͷͷͺͻͼͽ;Ϳ΄΅Ά·ΈΉΊΌΎΏΐΑΒΓΔΕΖΗΘΙΚΛΜΝΞΟΠΡΣΤΥΦΧΨΩΪΫάέήίΰαβγδεζηθικλμνξοπρςστυφχψωϊϋόύώϏϐϑϒϓϔϕϖϗϘϙϚϛϜϝϞϟϠϡϢϣϤϥϦϧϨϩϪϫϬϭϮϯϰϱϲϳϴϵ϶ϷϸϹϺϻϼϽϾϿЀЁЂЃЄЅІЇЈMore... | AB7: credit-card receivables | AC7: Cyprus Securities and Exchange Commission (CySEC) | AG7: CZECHIA
A8: NPU6 | B8: N6 | C8: STSS2 | D8: C | E8: Originator LEI | F8: 5299002W4PL3XPN90376 | G8: {LEI} | H8: The LEI of the originator(s) | I8: Originator LEI should be reported in Box to complete for each originator in that securitisation. At least one Sponsor LEI or Originator LEI should be provided. Reported LEIs should exist at the GLEIF database. Where multiple LEI are reported, ";" separator should be used without any space Field codes are highlighted in amber where: - neither Sponsor LEI nor Originator LEi is reported; or - field has errors in format. | J8: Legal Entity Identifier (LEI) | K8: The LEI of the originator(s) and sponsor(s) and, where available, original lender(s). | L8: N/A | M8: General Information | N8: Item 4.2 of Annex 9 of Commission Delegated Regulation (EU) 2019/980 | O8: =IF(LEFT(U8,6)="FORMAT","FMT",IF(AND(E8="Designated Entity LEI",ISBLANK(F8)=FALSE,ISNUMBER(SEARCH(F8,F$8))=FALSE,ISNUMBER(SEARCH(F8,F$11))=FALSE),"DE",IF(AND(C8="STSS1",OR(AND(E8="Instrument ISIN",ISBLANK(F8)=TRUE,ISBLANK(F9)=TRUE,ISBLANK(F10)=TRUE),AND(E8="Instrument code",ISBLANK(F8)=TRUE,ISBLANK(F7)=TRUE,ISBLANK(F$5)=TRUE),AND(E8="Instrument code type",ISBLANK(F8)=TRUE,ISBLANK(F9)=TRUE,ISBLANK(F7)=TRUE),AND(E8="Instrument code",ISBLANK(F8)=TRUE,ISBLANK(F7)=FALSE),AND(E8="Instrument code type",ISBLANK(F8)=FALSE,ISBLANK(F9)=TRUE))),"S1",IF(AND(C8="STSS8",OR(AND(OR(E8="Sponsor country",E8="Originator country",E8="SSPE country",E8="Original Lender country"),ISBLANK(F9)=FALSE,ISBLANK(F8)=FALSE),AND(RIGHT(E8,23)="(if multiple countries)",ISBLANK(F7)=FALSE,ISBLANK(F8)=FALSE),AND(OR(E8="Sponsor country",E8="Originator country",E8="Original Lender country"),ISBLANK(F9)=TRUE,ISBLANK(F8)=TRUE,ISBLANK(F7)=FALSE))),"S8",IF(AND(C8="STSS5",OR(AND(E8="Exemption on Prospectus",ISBLANK(F8)=TRUE,ISBLANK(F7)=TRUE,ISBLANK(F$23)=TRUE,F$3="Public"),AND(E8="Prospectus Country",ISBLANK(F8)=TRUE,ISBLANK(F9)=TRUE,ISBLANK(F10)=TRUE,F$3="Public"),AND(E8="Prospectus identifier ",ISBLANK(F8)=TRUE,ISBLANK(F9)=TRUE,ISBLANK(F7)=TRUE,F$3="Public"),AND(E8="Exemption on Prospectus",ISBLANK(F8)=FALSE,ISBLANK(F7)=FALSE,ISBLANK(F$23)=FALSE),AND(E8="Prospectus Country",ISBLANK(F8)=FALSE,ISBLANK(F9)=FALSE,ISBLANK(F10)=FALSE),AND(E8="Prospectus identifier ",ISBLANK(F8)=FALSE,ISBLANK(F7)=FALSE,ISBLANK(F7)=FALSE),AND(E8="Prospectus Country",ISBLANK(F8)=FALSE,ISBLANK(F9)=TRUE),AND(E8="Prospectus identifier",ISBLANK(F8)=FALSE,ISBLANK(F7)=TRUE),AND(E8="Prospectus Country",ISBLANK(F8)=TRUE,ISBLANK(F9)=FALSE),AND(E8="Prospectus identifier",ISBLANK(F8)=TRUE,ISBLANK(F7)=FALSE),AND(E8="Prospectus identifier",ISBLANK(F8)=FALSE,ISBLANK(F9)=FALSE,F$3="Public"),AND(E8="Prospectus Country",ISBLANK(F8)=FALSE,ISBLANK(F10)=FALSE,F$3="Public"))),"S5",IF(AND(C8="STSS6",E8="Securitisation Repository name",ISBLANK(F8)=TRUE,F$3="Public"),"S6",IF(AND(C8="STSS12",OR(AND(S8<>"",S8>TODAY()+1))),"S12",IF(AND(C8="STSS13",OR(AND(F$32="N",E$32="Authorised Third party flag",E8<>"Authorised Third party flag",ISBLANK(F8)=FALSE),AND(F$32="Y",E$32="Authorised Third party flag",E8<>"Authorised Third party flag",ISBLANK(F8)=TRUE))),"S13",IF(AND(C8="STSS14",OR(AND(E$32="Authorised Third party flag",E8<>"Authorised Third party flag",F$32="N",ISBLANK(F8)=FALSE),AND(E$32="Authorised Third party flag",E8<>"Authorised Third party flag",F$32="Y",ISBLANK(F8)=TRUE),AND(E$32="Authorised Third party flag",E8<>"Authorised Third party flag",F$32="N",ISBLANK(F8)=FALSE),AND(E$32="Authorised Third party flag",E8<>"Authorised Third party flag",F$32="Y",ISBLANK(F8)=TRUE))),"S14",IF(AND(C8="STSS15",OR(AND(E$32="Authorised Third party flag",F$32="N",E8<>"Authorised Third party flag",ISBLANK(F8)=FALSE),AND(E8<>"Authorised Third party flag",E$32="Authorised Third party flag",F$32="Y",ISBLANK(F8)=TRUE),AND(RIGHT(E8,11)="t Authority",E$32="Authorised Third party flag",F$32="N",ISBLANK(F8)=FALSE))),"S15",IF(AND(C8="STSS4",OR(AND(E8="Multiple STS notifications reason",ISBLANK(F8)=TRUE,F7="Y"),AND(E8="Multiple STS notifications comment",ISBLANK(F8)=TRUE,F$20="Y"),AND(E8="Multiple STS notifications reason",ISBLANK(F8)=FALSE,F7="N"),AND(E8="Multiple STS notifications comment",ISBLANK(F8)=FALSE,F$20="N"))),"Trust",IF(OR(AND(RIGHT(G8,7)="ed/N/A}",F8<>"Confirmed",F8<>"Unconfirmed",F8<>"N/A"),AND(G8="{Confirmed/Unconfirmed}",F8<>"Confirmed",F8<>"Unconfirmed")),"lst",IF(AND(RIGHT(G7,7)="ed/N/A}",C8<>"STSS61",C8<>"STSS23",F7<>"N/A",ISBLANK(F8)=TRUE,D8="C"),"CND",IF(AND(F8="Unconfirmed",C8<>"STSS32"),"UCF",IF(AND(C8="STSS21",E8="Subject to severe clawback",F8="Y"),"S21",IF(AND(C8="STSS23",OR(AND(E7="The seller is not the original lender flag",F8="N/A",F7="Y"),AND(E7="The seller is not the original lender flag",F8<>"N/A",F7="N"),AND(E$48="The seller is not the original lender flag",ISBLANK(F8)=TRUE,F$48="Y"))),"S23",IF(AND(C8="STSS32",OR(AND(E8="Payment exemption",F$77="Unconfirmed",OR(F8="N/A",F8="No exemption",ISBLANK(F8)=TRUE)),AND(E8="Payment exemption",ISBLANK(F8)=FALSE,F$77="Confirmed"))),"S32",IF(AND(C8="STSS18",OR(AND(E8="Credit granting criteria compliance confirmation",F8<>"N/A",F7="N"),AND(E8="Credit granting criteria compliance confirmation",OR(ISBLANK(F8)=TRUE,F8="N/A"),F7="Y"))),"S18",IF(AND(C8="STSS19",OR(AND(F8<>"N/A",F$37="N",E8="Credit granting criteria supervision confirmation"),AND(OR(ISBLANK(F8)=TRUE,F8="N/A"),F$37="Y",E8="Credit granting criteria supervision confirmation"))),"S19",IF(AND(C8="STSS29",OR(AND(E8="Residential Loan requirement confirmation",F8<>"N/A",F$29<>"residential mortgages"),AND(E8="Residential Loan requirement confirmation",F8="N/A",F$29="residential mortgages"))),"S29",IF(AND(C8="STSS34",OR(AND(D8="C",E8="Other options used comment",F7="Y",ISBLANK(F8)=TRUE),AND(E8="Other options used comment",F7="N",D8="C",ISBLANK(F8)=FALSE),AND(E8="No compliance with risk retention requirements",F8="Y"),AND(E8="Vertical slice",F8="N",F9="N",F10="N",F11="N",F12="N",F13="N",F14="N"),AND(E8="Seller's share",F8="N",F9="N",F10="N",F11="N",F12="N",F13="N",F$87="N"),AND(E8="Randomly-selected exposures kept on balance sheet",F8="N",F9="N",F10="N",F11="N",F12="N",F$87="N",F$88="N"),AND(E8="First loss tranche",F8="N",F9="N",F10="N",F11="N",F$87="N",F$88="N",F$89="N"),AND(E8="First loss exposure in each asset indicator",F8="N",F9="N",F10="N",F$87="N",F$88="N",F$89="N",F$90="N"),AND(E8="No compliance with risk retention requirements",F8="N",F9="N",F$87="N",F$88="N",F$89="N",F$90="N",F$91="N"),AND(E8="Other option indicator",F8="N",F$87="N",F$88="N",F$89="N",F$90="N",F$91="N",F$92="N"),AND(E8="Retaining entity LEI",ISBLANK(F8)=TRUE,ISBLANK(F9)=TRUE),AND(E8="Retaining entity name",ISBLANK(F8)=TRUE,ISBLANK(F7)=TRUE))),"S34",IF(AND(C8="STSS37",OR(AND(F8="N/A",E8="Common standards underwriting derivatives confirmation",F$97<>"No derivatives"),AND(F8<>"N/A",E8="Common standards underwriting derivatives confirmation",F$97="No derivatives"))),"S37",IF(AND(C8="STSS44",F8="N/A",E8="Credit quality deterioration trigger confirmation",F$113="Confirmed"),"S44",IF(OR(AND(C8="STSS46",F8<>"N/A",E8="Credit quality deterioration trigger confirmation",F$119="N/A"),AND(C8="STSS46",F8="N/A",E8="Credit quality deterioration trigger confirmation",F$119<>"N/A")),"S46",IF(OR(AND(C8="STSS47",F8<>"N/A",E8="Insolvency-related event confirmation",F$119="N/A"),AND(C8="STS47",F8="N/A",E8="Insolvency-related event confirmation",F$119<>"N/A")),"S47",IF(OR(AND(C8="STSS48",F8<>"N/A",E8="Pre-determined threshold value confirmation",F$119="N/A"),AND(C8="STSS48",F8="N/A",E8="Pre-determined threshold value confirmation",F$119<>"N/A")),"S48",IF(OR(AND(C8="STSS49",F8<>"N/A",E8="New underlying exposures failure generation confirmation",F$119="N/A"),AND(C8="STSS49",F8="N/A",E8="New underlying exposures failure generation confirmation",F$119<>"N/A")),"S49",IF(AND(C8="STSS61",OR(AND(OR(F$29="residential mortgages",F$29="auto loans/leases"),F8="Not available",E8="Environmental performance availability"),AND(OR(F$29="residential mortgages",F$29="auto loans/leases"),F8="N/A",E8="Environmental performance availability"),AND(F$29<>"residential mortgages",F$29<>"auto loans/leases",F8<>"N/A",E8="Environmental performance availability"),AND(E8="Environmental performance explanation",F7="Available",ISBLANK(F8)=TRUE))),"S61",1)))))))))))))))))))))))))))) -> 1 | P8: 10000 | Q8: =IF(AND(E8="Last notification date",MONTH(TODAY())>9,DAY(TODAY())>9),YEAR(TODAY())&"-"&MONTH(TODAY())&"-"&DAY(TODAY()),IF(AND(E8="Last notification date",MONTH(TODAY())<9,DAY(TODAY())<10),YEAR(TODAY())&"-0"&MONTH(TODAY())&"-0"&DAY(TODAY()),IF(AND(E8="Last notification date",MONTH(TODAY())>9,DAY(TODAY())<10),YEAR(TODAY())&"-"&MONTH(TODAY())&"-0"&DAY(TODAY()),IF(AND(E8="Last notification date",MONTH(TODAY())<10,DAY(TODAY())>9),YEAR(TODAY())&"-0"&MONTH(TODAY())&"-"&DAY(TODAY()),IF(LEFT(G8,4)="{SEC","SEC ID",IF(LEFT(G8,4)="{DAT","DATE",IF(LEFT(G8,4)="{TEX",Val!B$21,IF(LEFT(G8,4)="{ALP",Val!B$20,IF(LEFT(G8,4)="{COU",Val!B$20,IF(OR(LEFT(G8,4)="{ISI",LEFT(G8,4)="{LEI"),Val!B$17,IF(OR(LEFT(G8,4)="{CA_",LEFT(G8,4)="{Mas",LEFT(G8,4)="{Y/N",LEFT(G8,4)="{No ",LEFT(G8,4)="{N/A",LEFT(G8,4)="{Con",LEFT(G8,4)="{LIS"),"LIST",""))))))))))) -> ;ABCDEFGHIJKLMNOPQRSTUVWXYZ0123456789 | R8: =LEN(F8) -> 20 | S8: =IF(ISERROR(DATEVALUE(F8))=TRUE,"",DATEVALUE(F8)) | T8: =IF(AND(D8="M",ISBLANK(F8)=TRUE),"EMPTY",IF(AND(D8<>"M",ISBLANK(F8)=TRUE),"BLANK","UNK")) -> UNK | U8: {=IF(AND(E8="Payment exemption explanation",ISBLANK(F8)=FALSE,F$77="Confirmed"),"FORMAT",IF(AND(E8="Historical Default and Loss Performance Data location",F$3="Public",ISBLANK(F8)=TRUE),"FORMAT",IF(AND(E7="Subject to severe clawback",F7="Y",ISBLANK(F8)=TRUE),"FORMAT",IF(AND(E7="Subject to severe clawback",F7="N",ISBLANK(F8)=FALSE),"FORMAT",IF(AND(OR(E8="Credit granting criteria supervision comment",E8="Credit granting criteria compliance comment"),ISBLANK(F8)=FALSE,OR(AND(F$34="N",E403="Originator (or original lender) is not a Credit institution"),AND(F$37="N",E$37="Originator (or original lender) is not a Credit institution"))),"FORMAT_S17",IF(AND(C8="STSS60",E8="Location of Liability cash flow model",ISBLANK(F8)=TRUE,F$3="Public"),"FORMAT_S60",IF(AND(C8="STSS58",E8="Historical Default and Loss Performance Data location",ISBLANK(F8)=TRUE,F$3="Public"),"FORMAT_S37",IF(AND(E8="Sponsor LEI",ISBLANK(F8)=TRUE,ISBLANK(F$8)=TRUE),"FORMAT_LEI",IF(AND(E8="Originator LEI",ISBLANK(F8)=TRUE,ISBLANK(F$11)=TRUE),"FORMAT_LEI",IF(OR(T8="EMPTY",P8+1<LEN(F8),AND(G7="{Confirmed/Unconfirmed/N/A}",S8="N/A",F7="N/A",F8<>"")),"FORMAT",IF(OR(AND(E8="Non-ABCP securitisation unique identifier",MID(F8,21,1)<>"N"),AND(E8="ABCP transaction unique identifier",MID(F8,21,1)<>"T"),AND(E8="ABCP programme unique identifier",MID(F8,21,1)<>"P")),"FORMAT_SEC_ID",IF(AND(E8="Underlying exposures classification",F8<>"residential mortgages",F8<>"commercial mortgages",F8<>"credit facilities provided to individuals for personal, family or household consumption purposes",F8<>"credit facilities, including loans and leases, provided to any type of enterprise or corporation",F8<>"auto loans/leases",F8<>"credit-card receivables",F8<>"trade receivables",F8<>"others"),"FORMAT_LIST",IF(AND(E8="Instrument code",LEN(F8)-LEN(SUBSTITUTE(F8,";",""))<>LEN(F7)-LEN(SUBSTITUTE(F7,";",""))),"FORMAT_;",IF(AND(E8="Sponsor country (if multiple countries)",LEN(F8)-LEN(SUBSTITUTE(F8,";",""))<>LEN(F$11)-LEN(SUBSTITUTE(F$11,";",""))),"FORMAT_;",IF(AND(E8="Sponsor country (if multiple countries)",ISBLANK(F8)=FALSE,LEN(F8)-LEN(SUBSTITUTE(F8,";",""))=0),"FORMAT_;",IF(AND(E8="Sponsor country (if multiple countries)",ISBLANK(F8)=TRUE,LEN(F$11)-LEN(SUBSTITUTE(F$11,";",""))<>0),"FORMAT_;",IF(AND(E8="Originator country (if multiple countries)",LEN(F8)-LEN(SUBSTITUTE(F8,";",""))<>0,ISBLANK(F8)=FALSE,LEN(F8)-LEN(SUBSTITUTE(F8,";",""))<>LEN(F$8)-LEN(SUBSTITUTE(F$8,";",""))),"FORMAT_;",IF(AND(E8="Originator country (if multiple countries)",ISBLANK(F8)=FALSE,LEN(F8)-LEN(SUBSTITUTE(F8,";",""))=0),"FORMAT_;",IF(AND(E8="Originator country (if multiple countries)",ISBLANK(F8)=TRUE,LEN(F$8)-LEN(SUBSTITUTE(F$8,";",""))<>0),"FORMAT_;",IF(AND(E8="Original lender country (if multiple countries)",ISBLANK(F8)=FALSE,LEN(F8)-LEN(SUBSTITUTE(F8,";",""))<>0,LEN(F8)-LEN(SUBSTITUTE(F8,";",""))<>LEN(F$14)-LEN(SUBSTITUTE(F$14,";",""))),"FORMAT_;",IF(AND(E8="Original lender country (if multiple countries)",ISBLANK(F8)=TRUE,LEN(F$14)-LEN(SUBSTITUTE(F$14,";",""))<>0),"FORMAT_;",IF(AND(E8="Original lender country (if multiple countries)",ISBLANK(F8)=FALSE,LEN(F8)-LEN(SUBSTITUTE(F8,";",""))=0),"FORMAT_;",IF(OR(AND(E8="Designated Entity LEI",LEN(F8)<>20),AND(G8="{LEI}",LEN(F8)<>0,LEN(F8)<20),AND(G8="{ISIN}",LEN(F8)<>0,LEN(F8)<12),AND(LEN(F8)<>20,E8="Retaining entity LEI",ISBLANK(F8)=FALSE),AND(E8="Instrument ISIN",ISBLANK(F8)=FALSE,LEN(F8)>0,LEN(F8)<11),AND(D8="M",LEFT(G8,4)="{DAT",LEN(F8)<>10)),"FORMAT_LEN",IF(OR(AND(F8<>"",LEFT(G8,4)<>"{TEX",ISNUMBER(SUMPRODUCT(FIND(MID(F8,ROW(INDIRECT("1:"&LEN(F8))),1),W8)))=FALSE),AND(F8<>"",LEFT(G8,4)<>"{TEX",ISERROR(SUMPRODUCT(SEARCH(MID(F8,ROW(INDIRECT("1:"&LEN(TRIM(F8)))),1)," "&W8&CHAR(10)&"""")))=TRUE)),"FORMAT_CHAR",IF(LEFT(G8,4)="{TEX","TEXT","UNK")))))))))))))))))))))))))} -> UNK | V8: {=IF(OR(LEN(F8)>P8+1),FALSE,IF(LEFT(G8,5)="{TEXT",TRUE,IF(AND(ISBLANK(F8)=FALSE,G8="{DATE_TEXT-YYYY-MM-DD}",LEN(F8)<>10),FALSE,IF(AND(ISBLANK(F8)=FALSE,ISNUMBER(SUMPRODUCT(SEARCH(MID(F8,ROW(INDIRECT("1:"&LEN(TRIM(F8)))),1)," "&W8&CHAR(10)&"""")))=FALSE),FALSE,TRUE))))} -> TRUE | W8: =IF(G8="{Applicable/N/A}","N/Aplicable",IF(E8="Designated Entity LEI","ABCDEFGHIJKLMNOPQRSTUVWXYZ0123456789",IF(OR(G8="{ISIN}",G8="{LEI}"),";ABCDEFGHIJKLMNOPQRSTUVWXYZ0123456789",IF(G8="{Master Trust/Other}","Master TuOhe",IF(E8="Securitisation type","Privateublc",IF(LEFT(G8,4)="{CA_",Val!B$21,IF(G8="{COUNTRY_EU_LIST}"," ;abcdefghijklmnopqrstuvwxyzABCDEFGHIJKLMNOPQRSTUVWXYZ0123456789",IF(OR(G8="{NOTIFICATION ID}",G8="{SECURITISATION ID}"),Val!B$15,IF(G8="{COUNTRY_EU}"," ;abcdefghijklmnopqrstuvwxyzABCDEFGHIJKLMNOPQRSTUVWXYZ",IF(G8="{Confirmed/Unconfirmed}","ConfirmedUnc",IF(G8="{Confirmed/Unconfirmed/N/A}","Confirmed/UncNA",IF(LEFT(G8,4)="{DAT","0123456789-",IF(LEFT(G8,4)="{Y/N","YN",IF(OR(LEFT(G8,4)="{N/A",LEFT(G8,4)="{LIS",LEFT(G8,4)="{No ",LEFT(G8,4)="{SEC",LEFT(G8,4)="{Mas"),Val!B$20,IF(LEFT(G8,4)="{TEX",Val!B$21,IF(LEFT(G8,4)="{ALP",Val!B$20,IF(LEFT(G8,4)="{COU",Val!B$20))))))))))))))))) -> ;ABCDEFGHIJKLMNOPQRSTUVWXYZ0123456789 | AB8: trade receivables | AC8: Czech National Bank (CNB) | AG8: GERMANY
A9: NPU7 | B9: N7 | C9: STSS8 | D9: C | E9: Originator country | F9: NETHERLANDS | G9: {COUNTRY_EU} | H9: The country of establishment of the originator(s) | I9: When only one originator is reported, please use this Box to complete to report the unique country. Select the relevant EEA country in the drop-down list of Box to complete. Field codes are highlighted in amber where: - both Originator country and Originator country (if multiple countries) are left blank where Originator LEI is reported; or - both Originator country and Originator country (if multiple countries) are filled-in; or - field has errors in format. | J9: Country of establishment | K9: Where available, the country of establishment of the originator(s), sponsor(s), SSPE(s) and original lender(s). | L9: Article 18 and 27(3) | M9: General Information | N9: N/A | O9: =IF(LEFT(U9,6)="FORMAT","FMT",IF(AND(E9="Designated Entity LEI",ISBLANK(F9)=FALSE,ISNUMBER(SEARCH(F9,F$8))=FALSE,ISNUMBER(SEARCH(F9,F$11))=FALSE),"DE",IF(AND(C9="STSS1",OR(AND(E9="Instrument ISIN",ISBLANK(F9)=TRUE,ISBLANK(F10)=TRUE,ISBLANK(F11)=TRUE),AND(E9="Instrument code",ISBLANK(F9)=TRUE,ISBLANK(F8)=TRUE,ISBLANK(F$5)=TRUE),AND(E9="Instrument code type",ISBLANK(F9)=TRUE,ISBLANK(F10)=TRUE,ISBLANK(F8)=TRUE),AND(E9="Instrument code",ISBLANK(F9)=TRUE,ISBLANK(F8)=FALSE),AND(E9="Instrument code type",ISBLANK(F9)=FALSE,ISBLANK(F10)=TRUE))),"S1",IF(AND(C9="STSS8",OR(AND(OR(E9="Sponsor country",E9="Originator country",E9="SSPE country",E9="Original Lender country"),ISBLANK(F10)=FALSE,ISBLANK(F9)=FALSE),AND(RIGHT(E9,23)="(if multiple countries)",ISBLANK(F8)=FALSE,ISBLANK(F9)=FALSE),AND(OR(E9="Sponsor country",E9="Originator country",E9="Original Lender country"),ISBLANK(F10)=TRUE,ISBLANK(F9)=TRUE,ISBLANK(F8)=FALSE))),"S8",IF(AND(C9="STSS5",OR(AND(E9="Exemption on Prospectus",ISBLANK(F9)=TRUE,ISBLANK(F8)=TRUE,ISBLANK(F$23)=TRUE,F$3="Public"),AND(E9="Prospectus Country",ISBLANK(F9)=TRUE,ISBLANK(F10)=TRUE,ISBLANK(F11)=TRUE,F$3="Public"),AND(E9="Prospectus identifier ",ISBLANK(F9)=TRUE,ISBLANK(F10)=TRUE,ISBLANK(F8)=TRUE,F$3="Public"),AND(E9="Exemption on Prospectus",ISBLANK(F9)=FALSE,ISBLANK(F8)=FALSE,ISBLANK(F$23)=FALSE),AND(E9="Prospectus Country",ISBLANK(F9)=FALSE,ISBLANK(F10)=FALSE,ISBLANK(F11)=FALSE),AND(E9="Prospectus identifier ",ISBLANK(F9)=FALSE,ISBLANK(F8)=FALSE,ISBLANK(F8)=FALSE),AND(E9="Prospectus Country",ISBLANK(F9)=FALSE,ISBLANK(F10)=TRUE),AND(E9="Prospectus identifier",ISBLANK(F9)=FALSE,ISBLANK(F8)=TRUE),AND(E9="Prospectus Country",ISBLANK(F9)=TRUE,ISBLANK(F10)=FALSE),AND(E9="Prospectus identifier",ISBLANK(F9)=TRUE,ISBLANK(F8)=FALSE),AND(E9="Prospectus identifier",ISBLANK(F9)=FALSE,ISBLANK(F10)=FALSE,F$3="Public"),AND(E9="Prospectus Country",ISBLANK(F9)=FALSE,ISBLANK(F11)=FALSE,F$3="Public"))),"S5",IF(AND(C9="STSS6",E9="Securitisation Repository name",ISBLANK(F9)=TRUE,F$3="Public"),"S6",IF(AND(C9="STSS12",OR(AND(S9<>"",S9>TODAY()+1))),"S12",IF(AND(C9="STSS13",OR(AND(F$32="N",E$32="Authorised Third party flag",E9<>"Authorised Third party flag",ISBLANK(F9)=FALSE),AND(F$32="Y",E$32="Authorised Third party flag",E9<>"Authorised Third party flag",ISBLANK(F9)=TRUE))),"S13",IF(AND(C9="STSS14",OR(AND(E$32="Authorised Third party flag",E9<>"Authorised Third party flag",F$32="N",ISBLANK(F9)=FALSE),AND(E$32="Authorised Third party flag",E9<>"Authorised Third party flag",F$32="Y",ISBLANK(F9)=TRUE),AND(E$32="Authorised Third party flag",E9<>"Authorised Third party flag",F$32="N",ISBLANK(F9)=FALSE),AND(E$32="Authorised Third party flag",E9<>"Authorised Third party flag",F$32="Y",ISBLANK(F9)=TRUE))),"S14",IF(AND(C9="STSS15",OR(AND(E$32="Authorised Third party flag",F$32="N",E9<>"Authorised Third party flag",ISBLANK(F9)=FALSE),AND(E9<>"Authorised Third party flag",E$32="Authorised Third party flag",F$32="Y",ISBLANK(F9)=TRUE),AND(RIGHT(E9,11)="t Authority",E$32="Authorised Third party flag",F$32="N",ISBLANK(F9)=FALSE))),"S15",IF(AND(C9="STSS4",OR(AND(E9="Multiple STS notifications reason",ISBLANK(F9)=TRUE,F8="Y"),AND(E9="Multiple STS notifications comment",ISBLANK(F9)=TRUE,F$20="Y"),AND(E9="Multiple STS notifications reason",ISBLANK(F9)=FALSE,F8="N"),AND(E9="Multiple STS notifications comment",ISBLANK(F9)=FALSE,F$20="N"))),"Trust",IF(OR(AND(RIGHT(G9,7)="ed/N/A}",F9<>"Confirmed",F9<>"Unconfirmed",F9<>"N/A"),AND(G9="{Confirmed/Unconfirmed}",F9<>"Confirmed",F9<>"Unconfirmed")),"lst",IF(AND(RIGHT(G8,7)="ed/N/A}",C9<>"STSS61",C9<>"STSS23",F8<>"N/A",ISBLANK(F9)=TRUE,D9="C"),"CND",IF(AND(F9="Unconfirmed",C9<>"STSS32"),"UCF",IF(AND(C9="STSS21",E9="Subject to severe clawback",F9="Y"),"S21",IF(AND(C9="STSS23",OR(AND(E8="The seller is not the original lender flag",F9="N/A",F8="Y"),AND(E8="The seller is not the original lender flag",F9<>"N/A",F8="N"),AND(E$48="The seller is not the original lender flag",ISBLANK(F9)=TRUE,F$48="Y"))),"S23",IF(AND(C9="STSS32",OR(AND(E9="Payment exemption",F$77="Unconfirmed",OR(F9="N/A",F9="No exemption",ISBLANK(F9)=TRUE)),AND(E9="Payment exemption",ISBLANK(F9)=FALSE,F$77="Confirmed"))),"S32",IF(AND(C9="STSS18",OR(AND(E9="Credit granting criteria compliance confirmation",F9<>"N/A",F8="N"),AND(E9="Credit granting criteria compliance confirmation",OR(ISBLANK(F9)=TRUE,F9="N/A"),F8="Y"))),"S18",IF(AND(C9="STSS19",OR(AND(F9<>"N/A",F$37="N",E9="Credit granting criteria supervision confirmation"),AND(OR(ISBLANK(F9)=TRUE,F9="N/A"),F$37="Y",E9="Credit granting criteria supervision confirmation"))),"S19",IF(AND(C9="STSS29",OR(AND(E9="Residential Loan requirement confirmation",F9<>"N/A",F$29<>"residential mortgages"),AND(E9="Residential Loan requirement confirmation",F9="N/A",F$29="residential mortgages"))),"S29",IF(AND(C9="STSS34",OR(AND(D9="C",E9="Other options used comment",F8="Y",ISBLANK(F9)=TRUE),AND(E9="Other options used comment",F8="N",D9="C",ISBLANK(F9)=FALSE),AND(E9="No compliance with risk retention requirements",F9="Y"),AND(E9="Vertical slice",F9="N",F10="N",F11="N",F12="N",F13="N",F14="N",F15="N"),AND(E9="Seller's share",F9="N",F10="N",F11="N",F12="N",F13="N",F14="N",F$87="N"),AND(E9="Randomly-selected exposures kept on balance sheet",F9="N",F10="N",F11="N",F12="N",F13="N",F$87="N",F$88="N"),AND(E9="First loss tranche",F9="N",F10="N",F11="N",F12="N",F$87="N",F$88="N",F$89="N"),AND(E9="First loss exposure in each asset indicator",F9="N",F10="N",F11="N",F$87="N",F$88="N",F$89="N",F$90="N"),AND(E9="No compliance with risk retention requirements",F9="N",F10="N",F$87="N",F$88="N",F$89="N",F$90="N",F$91="N"),AND(E9="Other option indicator",F9="N",F$87="N",F$88="N",F$89="N",F$90="N",F$91="N",F$92="N"),AND(E9="Retaining entity LEI",ISBLANK(F9)=TRUE,ISBLANK(F10)=TRUE),AND(E9="Retaining entity name",ISBLANK(F9)=TRUE,ISBLANK(F8)=TRUE))),"S34",IF(AND(C9="STSS37",OR(AND(F9="N/A",E9="Common standards underwriting derivatives confirmation",F$97<>"No derivatives"),AND(F9<>"N/A",E9="Common standards underwriting derivatives confirmation",F$97="No derivatives"))),"S37",IF(AND(C9="STSS44",F9="N/A",E9="Credit quality deterioration trigger confirmation",F$113="Confirmed"),"S44",IF(OR(AND(C9="STSS46",F9<>"N/A",E9="Credit quality deterioration trigger confirmation",F$119="N/A"),AND(C9="STSS46",F9="N/A",E9="Credit quality deterioration trigger confirmation",F$119<>"N/A")),"S46",IF(OR(AND(C9="STSS47",F9<>"N/A",E9="Insolvency-related event confirmation",F$119="N/A"),AND(C9="STS47",F9="N/A",E9="Insolvency-related event confirmation",F$119<>"N/A")),"S47",IF(OR(AND(C9="STSS48",F9<>"N/A",E9="Pre-determined threshold value confirmation",F$119="N/A"),AND(C9="STSS48",F9="N/A",E9="Pre-determined threshold value confirmation",F$119<>"N/A")),"S48",IF(OR(AND(C9="STSS49",F9<>"N/A",E9="New underlying exposures failure generation confirmation",F$119="N/A"),AND(C9="STSS49",F9="N/A",E9="New underlying exposures failure generation confirmation",F$119<>"N/A")),"S49",IF(AND(C9="STSS61",OR(AND(OR(F$29="residential mortgages",F$29="auto loans/leases"),F9="Not available",E9="Environmental performance availability"),AND(OR(F$29="residential mortgages",F$29="auto loans/leases"),F9="N/A",E9="Environmental performance availability"),AND(F$29<>"residential mortgages",F$29<>"auto loans/leases",F9<>"N/A",E9="Environmental performance availability"),AND(E9="Environmental performance explanation",F8="Available",ISBLANK(F9)=TRUE))),"S61",1)))))))))))))))))))))))))))) -> 1 | P9: 50 | Q9: =IF(AND(E9="Last notification date",MONTH(TODAY())>9,DAY(TODAY())>9),YEAR(TODAY())&"-"&MONTH(TODAY())&"-"&DAY(TODAY()),IF(AND(E9="Last notification date",MONTH(TODAY())<9,DAY(TODAY())<10),YEAR(TODAY())&"-0"&MONTH(TODAY())&"-0"&DAY(TODAY()),IF(AND(E9="Last notification date",MONTH(TODAY())>9,DAY(TODAY())<10),YEAR(TODAY())&"-"&MONTH(TODAY())&"-0"&DAY(TODAY()),IF(AND(E9="Last notification date",MONTH(TODAY())<10,DAY(TODAY())>9),YEAR(TODAY())&"-0"&MONTH(TODAY())&"-"&DAY(TODAY()),IF(LEFT(G9,4)="{SEC","SEC ID",IF(LEFT(G9,4)="{DAT","DATE",IF(LEFT(G9,4)="{TEX",Val!B$21,IF(LEFT(G9,4)="{ALP",Val!B$20,IF(LEFT(G9,4)="{COU",Val!B$20,IF(OR(LEFT(G9,4)="{ISI",LEFT(G9,4)="{LEI"),Val!B$17,IF(OR(LEFT(G9,4)="{CA_",LEFT(G9,4)="{Mas",LEFT(G9,4)="{Y/N",LEFT(G9,4)="{No ",LEFT(G9,4)="{N/A",LEFT(G9,4)="{Con",LEFT(G9,4)="{LIS"),"LIST",""))))))))))) -> !"#$%&'()*+,-./0123456789:;<=>?@ABCDEFGHIJKLMNOPQRSTUVWXYZ[\]^_`abcdefghijklmnopqrstuvwxyz{|} | R9: =LEN(F9) -> 11 | S9: =IF(ISERROR(DATEVALUE(F9))=TRUE,"",DATEVALUE(F9)) | T9: =IF(AND(D9="M",ISBLANK(F9)=TRUE),"EMPTY",IF(AND(D9<>"M",ISBLANK(F9)=TRUE),"BLANK","UNK")) -> UNK | U9: {=IF(AND(E9="Payment exemption explanation",ISBLANK(F9)=FALSE,F$77="Confirmed"),"FORMAT",IF(AND(E9="Historical Default and Loss Performance Data location",F$3="Public",ISBLANK(F9)=TRUE),"FORMAT",IF(AND(E8="Subject to severe clawback",F8="Y",ISBLANK(F9)=TRUE),"FORMAT",IF(AND(E8="Subject to severe clawback",F8="N",ISBLANK(F9)=FALSE),"FORMAT",IF(AND(OR(E9="Credit granting criteria supervision comment",E9="Credit granting criteria compliance comment"),ISBLANK(F9)=FALSE,OR(AND(F$34="N",E404="Originator (or original lender) is not a Credit institution"),AND(F$37="N",E$37="Originator (or original lender) is not a Credit institution"))),"FORMAT_S17",IF(AND(C9="STSS60",E9="Location of Liability cash flow model",ISBLANK(F9)=TRUE,F$3="Public"),"FORMAT_S60",IF(AND(C9="STSS58",E9="Historical Default and Loss Performance Data location",ISBLANK(F9)=TRUE,F$3="Public"),"FORMAT_S37",IF(AND(E9="Sponsor LEI",ISBLANK(F9)=TRUE,ISBLANK(F$8)=TRUE),"FORMAT_LEI",IF(AND(E9="Originator LEI",ISBLANK(F9)=TRUE,ISBLANK(F$11)=TRUE),"FORMAT_LEI",IF(OR(T9="EMPTY",P9+1<LEN(F9),AND(G8="{Confirmed/Unconfirmed/N/A}",S9="N/A",F8="N/A",F9<>"")),"FORMAT",IF(OR(AND(E9="Non-ABCP securitisation unique identifier",MID(F9,21,1)<>"N"),AND(E9="ABCP transaction unique identifier",MID(F9,21,1)<>"T"),AND(E9="ABCP programme unique identifier",MID(F9,21,1)<>"P")),"FORMAT_SEC_ID",IF(AND(E9="Underlying exposures classification",F9<>"residential mortgages",F9<>"commercial mortgages",F9<>"credit facilities provided to individuals for personal, family or household consumption purposes",F9<>"credit facilities, including loans and leases, provided to any type of enterprise or corporation",F9<>"auto loans/leases",F9<>"credit-card receivables",F9<>"trade receivables",F9<>"others"),"FORMAT_LIST",IF(AND(E9="Instrument code",LEN(F9)-LEN(SUBSTITUTE(F9,";",""))<>LEN(F8)-LEN(SUBSTITUTE(F8,";",""))),"FORMAT_;",IF(AND(E9="Sponsor country (if multiple countries)",LEN(F9)-LEN(SUBSTITUTE(F9,";",""))<>LEN(F$11)-LEN(SUBSTITUTE(F$11,";",""))),"FORMAT_;",IF(AND(E9="Sponsor country (if multiple countries)",ISBLANK(F9)=FALSE,LEN(F9)-LEN(SUBSTITUTE(F9,";",""))=0),"FORMAT_;",IF(AND(E9="Sponsor country (if multiple countries)",ISBLANK(F9)=TRUE,LEN(F$11)-LEN(SUBSTITUTE(F$11,";",""))<>0),"FORMAT_;",IF(AND(E9="Originator country (if multiple countries)",LEN(F9)-LEN(SUBSTITUTE(F9,";",""))<>0,ISBLANK(F9)=FALSE,LEN(F9)-LEN(SUBSTITUTE(F9,";",""))<>LEN(F$8)-LEN(SUBSTITUTE(F$8,";",""))),"FORMAT_;",IF(AND(E9="Originator country (if multiple countries)",ISBLANK(F9)=FALSE,LEN(F9)-LEN(SUBSTITUTE(F9,";",""))=0),"FORMAT_;",IF(AND(E9="Originator country (if multiple countries)",ISBLANK(F9)=TRUE,LEN(F$8)-LEN(SUBSTITUTE(F$8,";",""))<>0),"FORMAT_;",IF(AND(E9="Original lender country (if multiple countries)",ISBLANK(F9)=FALSE,LEN(F9)-LEN(SUBSTITUTE(F9,";",""))<>0,LEN(F9)-LEN(SUBSTITUTE(F9,";",""))<>LEN(F$14)-LEN(SUBSTITUTE(F$14,";",""))),"FORMAT_;",IF(AND(E9="Original lender country (if multiple countries)",ISBLANK(F9)=TRUE,LEN(F$14)-LEN(SUBSTITUTE(F$14,";",""))<>0),"FORMAT_;",IF(AND(E9="Original lender country (if multiple countries)",ISBLANK(F9)=FALSE,LEN(F9)-LEN(SUBSTITUTE(F9,";",""))=0),"FORMAT_;",IF(OR(AND(E9="Designated Entity LEI",LEN(F9)<>20),AND(G9="{LEI}",LEN(F9)<>0,LEN(F9)<20),AND(G9="{ISIN}",LEN(F9)<>0,LEN(F9)<12),AND(LEN(F9)<>20,E9="Retaining entity LEI",ISBLANK(F9)=FALSE),AND(E9="Instrument ISIN",ISBLANK(F9)=FALSE,LEN(F9)>0,LEN(F9)<11),AND(D9="M",LEFT(G9,4)="{DAT",LEN(F9)<>10)),"FORMAT_LEN",IF(OR(AND(F9<>"",LEFT(G9,4)<>"{TEX",ISNUMBER(SUMPRODUCT(FIND(MID(F9,ROW(INDIRECT("1:"&LEN(F9))),1),W9)))=FALSE),AND(F9<>"",LEFT(G9,4)<>"{TEX",ISERROR(SUMPRODUCT(SEARCH(MID(F9,ROW(INDIRECT("1:"&LEN(TRIM(F9)))),1)," "&W9&CHAR(10)&"""")))=TRUE)),"FORMAT_CHAR",IF(LEFT(G9,4)="{TEX","TEXT","UNK")))))))))))))))))))))))))} -> UNK | V9: {=IF(OR(LEN(F9)>P9+1),FALSE,IF(LEFT(G9,5)="{TEXT",TRUE,IF(AND(ISBLANK(F9)=FALSE,G9="{DATE_TEXT-YYYY-MM-DD}",LEN(F9)<>10),FALSE,IF(AND(ISBLANK(F9)=FALSE,ISNUMBER(SUMPRODUCT(SEARCH(MID(F9,ROW(INDIRECT("1:"&LEN(TRIM(F9)))),1)," "&W9&CHAR(10)&"""")))=FALSE),FALSE,TRUE))))} -> TRUE | W9: =IF(G9="{Applicable/N/A}","N/Aplicable",IF(E9="Designated Entity LEI","ABCDEFGHIJKLMNOPQRSTUVWXYZ0123456789",IF(OR(G9="{ISIN}",G9="{LEI}"),";ABCDEFGHIJKLMNOPQRSTUVWXYZ0123456789",IF(G9="{Master Trust/Other}","Master TuOhe",IF(E9="Securitisation type","Privateublc",IF(LEFT(G9,4)="{CA_",Val!B$21,IF(G9="{COUNTRY_EU_LIST}"," ;abcdefghijklmnopqrstuvwxyzABCDEFGHIJKLMNOPQRSTUVWXYZ0123456789",IF(OR(G9="{NOTIFICATION ID}",G9="{SECURITISATION ID}"),Val!B$15,IF(G9="{COUNTRY_EU}"," ;abcdefghijklmnopqrstuvwxyzABCDEFGHIJKLMNOPQRSTUVWXYZ",IF(G9="{Confirmed/Unconfirmed}","ConfirmedUnc",IF(G9="{Confirmed/Unconfirmed/N/A}","Confirmed/UncNA",IF(LEFT(G9,4)="{DAT","0123456789-",IF(LEFT(G9,4)="{Y/N","YN",IF(OR(LEFT(G9,4)="{N/A",LEFT(G9,4)="{LIS",LEFT(G9,4)="{No ",LEFT(G9,4)="{SEC",LEFT(G9,4)="{Mas"),Val!B$20,IF(LEFT(G9,4)="{TEX",Val!B$21,IF(LEFT(G9,4)="{ALP",Val!B$20,IF(LEFT(G9,4)="{COU",Val!B$20))))))))))))))))) -> ;abcdefghijklmnopqrstuvwxyzABCDEFGHIJKLMNOPQRSTUVWXYZ | AB9: others | AC9: Germany - Bundesanstalt für Finanzdienstleistungsaufsicht (BaFin) | AG9: DENMARK
A10: NPU8 | B10: N7 | C10: STSS8 | D10: C | E10: Originator country (if multiple countries) | G10: {COUNTRY_EU_LIST} | H10: The country of establishment of the originator(s) (if multiple originators from different countries) | I10: When several originators are reported, please use this Box to complete to report the full list of countries. ";" separator should be used between each EEA country (in the same order used for the originator LEI). That may lead to repetition of the same country (IRELAND;ITALY;IRELAND;CZECHIA). Field codes are highlighted in amber where: - both Originator country and Originator country (if multiple countries) are left blank where originator LEI is reported; or - both Originator country and Originator country (if multiple countries) are filled-in; or - the number of Originator LEIs is different from the number of Originator countries (if multiple countries); or - only one country is reported; or - field has errors in format. | J10: Country of establishment | K10: Where available, the country of establishment of the originator(s), sponsor(s), SSPE(s) and original lender(s). | L10: Article 18 and 27(3) | M10: General Information | N10: N/A | O10: =IF(LEFT(U10,6)="FORMAT","FMT",IF(AND(E10="Designated Entity LEI",ISBLANK(F10)=FALSE,ISNUMBER(SEARCH(F10,F$8))=FALSE,ISNUMBER(SEARCH(F10,F$11))=FALSE),"DE",IF(AND(C10="STSS1",OR(AND(E10="Instrument ISIN",ISBLANK(F10)=TRUE,ISBLANK(F11)=TRUE,ISBLANK(F12)=TRUE),AND(E10="Instrument code",ISBLANK(F10)=TRUE,ISBLANK(F9)=TRUE,ISBLANK(F$5)=TRUE),AND(E10="Instrument code type",ISBLANK(F10)=TRUE,ISBLANK(F11)=TRUE,ISBLANK(F9)=TRUE),AND(E10="Instrument code",ISBLANK(F10)=TRUE,ISBLANK(F9)=FALSE),AND(E10="Instrument code type",ISBLANK(F10)=FALSE,ISBLANK(F11)=TRUE))),"S1",IF(AND(C10="STSS8",OR(AND(OR(E10="Sponsor country",E10="Originator country",E10="SSPE country",E10="Original Lender country"),ISBLANK(F11)=FALSE,ISBLANK(F10)=FALSE),AND(RIGHT(E10,23)="(if multiple countries)",ISBLANK(F9)=FALSE,ISBLANK(F10)=FALSE),AND(OR(E10="Sponsor country",E10="Originator country",E10="Original Lender country"),ISBLANK(F11)=TRUE,ISBLANK(F10)=TRUE,ISBLANK(F9)=FALSE))),"S8",IF(AND(C10="STSS5",OR(AND(E10="Exemption on Prospectus",ISBLANK(F10)=TRUE,ISBLANK(F9)=TRUE,ISBLANK(F$23)=TRUE,F$3="Public"),AND(E10="Prospectus Country",ISBLANK(F10)=TRUE,ISBLANK(F11)=TRUE,ISBLANK(F12)=TRUE,F$3="Public"),AND(E10="Prospectus identifier ",ISBLANK(F10)=TRUE,ISBLANK(F11)=TRUE,ISBLANK(F9)=TRUE,F$3="Public"),AND(E10="Exemption on Prospectus",ISBLANK(F10)=FALSE,ISBLANK(F9)=FALSE,ISBLANK(F$23)=FALSE),AND(E10="Prospectus Country",ISBLANK(F10)=FALSE,ISBLANK(F11)=FALSE,ISBLANK(F12)=FALSE),AND(E10="Prospectus identifier ",ISBLANK(F10)=FALSE,ISBLANK(F9)=FALSE,ISBLANK(F9)=FALSE),AND(E10="Prospectus Country",ISBLANK(F10)=FALSE,ISBLANK(F11)=TRUE),AND(E10="Prospectus identifier",ISBLANK(F10)=FALSE,ISBLANK(F9)=TRUE),AND(E10="Prospectus Country",ISBLANK(F10)=TRUE,ISBLANK(F11)=FALSE),AND(E10="Prospectus identifier",ISBLANK(F10)=TRUE,ISBLANK(F9)=FALSE),AND(E10="Prospectus identifier",ISBLANK(F10)=FALSE,ISBLANK(F11)=FALSE,F$3="Public"),AND(E10="Prospectus Country",ISBLANK(F10)=FALSE,ISBLANK(F12)=FALSE,F$3="Public"))),"S5",IF(AND(C10="STSS6",E10="Securitisation Repository name",ISBLANK(F10)=TRUE,F$3="Public"),"S6",IF(AND(C10="STSS12",OR(AND(S10<>"",S10>TODAY()+1))),"S12",IF(AND(C10="STSS13",OR(AND(F$32="N",E$32="Authorised Third party flag",E10<>"Authorised Third party flag",ISBLANK(F10)=FALSE),AND(F$32="Y",E$32="Authorised Third party flag",E10<>"Authorised Third party flag",ISBLANK(F10)=TRUE))),"S13",IF(AND(C10="STSS14",OR(AND(E$32="Authorised Third party flag",E10<>"Authorised Third party flag",F$32="N",ISBLANK(F10)=FALSE),AND(E$32="Authorised Third party flag",E10<>"Authorised Third party flag",F$32="Y",ISBLANK(F10)=TRUE),AND(E$32="Authorised Third party flag",E10<>"Authorised Third party flag",F$32="N",ISBLANK(F10)=FALSE),AND(E$32="Authorised Third party flag",E10<>"Authorised Third party flag",F$32="Y",ISBLANK(F10)=TRUE))),"S14",IF(AND(C10="STSS15",OR(AND(E$32="Authorised Third party flag",F$32="N",E10<>"Authorised Third party flag",ISBLANK(F10)=FALSE),AND(E10<>"Authorised Third party flag",E$32="Authorised Third party flag",F$32="Y",ISBLANK(F10)=TRUE),AND(RIGHT(E10,11)="t Authority",E$32="Authorised Third party flag",F$32="N",ISBLANK(F10)=FALSE))),"S15",IF(AND(C10="STSS4",OR(AND(E10="Multiple STS notifications reason",ISBLANK(F10)=TRUE,F9="Y"),AND(E10="Multiple STS notifications comment",ISBLANK(F10)=TRUE,F$20="Y"),AND(E10="Multiple STS notifications reason",ISBLANK(F10)=FALSE,F9="N"),AND(E10="Multiple STS notifications comment",ISBLANK(F10)=FALSE,F$20="N"))),"Trust",IF(OR(AND(RIGHT(G10,7)="ed/N/A}",F10<>"Confirmed",F10<>"Unconfirmed",F10<>"N/A"),AND(G10="{Confirmed/Unconfirmed}",F10<>"Confirmed",F10<>"Unconfirmed")),"lst",IF(AND(RIGHT(G9,7)="ed/N/A}",C10<>"STSS61",C10<>"STSS23",F9<>"N/A",ISBLANK(F10)=TRUE,D10="C"),"CND",IF(AND(F10="Unconfirmed",C10<>"STSS32"),"UCF",IF(AND(C10="STSS21",E10="Subject to severe clawback",F10="Y"),"S21",IF(AND(C10="STSS23",OR(AND(E9="The seller is not the original lender flag",F10="N/A",F9="Y"),AND(E9="The seller is not the original lender flag",F10<>"N/A",F9="N"),AND(E$48="The seller is not the original lender flag",ISBLANK(F10)=TRUE,F$48="Y"))),"S23",IF(AND(C10="STSS32",OR(AND(E10="Payment exemption",F$77="Unconfirmed",OR(F10="N/A",F10="No exemption",ISBLANK(F10)=TRUE)),AND(E10="Payment exemption",ISBLANK(F10)=FALSE,F$77="Confirmed"))),"S32",IF(AND(C10="STSS18",OR(AND(E10="Credit granting criteria compliance confirmation",F10<>"N/A",F9="N"),AND(E10="Credit granting criteria compliance confirmation",OR(ISBLANK(F10)=TRUE,F10="N/A"),F9="Y"))),"S18",IF(AND(C10="STSS19",OR(AND(F10<>"N/A",F$37="N",E10="Credit granting criteria supervision confirmation"),AND(OR(ISBLANK(F10)=TRUE,F10="N/A"),F$37="Y",E10="Credit granting criteria supervision confirmation"))),"S19",IF(AND(C10="STSS29",OR(AND(E10="Residential Loan requirement confirmation",F10<>"N/A",F$29<>"residential mortgages"),AND(E10="Residential Loan requirement confirmation",F10="N/A",F$29="residential mortgages"))),"S29",IF(AND(C10="STSS34",OR(AND(D10="C",E10="Other options used comment",F9="Y",ISBLANK(F10)=TRUE),AND(E10="Other options used comment",F9="N",D10="C",ISBLANK(F10)=FALSE),AND(E10="No compliance with risk retention requirements",F10="Y"),AND(E10="Vertical slice",F10="N",F11="N",F12="N",F13="N",F14="N",F15="N",F16="N"),AND(E10="Seller's share",F10="N",F11="N",F12="N",F13="N",F14="N",F15="N",F$87="N"),AND(E10="Randomly-selected exposures kept on balance sheet",F10="N",F11="N",F12="N",F13="N",F14="N",F$87="N",F$88="N"),AND(E10="First loss tranche",F10="N",F11="N",F12="N",F13="N",F$87="N",F$88="N",F$89="N"),AND(E10="First loss exposure in each asset indicator",F10="N",F11="N",F12="N",F$87="N",F$88="N",F$89="N",F$90="N"),AND(E10="No compliance with risk retention requirements",F10="N",F11="N",F$87="N",F$88="N",F$89="N",F$90="N",F$91="N"),AND(E10="Other option indicator",F10="N",F$87="N",F$88="N",F$89="N",F$90="N",F$91="N",F$92="N"),AND(E10="Retaining entity LEI",ISBLANK(F10)=TRUE,ISBLANK(F11)=TRUE),AND(E10="Retaining entity name",ISBLANK(F10)=TRUE,ISBLANK(F9)=TRUE))),"S34",IF(AND(C10="STSS37",OR(AND(F10="N/A",E10="Common standards underwriting derivatives confirmation",F$97<>"No derivatives"),AND(F10<>"N/A",E10="Common standards underwriting derivatives confirmation",F$97="No derivatives"))),"S37",IF(AND(C10="STSS44",F10="N/A",E10="Credit quality deterioration trigger confirmation",F$113="Confirmed"),"S44",IF(OR(AND(C10="STSS46",F10<>"N/A",E10="Credit quality deterioration trigger confirmation",F$119="N/A"),AND(C10="STSS46",F10="N/A",E10="Credit quality deterioration trigger confirmation",F$119<>"N/A")),"S46",IF(OR(AND(C10="STSS47",F10<>"N/A",E10="Insolvency-related event confirmation",F$119="N/A"),AND(C10="STS47",F10="N/A",E10="Insolvency-related event confirmation",F$119<>"N/A")),"S47",IF(OR(AND(C10="STSS48",F10<>"N/A",E10="Pre-determined threshold value confirmation",F$119="N/A"),AND(C10="STSS48",F10="N/A",E10="Pre-determined threshold value confirmation",F$119<>"N/A")),"S48",IF(OR(AND(C10="STSS49",F10<>"N/A",E10="New underlying exposures failure generation confirmation",F$119="N/A"),AND(C10="STSS49",F10="N/A",E10="New underlying exposures failure generation confirmation",F$119<>"N/A")),"S49",IF(AND(C10="STSS61",OR(AND(OR(F$29="residential mortgages",F$29="auto loans/leases"),F10="Not available",E10="Environmental performance availability"),AND(OR(F$29="residential mortgages",F$29="auto loans/leases"),F10="N/A",E10="Environmental performance availability"),AND(F$29<>"residential mortgages",F$29<>"auto loans/leases",F10<>"N/A",E10="Environmental performance availability"),AND(E10="Environmental performance explanation",F9="Available",ISBLANK(F10)=TRUE))),"S61",1)))))))))))))))))))))))))))) -> 1 | P10: 10000 | Q10: =IF(AND(E10="Last notification date",MONTH(TODAY())>9,DAY(TODAY())>9),YEAR(TODAY())&"-"&MONTH(TODAY())&"-"&DAY(TODAY()),IF(AND(E10="Last notification date",MONTH(TODAY())<9,DAY(TODAY())<10),YEAR(TODAY())&"-0"&MONTH(TODAY())&"-0"&DAY(TODAY()),IF(AND(E10="Last notification date",MONTH(TODAY())>9,DAY(TODAY())<10),YEAR(TODAY())&"-"&MONTH(TODAY())&"-0"&DAY(TODAY()),IF(AND(E10="Last notification date",MONTH(TODAY())<10,DAY(TODAY())>9),YEAR(TODAY())&"-0"&MONTH(TODAY())&"-"&DAY(TODAY()),IF(LEFT(G10,4)="{SEC","SEC ID",IF(LEFT(G10,4)="{DAT","DATE",IF(LEFT(G10,4)="{TEX",Val!B$21,IF(LEFT(G10,4)="{ALP",Val!B$20,IF(LEFT(G10,4)="{COU",Val!B$20,IF(OR(LEFT(G10,4)="{ISI",LEFT(G10,4)="{LEI"),Val!B$17,IF(OR(LEFT(G10,4)="{CA_",LEFT(G10,4)="{Mas",LEFT(G10,4)="{Y/N",LEFT(G10,4)="{No ",LEFT(G10,4)="{N/A",LEFT(G10,4)="{Con",LEFT(G10,4)="{LIS"),"LIST",""))))))))))) -> !"#$%&'()*+,-./0123456789:;<=>?@ABCDEFGHIJKLMNOPQRSTUVWXYZ[\]^_`abcdefghijklmnopqrstuvwxyz{|} | R10: =LEN(F10) -> 0 | S10: =IF(ISERROR(DATEVALUE(F10))=TRUE,"",DATEVALUE(F10)) | T10: =IF(AND(D10="M",ISBLANK(F10)=TRUE),"EMPTY",IF(AND(D10<>"M",ISBLANK(F10)=TRUE),"BLANK","UNK")) -> BLANK | U10: {=IF(AND(E10="Payment exemption explanation",ISBLANK(F10)=FALSE,F$77="Confirmed"),"FORMAT",IF(AND(E10="Historical Default and Loss Performance Data location",F$3="Public",ISBLANK(F10)=TRUE),"FORMAT",IF(AND(E9="Subject to severe clawback",F9="Y",ISBLANK(F10)=TRUE),"FORMAT",IF(AND(E9="Subject to severe clawback",F9="N",ISBLANK(F10)=FALSE),"FORMAT",IF(AND(OR(E10="Credit granting criteria supervision comment",E10="Credit granting criteria compliance comment"),ISBLANK(F10)=FALSE,OR(AND(F$34="N",E405="Originator (or original lender) is not a Credit institution"),AND(F$37="N",E$37="Originator (or original lender) is not a Credit institution"))),"FORMAT_S17",IF(AND(C10="STSS60",E10="Location of Liability cash flow model",ISBLANK(F10)=TRUE,F$3="Public"),"FORMAT_S60",IF(AND(C10="STSS58",E10="Historical Default and Loss Performance Data location",ISBLANK(F10)=TRUE,F$3="Public"),"FORMAT_S37",IF(AND(E10="Sponsor LEI",ISBLANK(F10)=TRUE,ISBLANK(F$8)=TRUE),"FORMAT_LEI",IF(AND(E10="Originator LEI",ISBLANK(F10)=TRUE,ISBLANK(F$11)=TRUE),"FORMAT_LEI",IF(OR(T10="EMPTY",P10+1<LEN(F10),AND(G9="{Confirmed/Unconfirmed/N/A}",S10="N/A",F9="N/A",F10<>"")),"FORMAT",IF(OR(AND(E10="Non-ABCP securitisation unique identifier",MID(F10,21,1)<>"N"),AND(E10="ABCP transaction unique identifier",MID(F10,21,1)<>"T"),AND(E10="ABCP programme unique identifier",MID(F10,21,1)<>"P")),"FORMAT_SEC_ID",IF(AND(E10="Underlying exposures classification",F10<>"residential mortgages",F10<>"commercial mortgages",F10<>"credit facilities provided to individuals for personal, family or household consumption purposes",F10<>"credit facilities, including loans and leases, provided to any type of enterprise or corporation",F10<>"auto loans/leases",F10<>"credit-card receivables",F10<>"trade receivables",F10<>"others"),"FORMAT_LIST",IF(AND(E10="Instrument code",LEN(F10)-LEN(SUBSTITUTE(F10,";",""))<>LEN(F9)-LEN(SUBSTITUTE(F9,";",""))),"FORMAT_;",IF(AND(E10="Sponsor country (if multiple countries)",LEN(F10)-LEN(SUBSTITUTE(F10,";",""))<>LEN(F$11)-LEN(SUBSTITUTE(F$11,";",""))),"FORMAT_;",IF(AND(E10="Sponsor country (if multiple countries)",ISBLANK(F10)=FALSE,LEN(F10)-LEN(SUBSTITUTE(F10,";",""))=0),"FORMAT_;",IF(AND(E10="Sponsor country (if multiple countries)",ISBLANK(F10)=TRUE,LEN(F$11)-LEN(SUBSTITUTE(F$11,";",""))<>0),"FORMAT_;",IF(AND(E10="Originator country (if multiple countries)",LEN(F10)-LEN(SUBSTITUTE(F10,";",""))<>0,ISBLANK(F10)=FALSE,LEN(F10)-LEN(SUBSTITUTE(F10,";",""))<>LEN(F$8)-LEN(SUBSTITUTE(F$8,";",""))),"FORMAT_;",IF(AND(E10="Originator country (if multiple countries)",ISBLANK(F10)=FALSE,LEN(F10)-LEN(SUBSTITUTE(F10,";",""))=0),"FORMAT_;",IF(AND(E10="Originator country (if multiple countries)",ISBLANK(F10)=TRUE,LEN(F$8)-LEN(SUBSTITUTE(F$8,";",""))<>0),"FORMAT_;",IF(AND(E10="Original lender country (if multiple countries)",ISBLANK(F10)=FALSE,LEN(F10)-LEN(SUBSTITUTE(F10,";",""))<>0,LEN(F10)-LEN(SUBSTITUTE(F10,";",""))<>LEN(F$14)-LEN(SUBSTITUTE(F$14,";",""))),"FORMAT_;",IF(AND(E10="Original lender country (if multiple countries)",ISBLANK(F10)=TRUE,LEN(F$14)-LEN(SUBSTITUTE(F$14,";",""))<>0),"FORMAT_;",IF(AND(E10="Original lender country (if multiple countries)",ISBLANK(F10)=FALSE,LEN(F10)-LEN(SUBSTITUTE(F10,";",""))=0),"FORMAT_;",IF(OR(AND(E10="Designated Entity LEI",LEN(F10)<>20),AND(G10="{LEI}",LEN(F10)<>0,LEN(F10)<20),AND(G10="{ISIN}",LEN(F10)<>0,LEN(F10)<12),AND(LEN(F10)<>20,E10="Retaining entity LEI",ISBLANK(F10)=FALSE),AND(E10="Instrument ISIN",ISBLANK(F10)=FALSE,LEN(F10)>0,LEN(F10)<11),AND(D10="M",LEFT(G10,4)="{DAT",LEN(F10)<>10)),"FORMAT_LEN",IF(OR(AND(F10<>"",LEFT(G10,4)<>"{TEX",ISNUMBER(SUMPRODUCT(FIND(MID(F10,ROW(INDIRECT("1:"&LEN(F10))),1),W10)))=FALSE),AND(F10<>"",LEFT(G10,4)<>"{TEX",ISERROR(SUMPRODUCT(SEARCH(MID(F10,ROW(INDIRECT("1:"&LEN(TRIM(F10)))),1)," "&W10&CHAR(10)&"""")))=TRUE)),"FORMAT_CHAR",IF(LEFT(G10,4)="{TEX","TEXT","UNK")))))))))))))))))))))))))} -> UNK | V10: {=IF(OR(LEN(F10)>P10+1),FALSE,IF(LEFT(G10,5)="{TEXT",TRUE,IF(AND(ISBLANK(F10)=FALSE,G10="{DATE_TEXT-YYYY-MM-DD}",LEN(F10)<>10),FALSE,IF(AND(ISBLANK(F10)=FALSE,ISNUMBER(SUMPRODUCT(SEARCH(MID(F10,ROW(INDIRECT("1:"&LEN(TRIM(F10)))),1)," "&W10&CHAR(10)&"""")))=FALSE),FALSE,TRUE))))} -> TRUE | W10: =IF(G10="{Applicable/N/A}","N/Aplicable",IF(E10="Designated Entity LEI","ABCDEFGHIJKLMNOPQRSTUVWXYZ0123456789",IF(OR(G10="{ISIN}",G10="{LEI}"),";ABCDEFGHIJKLMNOPQRSTUVWXYZ0123456789",IF(G10="{Master Trust/Other}","Master TuOhe",IF(E10="Securitisation type","Privateublc",IF(LEFT(G10,4)="{CA_",Val!B$21,IF(G10="{COUNTRY_EU_LIST}"," ;abcdefghijklmnopqrstuvwxyzABCDEFGHIJKLMNOPQRSTUVWXYZ0123456789",IF(OR(G10="{NOTIFICATION ID}",G10="{SECURITISATION ID}"),Val!B$15,IF(G10="{COUNTRY_EU}"," ;abcdefghijklmnopqrstuvwxyzABCDEFGHIJKLMNOPQRSTUVWXYZ",IF(G10="{Confirmed/Unconfirmed}","ConfirmedUnc",IF(G10="{Confirmed/Unconfirmed/N/A}","Confirmed/UncNA",IF(LEFT(G10,4)="{DAT","0123456789-",IF(LEFT(G10,4)="{Y/N","YN",IF(OR(LEFT(G10,4)="{N/A",LEFT(G10,4)="{LIS",LEFT(G10,4)="{No ",LEFT(G10,4)="{SEC",LEFT(G10,4)="{Mas"),Val!B$20,IF(LEFT(G10,4)="{TEX",Val!B$21,IF(LEFT(G10,4)="{ALP",Val!B$20,IF(LEFT(G10,4)="{COU",Val!B$20))))))))))))))))) -> ;abcdefghijklmnopqrstuvwxyzABCDEFGHIJKLMNOPQRSTUVWXYZ0123456789 | AC10: Denmark - Finanstilsynet (DFSA) | AG10: ESTONIA
A11: NPU9 | B11: N8 | C11: STSS2 | D11: C | E11: Sponsor LEI | G11: {LEI} | H11: The LEI of the sponsor(s) | I11: Sponsor LEI should be reported in Box to complete for each sponsor in that securitisation. At least one Sponsor LEI or Originator LEI should be provided. Reported LEIs should exist at the GLEIF database. Where multiple LEI are reported, ";" separator should be used without any space Field codes are highlighted in amber where: - neither Sponsor LEI nor Originator LEi is reported; or - field has errors in format. | J11: Legal Entity Identifier (LEI) | K11: The LEI of the originator(s) and sponsor(s) and, where available, original lender(s). | L11: N/A | M11: General Information | N11: Item 4.2 of Annex 9 of Commission Delegated Regulation (EU) 2019/980 | O11: =IF(LEFT(U11,6)="FORMAT","FMT",IF(AND(E11="Designated Entity LEI",ISBLANK(F11)=FALSE,ISNUMBER(SEARCH(F11,F$8))=FALSE,ISNUMBER(SEARCH(F11,F$11))=FALSE),"DE",IF(AND(C11="STSS1",OR(AND(E11="Instrument ISIN",ISBLANK(F11)=TRUE,ISBLANK(F12)=TRUE,ISBLANK(F13)=TRUE),AND(E11="Instrument code",ISBLANK(F11)=TRUE,ISBLANK(F10)=TRUE,ISBLANK(F$5)=TRUE),AND(E11="Instrument code type",ISBLANK(F11)=TRUE,ISBLANK(F12)=TRUE,ISBLANK(F10)=TRUE),AND(E11="Instrument code",ISBLANK(F11)=TRUE,ISBLANK(F10)=FALSE),AND(E11="Instrument code type",ISBLANK(F11)=FALSE,ISBLANK(F12)=TRUE))),"S1",IF(AND(C11="STSS8",OR(AND(OR(E11="Sponsor country",E11="Originator country",E11="SSPE country",E11="Original Lender country"),ISBLANK(F12)=FALSE,ISBLANK(F11)=FALSE),AND(RIGHT(E11,23)="(if multiple countries)",ISBLANK(F10)=FALSE,ISBLANK(F11)=FALSE),AND(OR(E11="Sponsor country",E11="Originator country",E11="Original Lender country"),ISBLANK(F12)=TRUE,ISBLANK(F11)=TRUE,ISBLANK(F10)=FALSE))),"S8",IF(AND(C11="STSS5",OR(AND(E11="Exemption on Prospectus",ISBLANK(F11)=TRUE,ISBLANK(F10)=TRUE,ISBLANK(F$23)=TRUE,F$3="Public"),AND(E11="Prospectus Country",ISBLANK(F11)=TRUE,ISBLANK(F12)=TRUE,ISBLANK(F13)=TRUE,F$3="Public"),AND(E11="Prospectus identifier ",ISBLANK(F11)=TRUE,ISBLANK(F12)=TRUE,ISBLANK(F10)=TRUE,F$3="Public"),AND(E11="Exemption on Prospectus",ISBLANK(F11)=FALSE,ISBLANK(F10)=FALSE,ISBLANK(F$23)=FALSE),AND(E11="Prospectus Country",ISBLANK(F11)=FALSE,ISBLANK(F12)=FALSE,ISBLANK(F13)=FALSE),AND(E11="Prospectus identifier ",ISBLANK(F11)=FALSE,ISBLANK(F10)=FALSE,ISBLANK(F10)=FALSE),AND(E11="Prospectus Country",ISBLANK(F11)=FALSE,ISBLANK(F12)=TRUE),AND(E11="Prospectus identifier",ISBLANK(F11)=FALSE,ISBLANK(F10)=TRUE),AND(E11="Prospectus Country",ISBLANK(F11)=TRUE,ISBLANK(F12)=FALSE),AND(E11="Prospectus identifier",ISBLANK(F11)=TRUE,ISBLANK(F10)=FALSE),AND(E11="Prospectus identifier",ISBLANK(F11)=FALSE,ISBLANK(F12)=FALSE,F$3="Public"),AND(E11="Prospectus Country",ISBLANK(F11)=FALSE,ISBLANK(F13)=FALSE,F$3="Public"))),"S5",IF(AND(C11="STSS6",E11="Securitisation Repository name",ISBLANK(F11)=TRUE,F$3="Public"),"S6",IF(AND(C11="STSS12",OR(AND(S11<>"",S11>TODAY()+1))),"S12",IF(AND(C11="STSS13",OR(AND(F$32="N",E$32="Authorised Third party flag",E11<>"Authorised Third party flag",ISBLANK(F11)=FALSE),AND(F$32="Y",E$32="Authorised Third party flag",E11<>"Authorised Third party flag",ISBLANK(F11)=TRUE))),"S13",IF(AND(C11="STSS14",OR(AND(E$32="Authorised Third party flag",E11<>"Authorised Third party flag",F$32="N",ISBLANK(F11)=FALSE),AND(E$32="Authorised Third party flag",E11<>"Authorised Third party flag",F$32="Y",ISBLANK(F11)=TRUE),AND(E$32="Authorised Third party flag",E11<>"Authorised Third party flag",F$32="N",ISBLANK(F11)=FALSE),AND(E$32="Authorised Third party flag",E11<>"Authorised Third party flag",F$32="Y",ISBLANK(F11)=TRUE))),"S14",IF(AND(C11="STSS15",OR(AND(E$32="Authorised Third party flag",F$32="N",E11<>"Authorised Third party flag",ISBLANK(F11)=FALSE),AND(E11<>"Authorised Third party flag",E$32="Authorised Third party flag",F$32="Y",ISBLANK(F11)=TRUE),AND(RIGHT(E11,11)="t Authority",E$32="Authorised Third party flag",F$32="N",ISBLANK(F11)=FALSE))),"S15",IF(AND(C11="STSS4",OR(AND(E11="Multiple STS notifications reason",ISBLANK(F11)=TRUE,F10="Y"),AND(E11="Multiple STS notifications comment",ISBLANK(F11)=TRUE,F$20="Y"),AND(E11="Multiple STS notifications reason",ISBLANK(F11)=FALSE,F10="N"),AND(E11="Multiple STS notifications comment",ISBLANK(F11)=FALSE,F$20="N"))),"Trust",IF(OR(AND(RIGHT(G11,7)="ed/N/A}",F11<>"Confirmed",F11<>"Unconfirmed",F11<>"N/A"),AND(G11="{Confirmed/Unconfirmed}",F11<>"Confirmed",F11<>"Unconfirmed")),"lst",IF(AND(RIGHT(G10,7)="ed/N/A}",C11<>"STSS61",C11<>"STSS23",F10<>"N/A",ISBLANK(F11)=TRUE,D11="C"),"CND",IF(AND(F11="Unconfirmed",C11<>"STSS32"),"UCF",IF(AND(C11="STSS21",E11="Subject to severe clawback",F11="Y"),"S21",IF(AND(C11="STSS23",OR(AND(E10="The seller is not the original lender flag",F11="N/A",F10="Y"),AND(E10="The seller is not the original lender flag",F11<>"N/A",F10="N"),AND(E$48="The seller is not the original lender flag",ISBLANK(F11)=TRUE,F$48="Y"))),"S23",IF(AND(C11="STSS32",OR(AND(E11="Payment exemption",F$77="Unconfirmed",OR(F11="N/A",F11="No exemption",ISBLANK(F11)=TRUE)),AND(E11="Payment exemption",ISBLANK(F11)=FALSE,F$77="Confirmed"))),"S32",IF(AND(C11="STSS18",OR(AND(E11="Credit granting criteria compliance confirmation",F11<>"N/A",F10="N"),AND(E11="Credit granting criteria compliance confirmation",OR(ISBLANK(F11)=TRUE,F11="N/A"),F10="Y"))),"S18",IF(AND(C11="STSS19",OR(AND(F11<>"N/A",F$37="N",E11="Credit granting criteria supervision confirmation"),AND(OR(ISBLANK(F11)=TRUE,F11="N/A"),F$37="Y",E11="Credit granting criteria supervision confirmation"))),"S19",IF(AND(C11="STSS29",OR(AND(E11="Residential Loan requirement confirmation",F11<>"N/A",F$29<>"residential mortgages"),AND(E11="Residential Loan requirement confirmation",F11="N/A",F$29="residential mortgages"))),"S29",IF(AND(C11="STSS34",OR(AND(D11="C",E11="Other options used comment",F10="Y",ISBLANK(F11)=TRUE),AND(E11="Other options used comment",F10="N",D11="C",ISBLANK(F11)=FALSE),AND(E11="No compliance with risk retention requirements",F11="Y"),AND(E11="Vertical slice",F11="N",F12="N",F13="N",F14="N",F15="N",F16="N",F17="N"),AND(E11="Seller's share",F11="N",F12="N",F13="N",F14="N",F15="N",F16="N",F$87="N"),AND(E11="Randomly-selected exposures kept on balance sheet",F11="N",F12="N",F13="N",F14="N",F15="N",F$87="N",F$88="N"),AND(E11="First loss tranche",F11="N",F12="N",F13="N",F14="N",F$87="N",F$88="N",F$89="N"),AND(E11="First loss exposure in each asset indicator",F11="N",F12="N",F13="N",F$87="N",F$88="N",F$89="N",F$90="N"),AND(E11="No compliance with risk retention requirements",F11="N",F12="N",F$87="N",F$88="N",F$89="N",F$90="N",F$91="N"),AND(E11="Other option indicator",F11="N",F$87="N",F$88="N",F$89="N",F$90="N",F$91="N",F$92="N"),AND(E11="Retaining entity LEI",ISBLANK(F11)=TRUE,ISBLANK(F12)=TRUE),AND(E11="Retaining entity name",ISBLANK(F11)=TRUE,ISBLANK(F10)=TRUE))),"S34",IF(AND(C11="STSS37",OR(AND(F11="N/A",E11="Common standards underwriting derivatives confirmation",F$97<>"No derivatives"),AND(F11<>"N/A",E11="Common standards underwriting derivatives confirmation",F$97="No derivatives"))),"S37",IF(AND(C11="STSS44",F11="N/A",E11="Credit quality deterioration trigger confirmation",F$113="Confirmed"),"S44",IF(OR(AND(C11="STSS46",F11<>"N/A",E11="Credit quality deterioration trigger confirmation",F$119="N/A"),AND(C11="STSS46",F11="N/A",E11="Credit quality deterioration trigger confirmation",F$119<>"N/A")),"S46",IF(OR(AND(C11="STSS47",F11<>"N/A",E11="Insolvency-related event confirmation",F$119="N/A"),AND(C11="STS47",F11="N/A",E11="Insolvency-related event confirmation",F$119<>"N/A")),"S47",IF(OR(AND(C11="STSS48",F11<>"N/A",E11="Pre-determined threshold value confirmation",F$119="N/A"),AND(C11="STSS48",F11="N/A",E11="Pre-determined threshold value confirmation",F$119<>"N/A")),"S48",IF(OR(AND(C11="STSS49",F11<>"N/A",E11="New underlying exposures failure generation confirmation",F$119="N/A"),AND(C11="STSS49",F11="N/A",E11="New underlying exposures failure generation confirmation",F$119<>"N/A")),"S49",IF(AND(C11="STSS61",OR(AND(OR(F$29="residential mortgages",F$29="auto loans/leases"),F11="Not available",E11="Environmental performance availability"),AND(OR(F$29="residential mortgages",F$29="auto loans/leases"),F11="N/A",E11="Environmental performance availability"),AND(F$29<>"residential mortgages",F$29<>"auto loans/leases",F11<>"N/A",E11="Environmental performance availability"),AND(E11="Environmental performance explanation",F10="Available",ISBLANK(F11)=TRUE))),"S61",1)))))))))))))))))))))))))))) -> 1 | P11: 10000 | Q11: =IF(AND(E11="Last notification date",MONTH(TODAY())>9,DAY(TODAY())>9),YEAR(TODAY())&"-"&MONTH(TODAY())&"-"&DAY(TODAY()),IF(AND(E11="Last notification date",MONTH(TODAY())<9,DAY(TODAY())<10),YEAR(TODAY())&"-0"&MONTH(TODAY())&"-0"&DAY(TODAY()),IF(AND(E11="Last notification date",MONTH(TODAY())>9,DAY(TODAY())<10),YEAR(TODAY())&"-"&MONTH(TODAY())&"-0"&DAY(TODAY()),IF(AND(E11="Last notification date",MONTH(TODAY())<10,DAY(TODAY())>9),YEAR(TODAY())&"-0"&MONTH(TODAY())&"-"&DAY(TODAY()),IF(LEFT(G11,4)="{SEC","SEC ID",IF(LEFT(G11,4)="{DAT","DATE",IF(LEFT(G11,4)="{TEX",Val!B$21,IF(LEFT(G11,4)="{ALP",Val!B$20,IF(LEFT(G11,4)="{COU",Val!B$20,IF(OR(LEFT(G11,4)="{ISI",LEFT(G11,4)="{LEI"),Val!B$17,IF(OR(LEFT(G11,4)="{CA_",LEFT(G11,4)="{Mas",LEFT(G11,4)="{Y/N",LEFT(G11,4)="{No ",LEFT(G11,4)="{N/A",LEFT(G11,4)="{Con",LEFT(G11,4)="{LIS"),"LIST",""))))))))))) -> ;ABCDEFGHIJKLMNOPQRSTUVWXYZ0123456789 | R11: =LEN(F11) -> 0 | S11: =IF(ISERROR(DATEVALUE(F11))=TRUE,"",DATEVALUE(F11)) | T11: =IF(AND(D11="M",ISBLANK(F11)=TRUE),"EMPTY",IF(AND(D11<>"M",ISBLANK(F11)=TRUE),"BLANK","UNK")) -> BLANK | U11: {=IF(AND(E11="Payment exemption explanation",ISBLANK(F11)=FALSE,F$77="Confirmed"),"FORMAT",IF(AND(E11="Historical Default and Loss Performance Data location",F$3="Public",ISBLANK(F11)=TRUE),"FORMAT",IF(AND(E10="Subject to severe clawback",F10="Y",ISBLANK(F11)=TRUE),"FORMAT",IF(AND(E10="Subject to severe clawback",F10="N",ISBLANK(F11)=FALSE),"FORMAT",IF(AND(OR(E11="Credit granting criteria supervision comment",E11="Credit granting criteria compliance comment"),ISBLANK(F11)=FALSE,OR(AND(F$34="N",E406="Originator (or original lender) is not a Credit institution"),AND(F$37="N",E$37="Originator (or original lender) is not a Credit institution"))),"FORMAT_S17",IF(AND(C11="STSS60",E11="Location of Liability cash flow model",ISBLANK(F11)=TRUE,F$3="Public"),"FORMAT_S60",IF(AND(C11="STSS58",E11="Historical Default and Loss Performance Data location",ISBLANK(F11)=TRUE,F$3="Public"),"FORMAT_S37",IF(AND(E11="Sponsor LEI",ISBLANK(F11)=TRUE,ISBLANK(F$8)=TRUE),"FORMAT_LEI",IF(AND(E11="Originator LEI",ISBLANK(F11)=TRUE,ISBLANK(F$11)=TRUE),"FORMAT_LEI",IF(OR(T11="EMPTY",P11+1<LEN(F11),AND(G10="{Confirmed/Unconfirmed/N/A}",S11="N/A",F10="N/A",F11<>"")),"FORMAT",IF(OR(AND(E11="Non-ABCP securitisation unique identifier",MID(F11,21,1)<>"N"),AND(E11="ABCP transaction unique identifier",MID(F11,21,1)<>"T"),AND(E11="ABCP programme unique identifier",MID(F11,21,1)<>"P")),"FORMAT_SEC_ID",IF(AND(E11="Underlying exposures classification",F11<>"residential mortgages",F11<>"commercial mortgages",F11<>"credit facilities provided to individuals for personal, family or household consumption purposes",F11<>"credit facilities, including loans and leases, provided to any type of enterprise or corporation",F11<>"auto loans/leases",F11<>"credit-card receivables",F11<>"trade receivables",F11<>"others"),"FORMAT_LIST",IF(AND(E11="Instrument code",LEN(F11)-LEN(SUBSTITUTE(F11,";",""))<>LEN(F10)-LEN(SUBSTITUTE(F10,";",""))),"FORMAT_;",IF(AND(E11="Sponsor country (if multiple countries)",LEN(F11)-LEN(SUBSTITUTE(F11,";",""))<>LEN(F$11)-LEN(SUBSTITUTE(F$11,";",""))),"FORMAT_;",IF(AND(E11="Sponsor country (if multiple countries)",ISBLANK(F11)=FALSE,LEN(F11)-LEN(SUBSTITUTE(F11,";",""))=0),"FORMAT_;",IF(AND(E11="Sponsor country (if multiple countries)",ISBLANK(F11)=TRUE,LEN(F$11)-LEN(SUBSTITUTE(F$11,";",""))<>0),"FORMAT_;",IF(AND(E11="Originator country (if multiple countries)",LEN(F11)-LEN(SUBSTITUTE(F11,";",""))<>0,ISBLANK(F11)=FALSE,LEN(F11)-LEN(SUBSTITUTE(F11,";",""))<>LEN(F$8)-LEN(SUBSTITUTE(F$8,";",""))),"FORMAT_;",IF(AND(E11="Originator country (if multiple countries)",ISBLANK(F11)=FALSE,LEN(F11)-LEN(SUBSTITUTE(F11,";",""))=0),"FORMAT_;",IF(AND(E11="Originator country (if multiple countries)",ISBLANK(F11)=TRUE,LEN(F$8)-LEN(SUBSTITUTE(F$8,";",""))<>0),"FORMAT_;",IF(AND(E11="Original lender country (if multiple countries)",ISBLANK(F11)=FALSE,LEN(F11)-LEN(SUBSTITUTE(F11,";",""))<>0,LEN(F11)-LEN(SUBSTITUTE(F11,";",""))<>LEN(F$14)-LEN(SUBSTITUTE(F$14,";",""))),"FORMAT_;",IF(AND(E11="Original lender country (if multiple countries)",ISBLANK(F11)=TRUE,LEN(F$14)-LEN(SUBSTITUTE(F$14,";",""))<>0),"FORMAT_;",IF(AND(E11="Original lender country (if multiple countries)",ISBLANK(F11)=FALSE,LEN(F11)-LEN(SUBSTITUTE(F11,";",""))=0),"FORMAT_;",IF(OR(AND(E11="Designated Entity LEI",LEN(F11)<>20),AND(G11="{LEI}",LEN(F11)<>0,LEN(F11)<20),AND(G11="{ISIN}",LEN(F11)<>0,LEN(F11)<12),AND(LEN(F11)<>20,E11="Retaining entity LEI",ISBLANK(F11)=FALSE),AND(E11="Instrument ISIN",ISBLANK(F11)=FALSE,LEN(F11)>0,LEN(F11)<11),AND(D11="M",LEFT(G11,4)="{DAT",LEN(F11)<>10)),"FORMAT_LEN",IF(OR(AND(F11<>"",LEFT(G11,4)<>"{TEX",ISNUMBER(SUMPRODUCT(FIND(MID(F11,ROW(INDIRECT("1:"&LEN(F11))),1),W11)))=FALSE),AND(F11<>"",LEFT(G11,4)<>"{TEX",ISERROR(SUMPRODUCT(SEARCH(MID(F11,ROW(INDIRECT("1:"&LEN(TRIM(F11)))),1)," "&W11&CHAR(10)&"""")))=TRUE)),"FORMAT_CHAR",IF(LEFT(G11,4)="{TEX","TEXT","UNK")))))))))))))))))))))))))} -> UNK | V11: {=IF(OR(LEN(F11)>P11+1),FALSE,IF(LEFT(G11,5)="{TEXT",TRUE,IF(AND(ISBLANK(F11)=FALSE,G11="{DATE_TEXT-YYYY-MM-DD}",LEN(F11)<>10),FALSE,IF(AND(ISBLANK(F11)=FALSE,ISNUMBER(SUMPRODUCT(SEARCH(MID(F11,ROW(INDIRECT("1:"&LEN(TRIM(F11)))),1)," "&W11&CHAR(10)&"""")))=FALSE),FALSE,TRUE))))} -> TRUE | W11: =IF(G11="{Applicable/N/A}","N/Aplicable",IF(E11="Designated Entity LEI","ABCDEFGHIJKLMNOPQRSTUVWXYZ0123456789",IF(OR(G11="{ISIN}",G11="{LEI}"),";ABCDEFGHIJKLMNOPQRSTUVWXYZ0123456789",IF(G11="{Master Trust/Other}","Master TuOhe",IF(E11="Securitisation type","Privateublc",IF(LEFT(G11,4)="{CA_",Val!B$21,IF(G11="{COUNTRY_EU_LIST}"," ;abcdefghijklmnopqrstuvwxyzABCDEFGHIJKLMNOPQRSTUVWXYZ0123456789",IF(OR(G11="{NOTIFICATION ID}",G11="{SECURITISATION ID}"),Val!B$15,IF(G11="{COUNTRY_EU}"," ;abcdefghijklmnopqrstuvwxyzABCDEFGHIJKLMNOPQRSTUVWXYZ",IF(G11="{Confirmed/Unconfirmed}","ConfirmedUnc",IF(G11="{Confirmed/Unconfirmed/N/A}","Confirmed/UncNA",IF(LEFT(G11,4)="{DAT","0123456789-",IF(LEFT(G11,4)="{Y/N","YN",IF(OR(LEFT(G11,4)="{N/A",LEFT(G11,4)="{LIS",LEFT(G11,4)="{No ",LEFT(G11,4)="{SEC",LEFT(G11,4)="{Mas"),Val!B$20,IF(LEFT(G11,4)="{TEX",Val!B$21,IF(LEFT(G11,4)="{ALP",Val!B$20,IF(LEFT(G11,4)="{COU",Val!B$20))))))))))))))))) -> ;ABCDEFGHIJKLMNOPQRSTUVWXYZ0123456789 | AC11: Estonia - Financial Supervision Authority (Finantsinspektsioon) | AG11: SPAIN
A12: NPU10 | B12: N9 | C12: STSS8 | D12: C | E12: Sponsor country | G12: {COUNTRY_EU} | H12: The country of establishment of the sponsor(s) | I12: When only one sponsor is reported, please use this Box to complete to report the unique country. Select the relevant EEA country in the drop-down list of Box to complete. Field codes are highlighted in amber where: - both Sponsor country and Sponsor country (if multiple countries) are left blank where Sponsor LEI is reported; or - both Sponsor country and Sponsor country (if multiple countries) are filled-in; or - field has errors in format. | J12: Country of establishment | K12: Where available, the country of establishment of the originator(s), sponsor(s), SSPE(s) and original lender(s). | L12: Article 18 and 27(3) | M12: General Information | N12: N/A | O12: =IF(LEFT(U12,6)="FORMAT","FMT",IF(AND(E12="Designated Entity LEI",ISBLANK(F12)=FALSE,ISNUMBER(SEARCH(F12,F$8))=FALSE,ISNUMBER(SEARCH(F12,F$11))=FALSE),"DE",IF(AND(C12="STSS1",OR(AND(E12="Instrument ISIN",ISBLANK(F12)=TRUE,ISBLANK(F13)=TRUE,ISBLANK(F14)=TRUE),AND(E12="Instrument code",ISBLANK(F12)=TRUE,ISBLANK(F11)=TRUE,ISBLANK(F$5)=TRUE),AND(E12="Instrument code type",ISBLANK(F12)=TRUE,ISBLANK(F13)=TRUE,ISBLANK(F11)=TRUE),AND(E12="Instrument code",ISBLANK(F12)=TRUE,ISBLANK(F11)=FALSE),AND(E12="Instrument code type",ISBLANK(F12)=FALSE,ISBLANK(F13)=TRUE))),"S1",IF(AND(C12="STSS8",OR(AND(OR(E12="Sponsor country",E12="Originator country",E12="SSPE country",E12="Original Lender country"),ISBLANK(F13)=FALSE,ISBLANK(F12)=FALSE),AND(RIGHT(E12,23)="(if multiple countries)",ISBLANK(F11)=FALSE,ISBLANK(F12)=FALSE),AND(OR(E12="Sponsor country",E12="Originator country",E12="Original Lender country"),ISBLANK(F13)=TRUE,ISBLANK(F12)=TRUE,ISBLANK(F11)=FALSE))),"S8",IF(AND(C12="STSS5",OR(AND(E12="Exemption on Prospectus",ISBLANK(F12)=TRUE,ISBLANK(F11)=TRUE,ISBLANK(F$23)=TRUE,F$3="Public"),AND(E12="Prospectus Country",ISBLANK(F12)=TRUE,ISBLANK(F13)=TRUE,ISBLANK(F14)=TRUE,F$3="Public"),AND(E12="Prospectus identifier ",ISBLANK(F12)=TRUE,ISBLANK(F13)=TRUE,ISBLANK(F11)=TRUE,F$3="Public"),AND(E12="Exemption on Prospectus",ISBLANK(F12)=FALSE,ISBLANK(F11)=FALSE,ISBLANK(F$23)=FALSE),AND(E12="Prospectus Country",ISBLANK(F12)=FALSE,ISBLANK(F13)=FALSE,ISBLANK(F14)=FALSE),AND(E12="Prospectus identifier ",ISBLANK(F12)=FALSE,ISBLANK(F11)=FALSE,ISBLANK(F11)=FALSE),AND(E12="Prospectus Country",ISBLANK(F12)=FALSE,ISBLANK(F13)=TRUE),AND(E12="Prospectus identifier",ISBLANK(F12)=FALSE,ISBLANK(F11)=TRUE),AND(E12="Prospectus Country",ISBLANK(F12)=TRUE,ISBLANK(F13)=FALSE),AND(E12="Prospectus identifier",ISBLANK(F12)=TRUE,ISBLANK(F11)=FALSE),AND(E12="Prospectus identifier",ISBLANK(F12)=FALSE,ISBLANK(F13)=FALSE,F$3="Public"),AND(E12="Prospectus Country",ISBLANK(F12)=FALSE,ISBLANK(F14)=FALSE,F$3="Public"))),"S5",IF(AND(C12="STSS6",E12="Securitisation Repository name",ISBLANK(F12)=TRUE,F$3="Public"),"S6",IF(AND(C12="STSS12",OR(AND(S12<>"",S12>TODAY()+1))),"S12",IF(AND(C12="STSS13",OR(AND(F$32="N",E$32="Authorised Third party flag",E12<>"Authorised Third party flag",ISBLANK(F12)=FALSE),AND(F$32="Y",E$32="Authorised Third party flag",E12<>"Authorised Third party flag",ISBLANK(F12)=TRUE))),"S13",IF(AND(C12="STSS14",OR(AND(E$32="Authorised Third party flag",E12<>"Authorised Third party flag",F$32="N",ISBLANK(F12)=FALSE),AND(E$32="Authorised Third party flag",E12<>"Authorised Third party flag",F$32="Y",ISBLANK(F12)=TRUE),AND(E$32="Authorised Third party flag",E12<>"Authorised Third party flag",F$32="N",ISBLANK(F12)=FALSE),AND(E$32="Authorised Third party flag",E12<>"Authorised Third party flag",F$32="Y",ISBLANK(F12)=TRUE))),"S14",IF(AND(C12="STSS15",OR(AND(E$32="Authorised Third party flag",F$32="N",E12<>"Authorised Third party flag",ISBLANK(F12)=FALSE),AND(E12<>"Authorised Third party flag",E$32="Authorised Third party flag",F$32="Y",ISBLANK(F12)=TRUE),AND(RIGHT(E12,11)="t Authority",E$32="Authorised Third party flag",F$32="N",ISBLANK(F12)=FALSE))),"S15",IF(AND(C12="STSS4",OR(AND(E12="Multiple STS notifications reason",ISBLANK(F12)=TRUE,F11="Y"),AND(E12="Multiple STS notifications comment",ISBLANK(F12)=TRUE,F$20="Y"),AND(E12="Multiple STS notifications reason",ISBLANK(F12)=FALSE,F11="N"),AND(E12="Multiple STS notifications comment",ISBLANK(F12)=FALSE,F$20="N"))),"Trust",IF(OR(AND(RIGHT(G12,7)="ed/N/A}",F12<>"Confirmed",F12<>"Unconfirmed",F12<>"N/A"),AND(G12="{Confirmed/Unconfirmed}",F12<>"Confirmed",F12<>"Unconfirmed")),"lst",IF(AND(RIGHT(G11,7)="ed/N/A}",C12<>"STSS61",C12<>"STSS23",F11<>"N/A",ISBLANK(F12)=TRUE,D12="C"),"CND",IF(AND(F12="Unconfirmed",C12<>"STSS32"),"UCF",IF(AND(C12="STSS21",E12="Subject to severe clawback",F12="Y"),"S21",IF(AND(C12="STSS23",OR(AND(E11="The seller is not the original lender flag",F12="N/A",F11="Y"),AND(E11="The seller is not the original lender flag",F12<>"N/A",F11="N"),AND(E$48="The seller is not the original lender flag",ISBLANK(F12)=TRUE,F$48="Y"))),"S23",IF(AND(C12="STSS32",OR(AND(E12="Payment exemption",F$77="Unconfirmed",OR(F12="N/A",F12="No exemption",ISBLANK(F12)=TRUE)),AND(E12="Payment exemption",ISBLANK(F12)=FALSE,F$77="Confirmed"))),"S32",IF(AND(C12="STSS18",OR(AND(E12="Credit granting criteria compliance confirmation",F12<>"N/A",F11="N"),AND(E12="Credit granting criteria compliance confirmation",OR(ISBLANK(F12)=TRUE,F12="N/A"),F11="Y"))),"S18",IF(AND(C12="STSS19",OR(AND(F12<>"N/A",F$37="N",E12="Credit granting criteria supervision confirmation"),AND(OR(ISBLANK(F12)=TRUE,F12="N/A"),F$37="Y",E12="Credit granting criteria supervision confirmation"))),"S19",IF(AND(C12="STSS29",OR(AND(E12="Residential Loan requirement confirmation",F12<>"N/A",F$29<>"residential mortgages"),AND(E12="Residential Loan requirement confirmation",F12="N/A",F$29="residential mortgages"))),"S29",IF(AND(C12="STSS34",OR(AND(D12="C",E12="Other options used comment",F11="Y",ISBLANK(F12)=TRUE),AND(E12="Other options used comment",F11="N",D12="C",ISBLANK(F12)=FALSE),AND(E12="No compliance with risk retention requirements",F12="Y"),AND(E12="Vertical slice",F12="N",F13="N",F14="N",F15="N",F16="N",F17="N",F18="N"),AND(E12="Seller's share",F12="N",F13="N",F14="N",F15="N",F16="N",F17="N",F$87="N"),AND(E12="Randomly-selected exposures kept on balance sheet",F12="N",F13="N",F14="N",F15="N",F16="N",F$87="N",F$88="N"),AND(E12="First loss tranche",F12="N",F13="N",F14="N",F15="N",F$87="N",F$88="N",F$89="N"),AND(E12="First loss exposure in each asset indicator",F12="N",F13="N",F14="N",F$87="N",F$88="N",F$89="N",F$90="N"),AND(E12="No compliance with risk retention requirements",F12="N",F13="N",F$87="N",F$88="N",F$89="N",F$90="N",F$91="N"),AND(E12="Other option indicator",F12="N",F$87="N",F$88="N",F$89="N",F$90="N",F$91="N",F$92="N"),AND(E12="Retaining entity LEI",ISBLANK(F12)=TRUE,ISBLANK(F13)=TRUE),AND(E12="Retaining entity name",ISBLANK(F12)=TRUE,ISBLANK(F11)=TRUE))),"S34",IF(AND(C12="STSS37",OR(AND(F12="N/A",E12="Common standards underwriting derivatives confirmation",F$97<>"No derivatives"),AND(F12<>"N/A",E12="Common standards underwriting derivatives confirmation",F$97="No derivatives"))),"S37",IF(AND(C12="STSS44",F12="N/A",E12="Credit quality deterioration trigger confirmation",F$113="Confirmed"),"S44",IF(OR(AND(C12="STSS46",F12<>"N/A",E12="Credit quality deterioration trigger confirmation",F$119="N/A"),AND(C12="STSS46",F12="N/A",E12="Credit quality deterioration trigger confirmation",F$119<>"N/A")),"S46",IF(OR(AND(C12="STSS47",F12<>"N/A",E12="Insolvency-related event confirmation",F$119="N/A"),AND(C12="STS47",F12="N/A",E12="Insolvency-related event confirmation",F$119<>"N/A")),"S47",IF(OR(AND(C12="STSS48",F12<>"N/A",E12="Pre-determined threshold value confirmation",F$119="N/A"),AND(C12="STSS48",F12="N/A",E12="Pre-determined threshold value confirmation",F$119<>"N/A")),"S48",IF(OR(AND(C12="STSS49",F12<>"N/A",E12="New underlying exposures failure generation confirmation",F$119="N/A"),AND(C12="STSS49",F12="N/A",E12="New underlying exposures failure generation confirmation",F$119<>"N/A")),"S49",IF(AND(C12="STSS61",OR(AND(OR(F$29="residential mortgages",F$29="auto loans/leases"),F12="Not available",E12="Environmental performance availability"),AND(OR(F$29="residential mortgages",F$29="auto loans/leases"),F12="N/A",E12="Environmental performance availability"),AND(F$29<>"residential mortgages",F$29<>"auto loans/leases",F12<>"N/A",E12="Environmental performance availability"),AND(E12="Environmental performance explanation",F11="Available",ISBLANK(F12)=TRUE))),"S61",1)))))))))))))))))))))))))))) -> 1 | P12: 50 | Q12: =IF(AND(E12="Last notification date",MONTH(TODAY())>9,DAY(TODAY())>9),YEAR(TODAY())&"-"&MONTH(TODAY())&"-"&DAY(TODAY()),IF(AND(E12="Last notification date",MONTH(TODAY())<9,DAY(TODAY())<10),YEAR(TODAY())&"-0"&MONTH(TODAY())&"-0"&DAY(TODAY()),IF(AND(E12="Last notification date",MONTH(TODAY())>9,DAY(TODAY())<10),YEAR(TODAY())&"-"&MONTH(TODAY())&"-0"&DAY(TODAY()),IF(AND(E12="Last notification date",MONTH(TODAY())<10,DAY(TODAY())>9),YEAR(TODAY())&"-0"&MONTH(TODAY())&"-"&DAY(TODAY()),IF(LEFT(G12,4)="{SEC","SEC ID",IF(LEFT(G12,4)="{DAT","DATE",IF(LEFT(G12,4)="{TEX",Val!B$21,IF(LEFT(G12,4)="{ALP",Val!B$20,IF(LEFT(G12,4)="{COU",Val!B$20,IF(OR(LEFT(G12,4)="{ISI",LEFT(G12,4)="{LEI"),Val!B$17,IF(OR(LEFT(G12,4)="{CA_",LEFT(G12,4)="{Mas",LEFT(G12,4)="{Y/N",LEFT(G12,4)="{No ",LEFT(G12,4)="{N/A",LEFT(G12,4)="{Con",LEFT(G12,4)="{LIS"),"LIST",""))))))))))) -> !"#$%&'()*+,-./0123456789:;<=>?@ABCDEFGHIJKLMNOPQRSTUVWXYZ[\]^_`abcdefghijklmnopqrstuvwxyz{|} | R12: =LEN(F12) -> 0 | S12: =IF(ISERROR(DATEVALUE(F12))=TRUE,"",DATEVALUE(F12)) | T12: =IF(AND(D12="M",ISBLANK(F12)=TRUE),"EMPTY",IF(AND(D12<>"M",ISBLANK(F12)=TRUE),"BLANK","UNK")) -> BLANK | U12: {=IF(AND(E12="Payment exemption explanation",ISBLANK(F12)=FALSE,F$77="Confirmed"),"FORMAT",IF(AND(E12="Historical Default and Loss Performance Data location",F$3="Public",ISBLANK(F12)=TRUE),"FORMAT",IF(AND(E11="Subject to severe clawback",F11="Y",ISBLANK(F12)=TRUE),"FORMAT",IF(AND(E11="Subject to severe clawback",F11="N",ISBLANK(F12)=FALSE),"FORMAT",IF(AND(OR(E12="Credit granting criteria supervision comment",E12="Credit granting criteria compliance comment"),ISBLANK(F12)=FALSE,OR(AND(F$34="N",E407="Originator (or original lender) is not a Credit institution"),AND(F$37="N",E$37="Originator (or original lender) is not a Credit institution"))),"FORMAT_S17",IF(AND(C12="STSS60",E12="Location of Liability cash flow model",ISBLANK(F12)=TRUE,F$3="Public"),"FORMAT_S60",IF(AND(C12="STSS58",E12="Historical Default and Loss Performance Data location",ISBLANK(F12)=TRUE,F$3="Public"),"FORMAT_S37",IF(AND(E12="Sponsor LEI",ISBLANK(F12)=TRUE,ISBLANK(F$8)=TRUE),"FORMAT_LEI",IF(AND(E12="Originator LEI",ISBLANK(F12)=TRUE,ISBLANK(F$11)=TRUE),"FORMAT_LEI",IF(OR(T12="EMPTY",P12+1<LEN(F12),AND(G11="{Confirmed/Unconfirmed/N/A}",S12="N/A",F11="N/A",F12<>"")),"FORMAT",IF(OR(AND(E12="Non-ABCP securitisation unique identifier",MID(F12,21,1)<>"N"),AND(E12="ABCP transaction unique identifier",MID(F12,21,1)<>"T"),AND(E12="ABCP programme unique identifier",MID(F12,21,1)<>"P")),"FORMAT_SEC_ID",IF(AND(E12="Underlying exposures classification",F12<>"residential mortgages",F12<>"commercial mortgages",F12<>"credit facilities provided to individuals for personal, family or household consumption purposes",F12<>"credit facilities, including loans and leases, provided to any type of enterprise or corporation",F12<>"auto loans/leases",F12<>"credit-card receivables",F12<>"trade receivables",F12<>"others"),"FORMAT_LIST",IF(AND(E12="Instrument code",LEN(F12)-LEN(SUBSTITUTE(F12,";",""))<>LEN(F11)-LEN(SUBSTITUTE(F11,";",""))),"FORMAT_;",IF(AND(E12="Sponsor country (if multiple countries)",LEN(F12)-LEN(SUBSTITUTE(F12,";",""))<>LEN(F$11)-LEN(SUBSTITUTE(F$11,";",""))),"FORMAT_;",IF(AND(E12="Sponsor country (if multiple countries)",ISBLANK(F12)=FALSE,LEN(F12)-LEN(SUBSTITUTE(F12,";",""))=0),"FORMAT_;",IF(AND(E12="Sponsor country (if multiple countries)",ISBLANK(F12)=TRUE,LEN(F$11)-LEN(SUBSTITUTE(F$11,";",""))<>0),"FORMAT_;",IF(AND(E12="Originator country (if multiple countries)",LEN(F12)-LEN(SUBSTITUTE(F12,";",""))<>0,ISBLANK(F12)=FALSE,LEN(F12)-LEN(SUBSTITUTE(F12,";",""))<>LEN(F$8)-LEN(SUBSTITUTE(F$8,";",""))),"FORMAT_;",IF(AND(E12="Originator country (if multiple countries)",ISBLANK(F12)=FALSE,LEN(F12)-LEN(SUBSTITUTE(F12,";",""))=0),"FORMAT_;",IF(AND(E12="Originator country (if multiple countries)",ISBLANK(F12)=TRUE,LEN(F$8)-LEN(SUBSTITUTE(F$8,";",""))<>0),"FORMAT_;",IF(AND(E12="Original lender country (if multiple countries)",ISBLANK(F12)=FALSE,LEN(F12)-LEN(SUBSTITUTE(F12,";",""))<>0,LEN(F12)-LEN(SUBSTITUTE(F12,";",""))<>LEN(F$14)-LEN(SUBSTITUTE(F$14,";",""))),"FORMAT_;",IF(AND(E12="Original lender country (if multiple countries)",ISBLANK(F12)=TRUE,LEN(F$14)-LEN(SUBSTITUTE(F$14,";",""))<>0),"FORMAT_;",IF(AND(E12="Original lender country (if multiple countries)",ISBLANK(F12)=FALSE,LEN(F12)-LEN(SUBSTITUTE(F12,";",""))=0),"FORMAT_;",IF(OR(AND(E12="Designated Entity LEI",LEN(F12)<>20),AND(G12="{LEI}",LEN(F12)<>0,LEN(F12)<20),AND(G12="{ISIN}",LEN(F12)<>0,LEN(F12)<12),AND(LEN(F12)<>20,E12="Retaining entity LEI",ISBLANK(F12)=FALSE),AND(E12="Instrument ISIN",ISBLANK(F12)=FALSE,LEN(F12)>0,LEN(F12)<11),AND(D12="M",LEFT(G12,4)="{DAT",LEN(F12)<>10)),"FORMAT_LEN",IF(OR(AND(F12<>"",LEFT(G12,4)<>"{TEX",ISNUMBER(SUMPRODUCT(FIND(MID(F12,ROW(INDIRECT("1:"&LEN(F12))),1),W12)))=FALSE),AND(F12<>"",LEFT(G12,4)<>"{TEX",ISERROR(SUMPRODUCT(SEARCH(MID(F12,ROW(INDIRECT("1:"&LEN(TRIM(F12)))),1)," "&W12&CHAR(10)&"""")))=TRUE)),"FORMAT_CHAR",IF(LEFT(G12,4)="{TEX","TEXT","UNK")))))))))))))))))))))))))} -> UNK | V12: {=IF(OR(LEN(F12)>P12+1),FALSE,IF(LEFT(G12,5)="{TEXT",TRUE,IF(AND(ISBLANK(F12)=FALSE,G12="{DATE_TEXT-YYYY-MM-DD}",LEN(F12)<>10),FALSE,IF(AND(ISBLANK(F12)=FALSE,ISNUMBER(SUMPRODUCT(SEARCH(MID(F12,ROW(INDIRECT("1:"&LEN(TRIM(F12)))),1)," "&W12&CHAR(10)&"""")))=FALSE),FALSE,TRUE))))} -> TRUE | W12: =IF(G12="{Applicable/N/A}","N/Aplicable",IF(E12="Designated Entity LEI","ABCDEFGHIJKLMNOPQRSTUVWXYZ0123456789",IF(OR(G12="{ISIN}",G12="{LEI}"),";ABCDEFGHIJKLMNOPQRSTUVWXYZ0123456789",IF(G12="{Master Trust/Other}","Master TuOhe",IF(E12="Securitisation type","Privateublc",IF(LEFT(G12,4)="{CA_",Val!B$21,IF(G12="{COUNTRY_EU_LIST}"," ;abcdefghijklmnopqrstuvwxyzABCDEFGHIJKLMNOPQRSTUVWXYZ0123456789",IF(OR(G12="{NOTIFICATION ID}",G12="{SECURITISATION ID}"),Val!B$15,IF(G12="{COUNTRY_EU}"," ;abcdefghijklmnopqrstuvwxyzABCDEFGHIJKLMNOPQRSTUVWXYZ",IF(G12="{Confirmed/Unconfirmed}","ConfirmedUnc",IF(G12="{Confirmed/Unconfirmed/N/A}","Confirmed/UncNA",IF(LEFT(G12,4)="{DAT","0123456789-",IF(LEFT(G12,4)="{Y/N","YN",IF(OR(LEFT(G12,4)="{N/A",LEFT(G12,4)="{LIS",LEFT(G12,4)="{No ",LEFT(G12,4)="{SEC",LEFT(G12,4)="{Mas"),Val!B$20,IF(LEFT(G12,4)="{TEX",Val!B$21,IF(LEFT(G12,4)="{ALP",Val!B$20,IF(LEFT(G12,4)="{COU",Val!B$20))))))))))))))))) -> ;abcdefghijklmnopqrstuvwxyzABCDEFGHIJKLMNOPQRSTUVWXYZ | AC12: Spain - Comisión Nacional del Mercado de Valores (CNMV) | AG12: FINLAND
A13: NPU11 | B13: N9 | C13: STSS8 | D13: C | E13: Sponsor country (if multiple countries) | G13: {COUNTRY_EU_LIST} | H13: The country of establishment of the sponsor(s) (if multiple sponsors from different countries) | I13: When several sponsors are reported, please use this Box to complete to report the full list of countries. ";" separator should be used between each EEA country (in the same order used for the sponsor LEI). That may lead to repetition of the same country (IRELAND;ITALY;IRELAND;CZECHIA) Field codes are highlighted in amber where: - both Sponsor country and Sponsor country (if multiple countries) are left blank where Sponsor LEI is reported; or - both Sponsor country and Sponsor country (if multiple countries) are filled-in; or - the number of Sponsor LEIs is different from the number of Sponsor countries (if multiple countries); or - only one country is reported; or - field has errors in format. | O13: =IF(LEFT(U13,6)="FORMAT","FMT",IF(AND(E13="Designated Entity LEI",ISBLANK(F13)=FALSE,ISNUMBER(SEARCH(F13,F$8))=FALSE,ISNUMBER(SEARCH(F13,F$11))=FALSE),"DE",IF(AND(C13="STSS1",OR(AND(E13="Instrument ISIN",ISBLANK(F13)=TRUE,ISBLANK(F14)=TRUE,ISBLANK(F15)=TRUE),AND(E13="Instrument code",ISBLANK(F13)=TRUE,ISBLANK(F12)=TRUE,ISBLANK(F$5)=TRUE),AND(E13="Instrument code type",ISBLANK(F13)=TRUE,ISBLANK(F14)=TRUE,ISBLANK(F12)=TRUE),AND(E13="Instrument code",ISBLANK(F13)=TRUE,ISBLANK(F12)=FALSE),AND(E13="Instrument code type",ISBLANK(F13)=FALSE,ISBLANK(F14)=TRUE))),"S1",IF(AND(C13="STSS8",OR(AND(OR(E13="Sponsor country",E13="Originator country",E13="SSPE country",E13="Original Lender country"),ISBLANK(F14)=FALSE,ISBLANK(F13)=FALSE),AND(RIGHT(E13,23)="(if multiple countries)",ISBLANK(F12)=FALSE,ISBLANK(F13)=FALSE),AND(OR(E13="Sponsor country",E13="Originator country",E13="Original Lender country"),ISBLANK(F14)=TRUE,ISBLANK(F13)=TRUE,ISBLANK(F12)=FALSE))),"S8",IF(AND(C13="STSS5",OR(AND(E13="Exemption on Prospectus",ISBLANK(F13)=TRUE,ISBLANK(F12)=TRUE,ISBLANK(F$23)=TRUE,F$3="Public"),AND(E13="Prospectus Country",ISBLANK(F13)=TRUE,ISBLANK(F14)=TRUE,ISBLANK(F15)=TRUE,F$3="Public"),AND(E13="Prospectus identifier ",ISBLANK(F13)=TRUE,ISBLANK(F14)=TRUE,ISBLANK(F12)=TRUE,F$3="Public"),AND(E13="Exemption on Prospectus",ISBLANK(F13)=FALSE,ISBLANK(F12)=FALSE,ISBLANK(F$23)=FALSE),AND(E13="Prospectus Country",ISBLANK(F13)=FALSE,ISBLANK(F14)=FALSE,ISBLANK(F15)=FALSE),AND(E13="Prospectus identifier ",ISBLANK(F13)=FALSE,ISBLANK(F12)=FALSE,ISBLANK(F12)=FALSE),AND(E13="Prospectus Country",ISBLANK(F13)=FALSE,ISBLANK(F14)=TRUE),AND(E13="Prospectus identifier",ISBLANK(F13)=FALSE,ISBLANK(F12)=TRUE),AND(E13="Prospectus Country",ISBLANK(F13)=TRUE,ISBLANK(F14)=FALSE),AND(E13="Prospectus identifier",ISBLANK(F13)=TRUE,ISBLANK(F12)=FALSE),AND(E13="Prospectus identifier",ISBLANK(F13)=FALSE,ISBLANK(F14)=FALSE,F$3="Public"),AND(E13="Prospectus Country",ISBLANK(F13)=FALSE,ISBLANK(F15)=FALSE,F$3="Public"))),"S5",IF(AND(C13="STSS6",E13="Securitisation Repository name",ISBLANK(F13)=TRUE,F$3="Public"),"S6",IF(AND(C13="STSS12",OR(AND(S13<>"",S13>TODAY()+1))),"S12",IF(AND(C13="STSS13",OR(AND(F$32="N",E$32="Authorised Third party flag",E13<>"Authorised Third party flag",ISBLANK(F13)=FALSE),AND(F$32="Y",E$32="Authorised Third party flag",E13<>"Authorised Third party flag",ISBLANK(F13)=TRUE))),"S13",IF(AND(C13="STSS14",OR(AND(E$32="Authorised Third party flag",E13<>"Authorised Third party flag",F$32="N",ISBLANK(F13)=FALSE),AND(E$32="Authorised Third party flag",E13<>"Authorised Third party flag",F$32="Y",ISBLANK(F13)=TRUE),AND(E$32="Authorised Third party flag",E13<>"Authorised Third party flag",F$32="N",ISBLANK(F13)=FALSE),AND(E$32="Authorised Third party flag",E13<>"Authorised Third party flag",F$32="Y",ISBLANK(F13)=TRUE))),"S14",IF(AND(C13="STSS15",OR(AND(E$32="Authorised Third party flag",F$32="N",E13<>"Authorised Third party flag",ISBLANK(F13)=FALSE),AND(E13<>"Authorised Third party flag",E$32="Authorised Third party flag",F$32="Y",ISBLANK(F13)=TRUE),AND(RIGHT(E13,11)="t Authority",E$32="Authorised Third party flag",F$32="N",ISBLANK(F13)=FALSE))),"S15",IF(AND(C13="STSS4",OR(AND(E13="Multiple STS notifications reason",ISBLANK(F13)=TRUE,F12="Y"),AND(E13="Multiple STS notifications comment",ISBLANK(F13)=TRUE,F$20="Y"),AND(E13="Multiple STS notifications reason",ISBLANK(F13)=FALSE,F12="N"),AND(E13="Multiple STS notifications comment",ISBLANK(F13)=FALSE,F$20="N"))),"Trust",IF(OR(AND(RIGHT(G13,7)="ed/N/A}",F13<>"Confirmed",F13<>"Unconfirmed",F13<>"N/A"),AND(G13="{Confirmed/Unconfirmed}",F13<>"Confirmed",F13<>"Unconfirmed")),"lst",IF(AND(RIGHT(G12,7)="ed/N/A}",C13<>"STSS61",C13<>"STSS23",F12<>"N/A",ISBLANK(F13)=TRUE,D13="C"),"CND",IF(AND(F13="Unconfirmed",C13<>"STSS32"),"UCF",IF(AND(C13="STSS21",E13="Subject to severe clawback",F13="Y"),"S21",IF(AND(C13="STSS23",OR(AND(E12="The seller is not the original lender flag",F13="N/A",F12="Y"),AND(E12="The seller is not the original lender flag",F13<>"N/A",F12="N"),AND(E$48="The seller is not the original lender flag",ISBLANK(F13)=TRUE,F$48="Y"))),"S23",IF(AND(C13="STSS32",OR(AND(E13="Payment exemption",F$77="Unconfirmed",OR(F13="N/A",F13="No exemption",ISBLANK(F13)=TRUE)),AND(E13="Payment exemption",ISBLANK(F13)=FALSE,F$77="Confirmed"))),"S32",IF(AND(C13="STSS18",OR(AND(E13="Credit granting criteria compliance confirmation",F13<>"N/A",F12="N"),AND(E13="Credit granting criteria compliance confirmation",OR(ISBLANK(F13)=TRUE,F13="N/A"),F12="Y"))),"S18",IF(AND(C13="STSS19",OR(AND(F13<>"N/A",F$37="N",E13="Credit granting criteria supervision confirmation"),AND(OR(ISBLANK(F13)=TRUE,F13="N/A"),F$37="Y",E13="Credit granting criteria supervision confirmation"))),"S19",IF(AND(C13="STSS29",OR(AND(E13="Residential Loan requirement confirmation",F13<>"N/A",F$29<>"residential mortgages"),AND(E13="Residential Loan requirement confirmation",F13="N/A",F$29="residential mortgages"))),"S29",IF(AND(C13="STSS34",OR(AND(D13="C",E13="Other options used comment",F12="Y",ISBLANK(F13)=TRUE),AND(E13="Other options used comment",F12="N",D13="C",ISBLANK(F13)=FALSE),AND(E13="No compliance with risk retention requirements",F13="Y"),AND(E13="Vertical slice",F13="N",F14="N",F15="N",F16="N",F17="N",F18="N",F19="N"),AND(E13="Seller's share",F13="N",F14="N",F15="N",F16="N",F17="N",F18="N",F$87="N"),AND(E13="Randomly-selected exposures kept on balance sheet",F13="N",F14="N",F15="N",F16="N",F17="N",F$87="N",F$88="N"),AND(E13="First loss tranche",F13="N",F14="N",F15="N",F16="N",F$87="N",F$88="N",F$89="N"),AND(E13="First loss exposure in each asset indicator",F13="N",F14="N",F15="N",F$87="N",F$88="N",F$89="N",F$90="N"),AND(E13="No compliance with risk retention requirements",F13="N",F14="N",F$87="N",F$88="N",F$89="N",F$90="N",F$91="N"),AND(E13="Other option indicator",F13="N",F$87="N",F$88="N",F$89="N",F$90="N",F$91="N",F$92="N"),AND(E13="Retaining entity LEI",ISBLANK(F13)=TRUE,ISBLANK(F14)=TRUE),AND(E13="Retaining entity name",ISBLANK(F13)=TRUE,ISBLANK(F12)=TRUE))),"S34",IF(AND(C13="STSS37",OR(AND(F13="N/A",E13="Common standards underwriting derivatives confirmation",F$97<>"No derivatives"),AND(F13<>"N/A",E13="Common standards underwriting derivatives confirmation",F$97="No derivatives"))),"S37",IF(AND(C13="STSS44",F13="N/A",E13="Credit quality deterioration trigger confirmation",F$113="Confirmed"),"S44",IF(OR(AND(C13="STSS46",F13<>"N/A",E13="Credit quality deterioration trigger confirmation",F$119="N/A"),AND(C13="STSS46",F13="N/A",E13="Credit quality deterioration trigger confirmation",F$119<>"N/A")),"S46",IF(OR(AND(C13="STSS47",F13<>"N/A",E13="Insolvency-related event confirmation",F$119="N/A"),AND(C13="STS47",F13="N/A",E13="Insolvency-related event confirmation",F$119<>"N/A")),"S47",IF(OR(AND(C13="STSS48",F13<>"N/A",E13="Pre-determined threshold value confirmation",F$119="N/A"),AND(C13="STSS48",F13="N/A",E13="Pre-determined threshold value confirmation",F$119<>"N/A")),"S48",IF(OR(AND(C13="STSS49",F13<>"N/A",E13="New underlying exposures failure generation confirmation",F$119="N/A"),AND(C13="STSS49",F13="N/A",E13="New underlying exposures failure generation confirmation",F$119<>"N/A")),"S49",IF(AND(C13="STSS61",OR(AND(OR(F$29="residential mortgages",F$29="auto loans/leases"),F13="Not available",E13="Environmental performance availability"),AND(OR(F$29="residential mortgages",F$29="auto loans/leases"),F13="N/A",E13="Environmental performance availability"),AND(F$29<>"residential mortgages",F$29<>"auto loans/leases",F13<>"N/A",E13="Environmental performance availability"),AND(E13="Environmental performance explanation",F12="Available",ISBLANK(F13)=TRUE))),"S61",1)))))))))))))))))))))))))))) -> 1 | P13: 10000 | Q13: =IF(AND(E13="Last notification date",MONTH(TODAY())>9,DAY(TODAY())>9),YEAR(TODAY())&"-"&MONTH(TODAY())&"-"&DAY(TODAY()),IF(AND(E13="Last notification date",MONTH(TODAY())<9,DAY(TODAY())<10),YEAR(TODAY())&"-0"&MONTH(TODAY())&"-0"&DAY(TODAY()),IF(AND(E13="Last notification date",MONTH(TODAY())>9,DAY(TODAY())<10),YEAR(TODAY())&"-"&MONTH(TODAY())&"-0"&DAY(TODAY()),IF(AND(E13="Last notification date",MONTH(TODAY())<10,DAY(TODAY())>9),YEAR(TODAY())&"-0"&MONTH(TODAY())&"-"&DAY(TODAY()),IF(LEFT(G13,4)="{SEC","SEC ID",IF(LEFT(G13,4)="{DAT","DATE",IF(LEFT(G13,4)="{TEX",Val!B$21,IF(LEFT(G13,4)="{ALP",Val!B$20,IF(LEFT(G13,4)="{COU",Val!B$20,IF(OR(LEFT(G13,4)="{ISI",LEFT(G13,4)="{LEI"),Val!B$17,IF(OR(LEFT(G13,4)="{CA_",LEFT(G13,4)="{Mas",LEFT(G13,4)="{Y/N",LEFT(G13,4)="{No ",LEFT(G13,4)="{N/A",LEFT(G13,4)="{Con",LEFT(G13,4)="{LIS"),"LIST",""))))))))))) -> !"#$%&'()*+,-./0123456789:;<=>?@ABCDEFGHIJKLMNOPQRSTUVWXYZ[\]^_`abcdefghijklmnopqrstuvwxyz{|} | R13: =LEN(F13) -> 0 | S13: =IF(ISERROR(DATEVALUE(F13))=TRUE,"",DATEVALUE(F13)) | T13: =IF(AND(D13="M",ISBLANK(F13)=TRUE),"EMPTY",IF(AND(D13<>"M",ISBLANK(F13)=TRUE),"BLANK","UNK")) -> BLANK | U13: {=IF(AND(E13="Payment exemption explanation",ISBLANK(F13)=FALSE,F$77="Confirmed"),"FORMAT",IF(AND(E13="Historical Default and Loss Performance Data location",F$3="Public",ISBLANK(F13)=TRUE),"FORMAT",IF(AND(E12="Subject to severe clawback",F12="Y",ISBLANK(F13)=TRUE),"FORMAT",IF(AND(E12="Subject to severe clawback",F12="N",ISBLANK(F13)=FALSE),"FORMAT",IF(AND(OR(E13="Credit granting criteria supervision comment",E13="Credit granting criteria compliance comment"),ISBLANK(F13)=FALSE,OR(AND(F$34="N",E408="Originator (or original lender) is not a Credit institution"),AND(F$37="N",E$37="Originator (or original lender) is not a Credit institution"))),"FORMAT_S17",IF(AND(C13="STSS60",E13="Location of Liability cash flow model",ISBLANK(F13)=TRUE,F$3="Public"),"FORMAT_S60",IF(AND(C13="STSS58",E13="Historical Default and Loss Performance Data location",ISBLANK(F13)=TRUE,F$3="Public"),"FORMAT_S37",IF(AND(E13="Sponsor LEI",ISBLANK(F13)=TRUE,ISBLANK(F$8)=TRUE),"FORMAT_LEI",IF(AND(E13="Originator LEI",ISBLANK(F13)=TRUE,ISBLANK(F$11)=TRUE),"FORMAT_LEI",IF(OR(T13="EMPTY",P13+1<LEN(F13),AND(G12="{Confirmed/Unconfirmed/N/A}",S13="N/A",F12="N/A",F13<>"")),"FORMAT",IF(OR(AND(E13="Non-ABCP securitisation unique identifier",MID(F13,21,1)<>"N"),AND(E13="ABCP transaction unique identifier",MID(F13,21,1)<>"T"),AND(E13="ABCP programme unique identifier",MID(F13,21,1)<>"P")),"FORMAT_SEC_ID",IF(AND(E13="Underlying exposures classification",F13<>"residential mortgages",F13<>"commercial mortgages",F13<>"credit facilities provided to individuals for personal, family or household consumption purposes",F13<>"credit facilities, including loans and leases, provided to any type of enterprise or corporation",F13<>"auto loans/leases",F13<>"credit-card receivables",F13<>"trade receivables",F13<>"others"),"FORMAT_LIST",IF(AND(E13="Instrument code",LEN(F13)-LEN(SUBSTITUTE(F13,";",""))<>LEN(F12)-LEN(SUBSTITUTE(F12,";",""))),"FORMAT_;",IF(AND(E13="Sponsor country (if multiple countries)",LEN(F13)-LEN(SUBSTITUTE(F13,";",""))<>LEN(F$11)-LEN(SUBSTITUTE(F$11,";",""))),"FORMAT_;",IF(AND(E13="Sponsor country (if multiple countries)",ISBLANK(F13)=FALSE,LEN(F13)-LEN(SUBSTITUTE(F13,";",""))=0),"FORMAT_;",IF(AND(E13="Sponsor country (if multiple countries)",ISBLANK(F13)=TRUE,LEN(F$11)-LEN(SUBSTITUTE(F$11,";",""))<>0),"FORMAT_;",IF(AND(E13="Originator country (if multiple countries)",LEN(F13)-LEN(SUBSTITUTE(F13,";",""))<>0,ISBLANK(F13)=FALSE,LEN(F13)-LEN(SUBSTITUTE(F13,";",""))<>LEN(F$8)-LEN(SUBSTITUTE(F$8,";",""))),"FORMAT_;",IF(AND(E13="Originator country (if multiple countries)",ISBLANK(F13)=FALSE,LEN(F13)-LEN(SUBSTITUTE(F13,";",""))=0),"FORMAT_;",IF(AND(E13="Originator country (if multiple countries)",ISBLANK(F13)=TRUE,LEN(F$8)-LEN(SUBSTITUTE(F$8,";",""))<>0),"FORMAT_;",IF(AND(E13="Original lender country (if multiple countries)",ISBLANK(F13)=FALSE,LEN(F13)-LEN(SUBSTITUTE(F13,";",""))<>0,LEN(F13)-LEN(SUBSTITUTE(F13,";",""))<>LEN(F$14)-LEN(SUBSTITUTE(F$14,";",""))),"FORMAT_;",IF(AND(E13="Original lender country (if multiple countries)",ISBLANK(F13)=TRUE,LEN(F$14)-LEN(SUBSTITUTE(F$14,";",""))<>0),"FORMAT_;",IF(AND(E13="Original lender country (if multiple countries)",ISBLANK(F13)=FALSE,LEN(F13)-LEN(SUBSTITUTE(F13,";",""))=0),"FORMAT_;",IF(OR(AND(E13="Designated Entity LEI",LEN(F13)<>20),AND(G13="{LEI}",LEN(F13)<>0,LEN(F13)<20),AND(G13="{ISIN}",LEN(F13)<>0,LEN(F13)<12),AND(LEN(F13)<>20,E13="Retaining entity LEI",ISBLANK(F13)=FALSE),AND(E13="Instrument ISIN",ISBLANK(F13)=FALSE,LEN(F13)>0,LEN(F13)<11),AND(D13="M",LEFT(G13,4)="{DAT",LEN(F13)<>10)),"FORMAT_LEN",IF(OR(AND(F13<>"",LEFT(G13,4)<>"{TEX",ISNUMBER(SUMPRODUCT(FIND(MID(F13,ROW(INDIRECT("1:"&LEN(F13))),1),W13)))=FALSE),AND(F13<>"",LEFT(G13,4)<>"{TEX",ISERROR(SUMPRODUCT(SEARCH(MID(F13,ROW(INDIRECT("1:"&LEN(TRIM(F13)))),1)," "&W13&CHAR(10)&"""")))=TRUE)),"FORMAT_CHAR",IF(LEFT(G13,4)="{TEX","TEXT","UNK")))))))))))))))))))))))))} -> UNK | V13: {=IF(OR(LEN(F13)>P13+1),FALSE,IF(LEFT(G13,5)="{TEXT",TRUE,IF(AND(ISBLANK(F13)=FALSE,G13="{DATE_TEXT-YYYY-MM-DD}",LEN(F13)<>10),FALSE,IF(AND(ISBLANK(F13)=FALSE,ISNUMBER(SUMPRODUCT(SEARCH(MID(F13,ROW(INDIRECT("1:"&LEN(TRIM(F13)))),1)," "&W13&CHAR(10)&"""")))=FALSE),FALSE,TRUE))))} -> TRUE | W13: =IF(G13="{Applicable/N/A}","N/Aplicable",IF(E13="Designated Entity LEI","ABCDEFGHIJKLMNOPQRSTUVWXYZ0123456789",IF(OR(G13="{ISIN}",G13="{LEI}"),";ABCDEFGHIJKLMNOPQRSTUVWXYZ0123456789",IF(G13="{Master Trust/Other}","Master TuOhe",IF(E13="Securitisation type","Privateublc",IF(LEFT(G13,4)="{CA_",Val!B$21,IF(G13="{COUNTRY_EU_LIST}"," ;abcdefghijklmnopqrstuvwxyzABCDEFGHIJKLMNOPQRSTUVWXYZ0123456789",IF(OR(G13="{NOTIFICATION ID}",G13="{SECURITISATION ID}"),Val!B$15,IF(G13="{COUNTRY_EU}"," ;abcdefghijklmnopqrstuvwxyzABCDEFGHIJKLMNOPQRSTUVWXYZ",IF(G13="{Confirmed/Unconfirmed}","ConfirmedUnc",IF(G13="{Confirmed/Unconfirmed/N/A}","Confirmed/UncNA",IF(LEFT(G13,4)="{DAT","0123456789-",IF(LEFT(G13,4)="{Y/N","YN",IF(OR(LEFT(G13,4)="{N/A",LEFT(G13,4)="{LIS",LEFT(G13,4)="{No ",LEFT(G13,4)="{SEC",LEFT(G13,4)="{Mas"),Val!B$20,IF(LEFT(G13,4)="{TEX",Val!B$21,IF(LEFT(G13,4)="{ALP",Val!B$20,IF(LEFT(G13,4)="{COU",Val!B$20))))))))))))))))) -> ;abcdefghijklmnopqrstuvwxyzABCDEFGHIJKLMNOPQRSTUVWXYZ0123456789 | AC13: Finland - Finanssivalvonta (FIN-FSA) | AG13: FRANCE
A14: NPU12 | B14: N10 | C14: STSS2 | D14: O | E14: Original Lender LEI | G14: {LEI} | H14: The LEI of the original lender(s) (where available) | I14: Original lender LEI should be reported in Box to complete where available. Where reported, this LEI should exist at the GLEIF database. Where multiple LEI are reported, ";" separator should be used without any space Field codes are highlighted in amber where the field has errors in format. | J14: Legal Entity Identifier (LEI) | K14: The LEI of the originator(s) and sponsor(s) and, where available, original lender(s). | L14: N/A | M14: General Information | N14: Item 4.2 of Annex 9 of Commission Delegated Regulation (EU) 2019/980 | O14: =IF(LEFT(U14,6)="FORMAT","FMT",IF(AND(E14="Designated Entity LEI",ISBLANK(F14)=FALSE,ISNUMBER(SEARCH(F14,F$8))=FALSE,ISNUMBER(SEARCH(F14,F$11))=FALSE),"DE",IF(AND(C14="STSS1",OR(AND(E14="Instrument ISIN",ISBLANK(F14)=TRUE,ISBLANK(F15)=TRUE,ISBLANK(F16)=TRUE),AND(E14="Instrument code",ISBLANK(F14)=TRUE,ISBLANK(F13)=TRUE,ISBLANK(F$5)=TRUE),AND(E14="Instrument code type",ISBLANK(F14)=TRUE,ISBLANK(F15)=TRUE,ISBLANK(F13)=TRUE),AND(E14="Instrument code",ISBLANK(F14)=TRUE,ISBLANK(F13)=FALSE),AND(E14="Instrument code type",ISBLANK(F14)=FALSE,ISBLANK(F15)=TRUE))),"S1",IF(AND(C14="STSS8",OR(AND(OR(E14="Sponsor country",E14="Originator country",E14="SSPE country",E14="Original Lender country"),ISBLANK(F15)=FALSE,ISBLANK(F14)=FALSE),AND(RIGHT(E14,23)="(if multiple countries)",ISBLANK(F13)=FALSE,ISBLANK(F14)=FALSE),AND(OR(E14="Sponsor country",E14="Originator country",E14="Original Lender country"),ISBLANK(F15)=TRUE,ISBLANK(F14)=TRUE,ISBLANK(F13)=FALSE))),"S8",IF(AND(C14="STSS5",OR(AND(E14="Exemption on Prospectus",ISBLANK(F14)=TRUE,ISBLANK(F13)=TRUE,ISBLANK(F$23)=TRUE,F$3="Public"),AND(E14="Prospectus Country",ISBLANK(F14)=TRUE,ISBLANK(F15)=TRUE,ISBLANK(F16)=TRUE,F$3="Public"),AND(E14="Prospectus identifier ",ISBLANK(F14)=TRUE,ISBLANK(F15)=TRUE,ISBLANK(F13)=TRUE,F$3="Public"),AND(E14="Exemption on Prospectus",ISBLANK(F14)=FALSE,ISBLANK(F13)=FALSE,ISBLANK(F$23)=FALSE),AND(E14="Prospectus Country",ISBLANK(F14)=FALSE,ISBLANK(F15)=FALSE,ISBLANK(F16)=FALSE),AND(E14="Prospectus identifier ",ISBLANK(F14)=FALSE,ISBLANK(F13)=FALSE,ISBLANK(F13)=FALSE),AND(E14="Prospectus Country",ISBLANK(F14)=FALSE,ISBLANK(F15)=TRUE),AND(E14="Prospectus identifier",ISBLANK(F14)=FALSE,ISBLANK(F13)=TRUE),AND(E14="Prospectus Country",ISBLANK(F14)=TRUE,ISBLANK(F15)=FALSE),AND(E14="Prospectus identifier",ISBLANK(F14)=TRUE,ISBLANK(F13)=FALSE),AND(E14="Prospectus identifier",ISBLANK(F14)=FALSE,ISBLANK(F15)=FALSE,F$3="Public"),AND(E14="Prospectus Country",ISBLANK(F14)=FALSE,ISBLANK(F16)=FALSE,F$3="Public"))),"S5",IF(AND(C14="STSS6",E14="Securitisation Repository name",ISBLANK(F14)=TRUE,F$3="Public"),"S6",IF(AND(C14="STSS12",OR(AND(S14<>"",S14>TODAY()+1))),"S12",IF(AND(C14="STSS13",OR(AND(F$32="N",E$32="Authorised Third party flag",E14<>"Authorised Third party flag",ISBLANK(F14)=FALSE),AND(F$32="Y",E$32="Authorised Third party flag",E14<>"Authorised Third party flag",ISBLANK(F14)=TRUE))),"S13",IF(AND(C14="STSS14",OR(AND(E$32="Authorised Third party flag",E14<>"Authorised Third party flag",F$32="N",ISBLANK(F14)=FALSE),AND(E$32="Authorised Third party flag",E14<>"Authorised Third party flag",F$32="Y",ISBLANK(F14)=TRUE),AND(E$32="Authorised Third party flag",E14<>"Authorised Third party flag",F$32="N",ISBLANK(F14)=FALSE),AND(E$32="Authorised Third party flag",E14<>"Authorised Third party flag",F$32="Y",ISBLANK(F14)=TRUE))),"S14",IF(AND(C14="STSS15",OR(AND(E$32="Authorised Third party flag",F$32="N",E14<>"Authorised Third party flag",ISBLANK(F14)=FALSE),AND(E14<>"Authorised Third party flag",E$32="Authorised Third party flag",F$32="Y",ISBLANK(F14)=TRUE),AND(RIGHT(E14,11)="t Authority",E$32="Authorised Third party flag",F$32="N",ISBLANK(F14)=FALSE))),"S15",IF(AND(C14="STSS4",OR(AND(E14="Multiple STS notifications reason",ISBLANK(F14)=TRUE,F13="Y"),AND(E14="Multiple STS notifications comment",ISBLANK(F14)=TRUE,F$20="Y"),AND(E14="Multiple STS notifications reason",ISBLANK(F14)=FALSE,F13="N"),AND(E14="Multiple STS notifications comment",ISBLANK(F14)=FALSE,F$20="N"))),"Trust",IF(OR(AND(RIGHT(G14,7)="ed/N/A}",F14<>"Confirmed",F14<>"Unconfirmed",F14<>"N/A"),AND(G14="{Confirmed/Unconfirmed}",F14<>"Confirmed",F14<>"Unconfirmed")),"lst",IF(AND(RIGHT(G13,7)="ed/N/A}",C14<>"STSS61",C14<>"STSS23",F13<>"N/A",ISBLANK(F14)=TRUE,D14="C"),"CND",IF(AND(F14="Unconfirmed",C14<>"STSS32"),"UCF",IF(AND(C14="STSS21",E14="Subject to severe clawback",F14="Y"),"S21",IF(AND(C14="STSS23",OR(AND(E13="The seller is not the original lender flag",F14="N/A",F13="Y"),AND(E13="The seller is not the original lender flag",F14<>"N/A",F13="N"),AND(E$48="The seller is not the original lender flag",ISBLANK(F14)=TRUE,F$48="Y"))),"S23",IF(AND(C14="STSS32",OR(AND(E14="Payment exemption",F$77="Unconfirmed",OR(F14="N/A",F14="No exemption",ISBLANK(F14)=TRUE)),AND(E14="Payment exemption",ISBLANK(F14)=FALSE,F$77="Confirmed"))),"S32",IF(AND(C14="STSS18",OR(AND(E14="Credit granting criteria compliance confirmation",F14<>"N/A",F13="N"),AND(E14="Credit granting criteria compliance confirmation",OR(ISBLANK(F14)=TRUE,F14="N/A"),F13="Y"))),"S18",IF(AND(C14="STSS19",OR(AND(F14<>"N/A",F$37="N",E14="Credit granting criteria supervision confirmation"),AND(OR(ISBLANK(F14)=TRUE,F14="N/A"),F$37="Y",E14="Credit granting criteria supervision confirmation"))),"S19",IF(AND(C14="STSS29",OR(AND(E14="Residential Loan requirement confirmation",F14<>"N/A",F$29<>"residential mortgages"),AND(E14="Residential Loan requirement confirmation",F14="N/A",F$29="residential mortgages"))),"S29",IF(AND(C14="STSS34",OR(AND(D14="C",E14="Other options used comment",F13="Y",ISBLANK(F14)=TRUE),AND(E14="Other options used comment",F13="N",D14="C",ISBLANK(F14)=FALSE),AND(E14="No compliance with risk retention requirements",F14="Y"),AND(E14="Vertical slice",F14="N",F15="N",F16="N",F17="N",F18="N",F19="N",F20="N"),AND(E14="Seller's share",F14="N",F15="N",F16="N",F17="N",F18="N",F19="N",F$87="N"),AND(E14="Randomly-selected exposures kept on balance sheet",F14="N",F15="N",F16="N",F17="N",F18="N",F$87="N",F$88="N"),AND(E14="First loss tranche",F14="N",F15="N",F16="N",F17="N",F$87="N",F$88="N",F$89="N"),AND(E14="First loss exposure in each asset indicator",F14="N",F15="N",F16="N",F$87="N",F$88="N",F$89="N",F$90="N"),AND(E14="No compliance with risk retention requirements",F14="N",F15="N",F$87="N",F$88="N",F$89="N",F$90="N",F$91="N"),AND(E14="Other option indicator",F14="N",F$87="N",F$88="N",F$89="N",F$90="N",F$91="N",F$92="N"),AND(E14="Retaining entity LEI",ISBLANK(F14)=TRUE,ISBLANK(F15)=TRUE),AND(E14="Retaining entity name",ISBLANK(F14)=TRUE,ISBLANK(F13)=TRUE))),"S34",IF(AND(C14="STSS37",OR(AND(F14="N/A",E14="Common standards underwriting derivatives confirmation",F$97<>"No derivatives"),AND(F14<>"N/A",E14="Common standards underwriting derivatives confirmation",F$97="No derivatives"))),"S37",IF(AND(C14="STSS44",F14="N/A",E14="Credit quality deterioration trigger confirmation",F$113="Confirmed"),"S44",IF(OR(AND(C14="STSS46",F14<>"N/A",E14="Credit quality deterioration trigger confirmation",F$119="N/A"),AND(C14="STSS46",F14="N/A",E14="Credit quality deterioration trigger confirmation",F$119<>"N/A")),"S46",IF(OR(AND(C14="STSS47",F14<>"N/A",E14="Insolvency-related event confirmation",F$119="N/A"),AND(C14="STS47",F14="N/A",E14="Insolvency-related event confirmation",F$119<>"N/A")),"S47",IF(OR(AND(C14="STSS48",F14<>"N/A",E14="Pre-determined threshold value confirmation",F$119="N/A"),AND(C14="STSS48",F14="N/A",E14="Pre-determined threshold value confirmation",F$119<>"N/A")),"S48",IF(OR(AND(C14="STSS49",F14<>"N/A",E14="New underlying exposures failure generation confirmation",F$119="N/A"),AND(C14="STSS49",F14="N/A",E14="New underlying exposures failure generation confirmation",F$119<>"N/A")),"S49",IF(AND(C14="STSS61",OR(AND(OR(F$29="residential mortgages",F$29="auto loans/leases"),F14="Not available",E14="Environmental performance availability"),AND(OR(F$29="residential mortgages",F$29="auto loans/leases"),F14="N/A",E14="Environmental performance availability"),AND(F$29<>"residential mortgages",F$29<>"auto loans/leases",F14<>"N/A",E14="Environmental performance availability"),AND(E14="Environmental performance explanation",F13="Available",ISBLANK(F14)=TRUE))),"S61",1)))))))))))))))))))))))))))) -> 1 | P14: 10000 | Q14: =IF(AND(E14="Last notification date",MONTH(TODAY())>9,DAY(TODAY())>9),YEAR(TODAY())&"-"&MONTH(TODAY())&"-"&DAY(TODAY()),IF(AND(E14="Last notification date",MONTH(TODAY())<9,DAY(TODAY())<10),YEAR(TODAY())&"-0"&MONTH(TODAY())&"-0"&DAY(TODAY()),IF(AND(E14="Last notification date",MONTH(TODAY())>9,DAY(TODAY())<10),YEAR(TODAY())&"-"&MONTH(TODAY())&"-0"&DAY(TODAY()),IF(AND(E14="Last notification date",MONTH(TODAY())<10,DAY(TODAY())>9),YEAR(TODAY())&"-0"&MONTH(TODAY())&"-"&DAY(TODAY()),IF(LEFT(G14,4)="{SEC","SEC ID",IF(LEFT(G14,4)="{DAT","DATE",IF(LEFT(G14,4)="{TEX",Val!B$21,IF(LEFT(G14,4)="{ALP",Val!B$20,IF(LEFT(G14,4)="{COU",Val!B$20,IF(OR(LEFT(G14,4)="{ISI",LEFT(G14,4)="{LEI"),Val!B$17,IF(OR(LEFT(G14,4)="{CA_",LEFT(G14,4)="{Mas",LEFT(G14,4)="{Y/N",LEFT(G14,4)="{No ",LEFT(G14,4)="{N/A",LEFT(G14,4)="{Con",LEFT(G14,4)="{LIS"),"LIST",""))))))))))) -> ;ABCDEFGHIJKLMNOPQRSTUVWXYZ0123456789 | R14: =LEN(F14) -> 0 | S14: =IF(ISERROR(DATEVALUE(F14))=TRUE,"",DATEVALUE(F14)) | T14: =IF(AND(D14="M",ISBLANK(F14)=TRUE),"EMPTY",IF(AND(D14<>"M",ISBLANK(F14)=TRUE),"BLANK","UNK")) -> BLANK | U14: {=IF(AND(E14="Payment exemption explanation",ISBLANK(F14)=FALSE,F$77="Confirmed"),"FORMAT",IF(AND(E14="Historical Default and Loss Performance Data location",F$3="Public",ISBLANK(F14)=TRUE),"FORMAT",IF(AND(E13="Subject to severe clawback",F13="Y",ISBLANK(F14)=TRUE),"FORMAT",IF(AND(E13="Subject to severe clawback",F13="N",ISBLANK(F14)=FALSE),"FORMAT",IF(AND(OR(E14="Credit granting criteria supervision comment",E14="Credit granting criteria compliance comment"),ISBLANK(F14)=FALSE,OR(AND(F$34="N",E409="Originator (or original lender) is not a Credit institution"),AND(F$37="N",E$37="Originator (or original lender) is not a Credit institution"))),"FORMAT_S17",IF(AND(C14="STSS60",E14="Location of Liability cash flow model",ISBLANK(F14)=TRUE,F$3="Public"),"FORMAT_S60",IF(AND(C14="STSS58",E14="Historical Default and Loss Performance Data location",ISBLANK(F14)=TRUE,F$3="Public"),"FORMAT_S37",IF(AND(E14="Sponsor LEI",ISBLANK(F14)=TRUE,ISBLANK(F$8)=TRUE),"FORMAT_LEI",IF(AND(E14="Originator LEI",ISBLANK(F14)=TRUE,ISBLANK(F$11)=TRUE),"FORMAT_LEI",IF(OR(T14="EMPTY",P14+1<LEN(F14),AND(G13="{Confirmed/Unconfirmed/N/A}",S14="N/A",F13="N/A",F14<>"")),"FORMAT",IF(OR(AND(E14="Non-ABCP securitisation unique identifier",MID(F14,21,1)<>"N"),AND(E14="ABCP transaction unique identifier",MID(F14,21,1)<>"T"),AND(E14="ABCP programme unique identifier",MID(F14,21,1)<>"P")),"FORMAT_SEC_ID",IF(AND(E14="Underlying exposures classification",F14<>"residential mortgages",F14<>"commercial mortgages",F14<>"credit facilities provided to individuals for personal, family or household consumption purposes",F14<>"credit facilities, including loans and leases, provided to any type of enterprise or corporation",F14<>"auto loans/leases",F14<>"credit-card receivables",F14<>"trade receivables",F14<>"others"),"FORMAT_LIST",IF(AND(E14="Instrument code",LEN(F14)-LEN(SUBSTITUTE(F14,";",""))<>LEN(F13)-LEN(SUBSTITUTE(F13,";",""))),"FORMAT_;",IF(AND(E14="Sponsor country (if multiple countries)",LEN(F14)-LEN(SUBSTITUTE(F14,";",""))<>LEN(F$11)-LEN(SUBSTITUTE(F$11,";",""))),"FORMAT_;",IF(AND(E14="Sponsor country (if multiple countries)",ISBLANK(F14)=FALSE,LEN(F14)-LEN(SUBSTITUTE(F14,";",""))=0),"FORMAT_;",IF(AND(E14="Sponsor country (if multiple countries)",ISBLANK(F14)=TRUE,LEN(F$11)-LEN(SUBSTITUTE(F$11,";",""))<>0),"FORMAT_;",IF(AND(E14="Originator country (if multiple countries)",LEN(F14)-LEN(SUBSTITUTE(F14,";",""))<>0,ISBLANK(F14)=FALSE,LEN(F14)-LEN(SUBSTITUTE(F14,";",""))<>LEN(F$8)-LEN(SUBSTITUTE(F$8,";",""))),"FORMAT_;",IF(AND(E14="Originator country (if multiple countries)",ISBLANK(F14)=FALSE,LEN(F14)-LEN(SUBSTITUTE(F14,";",""))=0),"FORMAT_;",IF(AND(E14="Originator country (if multiple countries)",ISBLANK(F14)=TRUE,LEN(F$8)-LEN(SUBSTITUTE(F$8,";",""))<>0),"FORMAT_;",IF(AND(E14="Original lender country (if multiple countries)",ISBLANK(F14)=FALSE,LEN(F14)-LEN(SUBSTITUTE(F14,";",""))<>0,LEN(F14)-LEN(SUBSTITUTE(F14,";",""))<>LEN(F$14)-LEN(SUBSTITUTE(F$14,";",""))),"FORMAT_;",IF(AND(E14="Original lender country (if multiple countries)",ISBLANK(F14)=TRUE,LEN(F$14)-LEN(SUBSTITUTE(F$14,";",""))<>0),"FORMAT_;",IF(AND(E14="Original lender country (if multiple countries)",ISBLANK(F14)=FALSE,LEN(F14)-LEN(SUBSTITUTE(F14,";",""))=0),"FORMAT_;",IF(OR(AND(E14="Designated Entity LEI",LEN(F14)<>20),AND(G14="{LEI}",LEN(F14)<>0,LEN(F14)<20),AND(G14="{ISIN}",LEN(F14)<>0,LEN(F14)<12),AND(LEN(F14)<>20,E14="Retaining entity LEI",ISBLANK(F14)=FALSE),AND(E14="Instrument ISIN",ISBLANK(F14)=FALSE,LEN(F14)>0,LEN(F14)<11),AND(D14="M",LEFT(G14,4)="{DAT",LEN(F14)<>10)),"FORMAT_LEN",IF(OR(AND(F14<>"",LEFT(G14,4)<>"{TEX",ISNUMBER(SUMPRODUCT(FIND(MID(F14,ROW(INDIRECT("1:"&LEN(F14))),1),W14)))=FALSE),AND(F14<>"",LEFT(G14,4)<>"{TEX",ISERROR(SUMPRODUCT(SEARCH(MID(F14,ROW(INDIRECT("1:"&LEN(TRIM(F14)))),1)," "&W14&CHAR(10)&"""")))=TRUE)),"FORMAT_CHAR",IF(LEFT(G14,4)="{TEX","TEXT","UNK")))))))))))))))))))))))))} -> UNK | V14: {=IF(OR(LEN(F14)>P14+1),FALSE,IF(LEFT(G14,5)="{TEXT",TRUE,IF(AND(ISBLANK(F14)=FALSE,G14="{DATE_TEXT-YYYY-MM-DD}",LEN(F14)<>10),FALSE,IF(AND(ISBLANK(F14)=FALSE,ISNUMBER(SUMPRODUCT(SEARCH(MID(F14,ROW(INDIRECT("1:"&LEN(TRIM(F14)))),1)," "&W14&CHAR(10)&"""")))=FALSE),FALSE,TRUE))))} -> TRUE | W14: =IF(G14="{Applicable/N/A}","N/Aplicable",IF(E14="Designated Entity LEI","ABCDEFGHIJKLMNOPQRSTUVWXYZ0123456789",IF(OR(G14="{ISIN}",G14="{LEI}"),";ABCDEFGHIJKLMNOPQRSTUVWXYZ0123456789",IF(G14="{Master Trust/Other}","Master TuOhe",IF(E14="Securitisation type","Privateublc",IF(LEFT(G14,4)="{CA_",Val!B$21,IF(G14="{COUNTRY_EU_LIST}"," ;abcdefghijklmnopqrstuvwxyzABCDEFGHIJKLMNOPQRSTUVWXYZ0123456789",IF(OR(G14="{NOTIFICATION ID}",G14="{SECURITISATION ID}"),Val!B$15,IF(G14="{COUNTRY_EU}"," ;abcdefghijklmnopqrstuvwxyzABCDEFGHIJKLMNOPQRSTUVWXYZ",IF(G14="{Confirmed/Unconfirmed}","ConfirmedUnc",IF(G14="{Confirmed/Unconfirmed/N/A}","Confirmed/UncNA",IF(LEFT(G14,4)="{DAT","0123456789-",IF(LEFT(G14,4)="{Y/N","YN",IF(OR(LEFT(G14,4)="{N/A",LEFT(G14,4)="{LIS",LEFT(G14,4)="{No ",LEFT(G14,4)="{SEC",LEFT(G14,4)="{Mas"),Val!B$20,IF(LEFT(G14,4)="{TEX",Val!B$21,IF(LEFT(G14,4)="{ALP",Val!B$20,IF(LEFT(G14,4)="{COU",Val!B$20))))))))))))))))) -> ;ABCDEFGHIJKLMNOPQRSTUVWXYZ0123456789 | AC14: France - Autorité des Marchés Financiers (AMF) | AG14: GREECE
